Workbook
Name A材料: '01'!$D$14:$K$14
Name A公司: '01'!$D$8:$K$8
Name 办公费: '01'!$D$63:$K$63
Name 本年利润: 会计科目表!$D$48:$K$48
Name 本年利润: '01'!$C$48:$K$48
Name 材料采购: 会计科目表!$D$13:$K$13
Name 材料采购: '01'!$C$13:$K$13
Name 材料成本差异: 会计科目表!$D$15:$K$15
Name 材料成本差异: '01'!$C$15:$K$15
Name 财务费用: 会计科目表!$D$64:$K$64
Name 财务费用: '01'!$C$64:$K$64
Name 持有待售负债: 会计科目表!$D$41:$K$41
Name 持有待售负债: '01'!$C$41:$K$41
Name 持有待售资产: 会计科目表!$D$19:$K$19
Name 持有待售资产: '01'!$C$19:$K$19
Name 待处理财产损溢: 会计科目表!$D$32:$K$32
Name 待处理财产损溢: '01'!$C$32:$K$32
Name 递延所得税负债: 会计科目表!$D$44:$K$44
Name 递延所得税负债: '01'!$C$44:$K$44
Name 递延所得税资产: 会计科目表!$D$31:$K$31
Name 递延所得税资产: '01'!$C$31:$K$31
Name 短期借款: 会计科目表!$D$33:$K$33
Name 短期借款: '01'!$C$33:$K$33
Name 发出商品: 会计科目表!$D$17:$K$17
Name 发出商品: '01'!$C$17:$K$17
Name 工资: '01'!$D$37:$K$37
Name 固定资产: 会计科目表!$D$25:$K$25
Name 固定资产: '01'!$C$25:$K$25
Name 固定资产清理: 会计科目表!$D$27:$K$27
Name 固定资产清理: '01'!$C$27:$K$27
Name 管理费用: 会计科目表!$D$63:$K$63
Name 管理费用: '01'!$C$63:$K$63
Name 坏账准备: 会计科目表!$D$12:$K$12
Name 坏账准备: '01'!$C$12:$K$12
Name 甲产品: '01'!$D$59:$K$59
Name 交通银行: '01'!$D$4:$K$4
Name 交易性金融资产: 会计科目表!$D$6:$K$6
Name 交易性金融资产: '01'!$C$6:$K$6
Name 库存商品: 会计科目表!$D$16:$K$16
Name 库存商品: '01'!$C$16:$K$16
Name 库存现金: 会计科目表!$D$3:$K$3
Name 库存现金: '01'!$C$3:$K$3
Name 累计摊销: 会计科目表!$D$29:$K$29
Name 累计摊销: '01'!$C$29:$K$29
Name 累计折旧: 会计科目表!$D$26:$K$26
Name 累计折旧: '01'!$C$26:$K$26
Name 利润分配: 会计科目表!$D$49:$K$49
Name 利润分配: '01'!$C$49:$K$49
Name 明细1: '01'!$D$2:$K$2
Name 其他货币资金: 会计科目表!$D$5:$K$5
Name 其他货币资金: '01'!$C$5:$K$5
Name 其他权益工具: 会计科目表!$D$51:$K$51
Name 其他权益工具: '01'!$C$51:$K$51
Name 其他权益工具投资: 会计科目表!$D$24:$K$24
Name 其他权益工具投资: '01'!$C$24:$K$24
Name 其他业务成本: 会计科目表!$D$60:$K$60
Name 其他业务成本: '01'!$C$60:$K$60
Name 其他业务收入: 会计科目表!$D$56:$K$56
Name 其他业务收入: '01'!$C$56:$K$56
Name 其他应付款: 会计科目表!$D$40:$K$40

Sheet 会计凭证封面
B2: 记账凭证
B4: 单位名称
B5: 凭证类别 | C5: □ | D5: 收款凭证 | E5: □ | F5: 付款凭证 | G5: □ | H5: 转账凭证 | I5: □ | J5: 通用凭证
B6: 凭证起止时间 | C6: 自 | D6: 年 | E6: 月 | F6: 日 | G6: 至 | H6: 年 | I6: 月 | J6: 日
B7: 凭证册数 | C7: 本月是 | E7: 册 | G7: 本册是 | I7: 册
B8: 凭证号数 | C8: 本册自第 | E8: 号至第 | G8: 号 | H8: 本册共有 | J8: 号
B9: 财务主管 | G9: 经办会计
B10: 保管年限 | G10: 装订人

Sheet 01
A1: 会计科目表
A2: 科目编码 | B2: 总账科目 | C2: 明细1 | D2: 明细2 | E2: 明细3 | F2: 明细4 | G2: 明细4 | H2: 明细6 | I2: 明细7 | J2: 明细8
A3: 1001 | B3: 库存现金
A4: 1002 | B4: 银行存款 | C4: 交通银行 | D4: 建设银行
A5: 1015 | B5: 其他货币资金 | C5: 银行本票
A6: 1101 | B6: 交易性金融资产
A7: 1121 | B7: 应收票据
A8: 1122 | B8: 应收账款 | C8: A公司 | D8: B公司
A9: 1123 | B9: 预付账款
A10: 1131 | B10: 应收股利
A11: 1231 | B11: 其他应收款
A12: 1241 | B12: 坏账准备
A13: 1401 | B13: 材料采购
A14: 1403 | B14: 原材料 | C14: A材料 | D14: B材料
A15: 1404 | B15: 材料成本差异
A16: 1406 | B16: 库存商品 | C16: 甲产品 | D16: 乙产品
A17: 1407 | B17: 发出商品
A18: 1411 | B18: 周转材料 | C18: 纸箱 | D18: 尼龙绳
A19: 1481 | B19: 持有待售资产
A20: 1505 | B20: 债权投资
A21: 1506 | B21: 债权投资减值准备
A22: 1507 | B22: 其他债权投资
A23: 1511 | B23: 长期股权投资
A24: 1528 | B24: 其他权益工具投资
A25: 1601 | B25: 固定资产
A26: 1602 | B26: 累计折旧
A27: 1606 | B27: 固定资产清理
A28: 1701 | B28: 无形资产
A29: 1702 | B29: 累计摊销
A30: 1801 | B30: 长期待摊费用
... A34: 2201 | B34: 应付票据
A35: 2202 | B35: 应付账款 | C35: 企业一 | D35: 企业二
A36: 2205 | B36: 预收账款
A37: 2211 | B37: 应付职工薪酬 | C37: 工资 | D37: 应付福利费 | E37: 社会保险 | F37: 公积金 | G37: 教育经费 | H37: 工会经费
A38: 2221 | B38: 应交税费 | C38: 应交增值税（进项税额） | D38: 应交增值税（销项税额） | E38: 应交增值税（转出增值税） | F38: 未交增值税 | G38: 应交城市维护建设税 | H38: 应交教育费附加 | I38: 应交地方教育费附加 | J38: 应交个人所得税
A39: 2232 | B39: 应付利息
A40: 2241 | B40: 其他应付款
A41: 2245 | B41: 持有待售负债
A42: 2601 | B42: 长期借款
A43: 2602 | B43: 应付债券
A44: 2901 | B44: 递延所得税负债
A45: 4001 | B45: 实收资本
A46: 4002 | B46: 资本公积
A47: 4101 | B47: 盈余公积
A48: 4103 | B48: 本年利润
A49: 4104 | B49: 利润分配 | C49: 未分配利润
A50: 4105 | B50: 其他综合收益
A51: 4106 | B51: 其他权益工具
A52: 4301 | B52: 专项储备
A53: 5001 | B53: 生产成本 | C53: 直接材料 | D53: 直接人工 | E53: 制造费用
A54: 5101 | B54: 制造费用
A55: 6001 | B55: 主营业务收入 | C55: 甲产品 | D55: 乙产品
A56: 6051 | B56: 其他业务收入
A57: 6111 | B57: 投资损益
A58: 6301 | B58: 营业外收入
A59: 6401 | B59: 主营业务成本 | C59: 甲产品 | D59: 乙产品
A60: 6402 | B60: 其他业务成本
A61: 6403 | B61: 税金及附加
A62: 6601 | B62: 销售费用
A63: 6602 | B63: 管理费用 | C63: 办公费 | D63: 其他
A64: 6603 | B64: 财务费用 | C64: 手续费 | D64: 利息收入
A65: 6711 | B65: 营业外支出
A66: 6801 | B66: 所得税费用

Sheet 会计科目表
B2: 科目编码 | C2: 总账科目 | D2: 明细1 | E2: 明细2 | F2: 明细3 | G2: 明细4 | H2: 明细4 | I2: 明细6 | J2: 明细7 | K2: 明细8
B3: 1001 | C3: 库存现金
B4: 1002 | C4: 银行存款 | D4: 交通银行 | E4: 建设银行
B5: 1015 | C5: 其他货币资金 | D5: 银行本票
B6: 1101 | C6: 交易性金融资产
B7: 1121 | C7: 应收票据
B8: 1122 | C8: 应收账款 | D8: A公司 | E8: B公司
B9: 1123 | C9: 预付账款
B10: 1131 | C10: 应收股利
B11: 1231 | C11: 其他应收款
B12: 1241 | C12: 坏账准备
B13: 1401 | C13: 材料采购
B14: 1403 | C14: 原材料 | D14: A材料 | E14: B材料
B15: 1404 | C15: 材料成本差异
B16: 1406 | C16: 库存商品 | D16: 甲产品 | E16: 乙产品
B17: 1407 | C17: 发出商品
B18: 1411 | C18: 周转材料 | D18: 纸箱 | E18: 尼龙绳
B19: 1481 | C19: 持有待售资产
B20: 1505 | C20: 债权投资
B21: 1506 | C21: 债权投资减值准备
B22: 1507 | C22: 其他债权投资
B23: 1511 | C23: 长期股权投资
B24: 1528 | C24: 其他权益工具投资
B25: 1601 | C25: 固定资产
B26: 1602 | C26: 累计折旧
B27: 1606 | C27: 固定资产清理
B28: 1701 | C28: 无形资产
B29: 1702 | C29: 累计摊销
B30: 1801 | C30: 长期待摊费用
... B34: 2201 | C34: 应付票据
B35: 2202 | C35: 应付账款 | D35: 企业一 | E35: 企业二
B36: 2205 | C36: 预收账款
B37: 2211 | C37: 应付职工薪酬 | D37: 工资 | E37: 应付福利费 | F37: 社会保险 | G37: 公积金 | H37: 教育经费 | I37: 工会经费
B38: 2221 | C38: 应交税费 | D38: 应交增值税（进项税额） | E38: 应交增值税（销项税额） | F38: 应交增值税（转出增值税） | G38: 未交增值税 | H38: 应交城市维护建设税 | I38: 应交教育费附加 | J38: 应交地方教育费附加 | K38: 应交个人所得税
B39: 2232 | C39: 应付利息
B40: 2241 | C40: 其他应付款
B41: 2245 | C41: 持有待售负债
B42: 2601 | C42: 长期借款
B43: 2602 | C43: 应付债券
B44: 2901 | C44: 递延所得税负债
B45: 4001 | C45: 实收资本
B46: 4002 | C46: 资本公积
B47: 4101 | C47: 盈余公积
B48: 4103 | C48: 本年利润
B49: 4104 | C49: 利润分配 | D49: 未分配利润
B50: 4105 | C50: 其他综合收益
B51: 4106 | C51: 其他权益工具
B52: 4301 | C52: 专项储备
B53: 5001 | C53: 生产成本 | D53: 直接材料 | E53: 直接人工 | F53: 制造费用
B54: 5101 | C54: 制造费用
B55: 6001 | C55: 主营业务收入 | D55: 甲产品 | E55: 乙产品
B56: 6051 | C56: 其他业务收入
B57: 6111 | C57: 投资损益
B58: 6301 | C58: 营业外收入
B59: 6401 | C59: 主营业务成本 | D59: 甲产品 | E59: 乙产品
B60: 6402 | C60: 其他业务成本
B61: 6403 | C61: 税金及附加
B62: 6601 | C62: 销售费用
B63: 6602 | C63: 管理费用 | D63: 办公费 | E63: 其他
B64: 6603 | C64: 财务费用 | D64: 手续费 | E64: 利息收入
B65: 6711 | C65: 营业外支出
B66: 6801 | C66: 所得税费用

Sheet 记账工作簿
B2: 凭证打印识别码 | C2: 凭证号 | D2: 年度 | E2: 月 | F2: 日 | G2: 凭证类型 | H2: 凭证号码 | I2: 摘要 | J2: 总账科目 | K2: 明细科目 | L2: 借方金额 | M2: 贷方金额 | N2: 附件张数
B3: =C4&COUNTIF($C$3:C3,C3) -> 20××1记11 | C3: =D3&E3&G3&H3 -> 20××1记1 | D3: 20×× | E3: 1 | F3: 1 | G3: 记 | H3: 1 | I3: 提取备用金 | J3: 库存现金 | L3: 2500 | N3: 1
B4: =C5&COUNTIF($C$3:C4,C4) -> 20××1记22 | C4: =D4&E4&G4&H4 -> 20××1记1 | D4: 20×× | E4: 1 | F4: 1 | G4: 记 | H4: 1 | I4: 提取备用金 | J4: 银行存款 | K4: 交通银行 | M4: 2500 | N4: 1
B5: =C5&COUNTIF($C$3:C5,C5) -> 20××1记21 | C5: =D5&E5&G5&H5 -> 20××1记2 | D5: 20×× | E5: 1 | F5: 2 | G5: 记 | H5: 2 | I5: 销售商品款未收 | J5: 应收账款 | K5: A公司 | L5: 22600 | N5: 3
B6: =C6&COUNTIF($C$3:C6,C6) -> 20××1记22 | C6: =D6&E6&G6&H6 -> 20××1记2 | D6: 20×× | E6: 1 | F6: 2 | G6: 记 | H6: 2 | I6: 销售商品款未收 | J6: 主营业务收入 | K6: 甲产品 | M6: 20000 | N6: 3
B7: =C7&COUNTIF($C$3:C7,C7) -> 20××1记23 | C7: =D7&E7&G7&H7 -> 20××1记2 | D7: 20×× | E7: 1 | F7: 2 | G7: 记 | H7: 2 | I7: 销售商品款未收 | J7: 应交税费 | K7: 应交增值税（销项税额） | M7: 2600 | N7: 3
B8: =C8&COUNTIF($C$3:C8,C8) -> 20××1记31 | C8: =D8&E8&G8&H8 -> 20××1记3 | D8: 20×× | E8: 1 | F8: 5 | G8: 记 | H8: 3 | I8: 采购原材料 | J8: 原材料 | K8: B材料 | L8: 12000 | N8: 4
B9: =C9&COUNTIF($C$3:C9,C9) -> 20××1记32 | C9: =D9&E9&G9&H9 -> 20××1记3 | D9: 20×× | E9: 1 | F9: 5 | G9: 记 | H9: 3 | I9: 采购原材料 | J9: 应交税费 | K9: 应交增值税（进项税额） | L9: 1560 | N9: 4
B10: =C10&COUNTIF($C$3:C10,C10) -> 20××1记33 | C10: =D10&E10&G10&H10 -> 20××1记3 | D10: 20×× | E10: 1 | F10: 5 | G10: 记 | H10: 3 | I10: 采购原材料 | J10: 银行存款 | K10: 交通银行 | M10: 13560 | N10: 4
B11: =C11&COUNTIF($C$3:C11,C11) -> 20××1记41 | C11: =D11&E11&G11&H11 -> 20××1记4 | D11: 20×× | E11: 1 | F11: 10 | G11: 记 | H11: 4 | I11: 采购办公用品 | J11: 管理费用 | K11: 办公费 | L11: 500 | N11: 2
B12: =C12&COUNTIF($C$3:C12,C12) -> 20××1记42 | C12: =D12&E12&G12&H12 -> 20××1记4 | D12: 20×× | E12: 1 | F12: 10 | G12: 记 | H12: 4 | I12: 采购办公用品 | J12: 库存现金 | M12: 500 | N12: 2
B13: =C13&COUNTIF($C$3:C13,C13) -> 20××1记51 | C13: =D13&E13&G13&H13 -> 20××1记5 | D13: 20×× | E13: 1 | F13: 12 | G13: 记 | H13: 5 | I13: 收回前欠货款 | J13: 应收账款 | K13: A公司 | M13: 22600 | N13: 1
B14: =C14&COUNTIF($C$3:C14,C14) -> 20××1记52 | C14: =D14&E14&G14&H14 -> 20××1记5 | D14: 20×× | E14: 1 | F14: 12 | G14: 记 | H14: 5 | I14: 收回前欠货款 | J14: 银行存款 | K14: 交通银行 | L14: 22600 | N14: 1
B15: =C15&COUNTIF($C$3:C15,C15) -> 20××1记61 | C15: =D15&E15&G15&H15 -> 20××1记6 | D15: 20×× | E15: 1 | F15: 15 | G15: 记 | H15: 6 | I15: 支付上月工资 | J15: 应付职工薪酬 | K15: 工资 | L15: 16500 | N15: 2
B16: =C16&COUNTIF($C$3:C16,C16) -> 20××1记62 | C16: =D16&E16&G16&H16 -> 20××1记6 | D16: 20×× | E16: 1 | F16: 15 | G16: 记 | H16: 6 | I16: 支付上月工资 | J16: 银行存款 | K16: 交通银行 | M16: 16500 | N16: 2
B17: =C17&COUNTIF($C$3:C17,C17) -> 20××1记71 | C17: =D17&E17&G17&H17 -> 20××1记7 | D17: 20×× | E17: 1 | F17: 18 | G17: 记 | H17: 7 | I17: 购买软件升级包 | J17: 无形资产 | L17: 12000 | N17: 5
B18: =C18&COUNTIF($C$3:C18,C18) -> 20××1记72 | C18: =D18&E18&G18&H18 -> 20××1记7 | D18: 20×× | E18: 1 | F18: 18 | G18: 记 | H18: 7 | I18: 购买软件升级包 | J18: 银行存款 | K18: 交通银行 | M18: 12000 | N18: 5
B19: =C19&COUNTIF($C$3:C19,C19) -> 20××1记81 | C19: =D19&E19&G19&H19 -> 20××1记8 | D19: 20×× | E19: 1 | F19: 22 | G19: 记 | H19: 8 | I19: 利息收入 | J19: 财务费用 | K19: 利息收入 | M19: 50 | N19: 1
B20: =C20&COUNTIF($C$3:C20,C20) -> 20××1记82 | C20: =D20&E20&G20&H20 -> 20××1记8 | D20: 20×× | E20: 1 | F20: 22 | G20: 记 | H20: 8 | I20: 利息收入 | J20: 银行存款 | K20: 交通银行 | L20: 50 | N20: 1
B21: =C21&COUNTIF($C$3:C21,C21) -> 20××1记91 | C21: =D21&E21&G21&H21 -> 20××1记9 | D21: 20×× | E21: 1 | F21: 31 | G21: 记 | H21: 9 | I21: 结转销售成本 | J21: 主营业务收入 | K21: 甲产品 | L21: 13000 | N21: 1
B22: =C22&COUNTIF($C$3:C22,C22) -> 20××1记92 | C22: =D22&E22&G22&H22 -> 20××1记9 | D22: 20×× | E22: 1 | F22: 31 | G22: 记 | H22: 9 | I22: 结转销售成本 | J22: 库存商品 | K22: 甲产品 | M22: 13000 | N22: 1
B23: =C23&COUNTIF($C$3:C23,C23) -> 20××1记101 | C23: =D23&E23&G23&H23 -> 20××1记10 | D23: 20×× | E23: 1 | F23: 31 | G23: 记 | H23: 10 | I23: 结转增值税 | J23: 应交税费 | K23: 应交增值税（转出增值税） | L23: 1040 | N23: 1
B24: =C24&COUNTIF($C$3:C24,C24) -> 20××1记102 | C24: =D24&E24&G24&H24 -> 20××1记10 | D24: 20×× | E24: 1 | F24: 31 | G24: 记 | H24: 10 | I24: 结转增值税 | J24: 应交税费 | K24: 未交增值税 | M24: 1040 | N24: 1
B25: =C25&COUNTIF($C$3:C25,C25) -> 20××1记111 | C25: =D25&E25&G25&H25 -> 20××1记11 | D25: 20×× | E25: 1 | F25: 31 | G25: 记 | H25: 11 | I25: 结转期间损益 | J25: 主营业务收入 | K25: 甲产品 | L25: 20000 | N25: 0
B26: =C26&COUNTIF($C$3:C26,C26) -> 20××1记112 | C26: =D26&E26&G26&H26 -> 20××1记11 | D26: 20×× | E26: 1 | F26: 31 | G26: 记 | H26: 11 | I26: 结转期间损益 | J26: 主营业务成本 | K26: 甲产品 | M26: 13000 | N26: 0
B27: =C27&COUNTIF($C$3:C27,C27) -> 20××1记113 | C27: =D27&E27&G27&H27 -> 20××1记11 | D27: 20×× | E27: 1 | F27: 31 | G27: 记 | H27: 11 | I27: 结转期间损益 | J27: 管理费用 | K27: 办公费 | M27: 500 | N27: 0
B28: =C28&COUNTIF($C$3:C28,C28) -> 20××1记114 | C28: =D28&E28&G28&H28 -> 20××1记11 | D28: 20×× | E28: 1 | F28: 31 | G28: 记 | H28: 11 | I28: 结转期间损益 | J28: 财务费用 | K28: 利息收入 | L28: 50 | N28: 0
B29: =C29&COUNTIF($C$3:C29,C29) -> 20××1记115 | C29: =D29&E29&G29&H29 -> 20××1记11 | D29: 20×× | E29: 1 | F29: 31 | G29: 记 | H29: 11 | I29: 结转期间损益 | J29: 本年利润 | M29: 6550 | N29: 0

Sheet 凭证打印模版
C2: 注意 | E2: =IF(AND(I12=0,K12=0),IF(I12<>K12,"借贷未平","借贷平衡")) -> 借贷平衡 | I2: 年份 | J2: 20** | K2: 月份 | L2: 1 | M2: 凭证类型 | N2: 记 | O2: 凭证号 | P2: 2
D3: 记 账 凭 证
G4: =J2&"年"&L2&"月"&IFERROR(VLOOKUP(Q7,记账工作簿!B:F,5,0),"")&"日" -> 20**年1月2日 | L4: 字第 | N4: 号
D5: 摘 要 | G5: 会 计 科 目 | I5: 借 方 金 额 | K5: 贷 方 金 额 | N5: 记账√
G6: 总 账 科 目 | H6: 明 细 科 目
D7: =IFERROR(VLOOKUP(Q7,记账工作簿!B:L,8,0),"") -> 销售商品款未收 | G7: =IFERROR(VLOOKUP(Q7,记账工作簿!B:L,9,0),"") -> 应收账款 | H7: =IF(IFERROR(VLOOKUP(Q7,记账工作簿!B:L,10,0),"")=0,"",IFERROR(VLOOKUP(Q7,记账工作簿!B:L,10,0),"")) -> A公司 | I7: =IF(IFERROR(VLOOKUP(Q7,记账工作簿!B:M,11,0),"")=0,"",IFERROR(VLOOKUP(Q7,记账工作簿!B:M,11,0),"")) -> 22600 | K7: =IF(IFERROR(VLOOKUP(Q7,记账工作簿!B:M,12,0),"")=0,"",IFERROR(VLOOKUP(Q7,记账工作簿!B:M,12,0),"")) | O7: 附 | P7: 1 | Q7: =$J$2&$L$2&$N$2&$P$2&P7 -> 20**1记21
D8: =IFERROR(VLOOKUP(Q8,记账工作簿!B:L,8,0),"") -> 提取备用金 | G8: =IFERROR(VLOOKUP(Q8,记账工作簿!B:L,9,0),"") -> 银行存款 | H8: =IF(IFERROR(VLOOKUP(Q8,记账工作簿!B:L,10,0),"")=0,"",IFERROR(VLOOKUP(Q8,记账工作簿!B:L,10,0),"")) -> 交通银行 | I8: =IF(IFERROR(VLOOKUP(Q8,记账工作簿!B:M,11,0),"")=0,"",IFERROR(VLOOKUP(Q8,记账工作簿!B:M,11,0),"")) | K8: =IF(IFERROR(VLOOKUP(Q8,记账工作簿!B:M,12,0),"")=0,"",IFERROR(VLOOKUP(Q8,记账工作簿!B:M,12,0),"")) -> 2500 | O8: 单 | P8: 2 | Q8: =$J$2&$L$2&$N$2&$P$2&P8 -> 20**1记22
D9: =IFERROR(VLOOKUP(Q9,记账工作簿!B:L,8,0),"") -> 销售商品款未收 | G9: =IFERROR(VLOOKUP(Q9,记账工作簿!B:L,9,0),"") -> 应交税费 | H9: =IF(IFERROR(VLOOKUP(Q9,记账工作簿!B:L,10,0),"")=0,"",IFERROR(VLOOKUP(Q9,记账工作簿!B:L,10,0),"")) -> 应交增值税（销项税额） | I9: =IF(IFERROR(VLOOKUP(Q9,记账工作簿!B:M,11,0),"")=0,"",IFERROR(VLOOKUP(Q9,记账工作簿!B:M,11,0),"")) | K9: =IF(IFERROR(VLOOKUP(Q9,记账工作簿!B:M,12,0),"")=0,"",IFERROR(VLOOKUP(Q9,记账工作簿!B:M,12,0),"")) -> 2600 | O9: 据 | P9: 3 | Q9: =$J$2&$L$2&$N$2&$P$2&P9 -> 20**1记23
D10: =IFERROR(VLOOKUP(Q10,记账工作簿!B:L,8,0),"") | G10: =IFERROR(VLOOKUP(Q10,记账工作簿!B:L,9,0),"") | H10: =IF(IFERROR(VLOOKUP(Q10,记账工作簿!B:L,10,0),"")=0,"",IFERROR(VLOOKUP(Q10,记账工作簿!B:L,10,0),"")) | I10: =IF(IFERROR(VLOOKUP(Q10,记账工作簿!B:M,11,0),"")=0,"",IFERROR(VLOOKUP(Q10,记账工作簿!B:M,11,0),"")) | K10: =IF(IFERROR(VLOOKUP(Q10,记账工作簿!B:M,12,0),"")=0,"",IFERROR(VLOOKUP(Q10,记账工作簿!B:M,12,0),"")) | O10: =IFERROR(VLOOKUP(Q7,记账工作簿!B:N,13,0),"") -> 3 | P10: 4 | Q10: =$J$2&$L$2&$N$2&$P$2&P10 -> 20**1记24
D11: =IFERROR(VLOOKUP(Q11,记账工作簿!B:L,8,0),"") | G11: =IFERROR(VLOOKUP(Q11,记账工作簿!B:L,9,0),"") | H11: =IF(IFERROR(VLOOKUP(Q11,记账工作簿!B:L,10,0),"")=0,"",IFERROR(VLOOKUP(Q11,记账工作簿!B:L,10,0),"")) | I11: =IF(IFERROR(VLOOKUP(Q11,记账工作簿!B:M,11,0),"")=0,"",IFERROR(VLOOKUP(Q11,记账工作簿!B:M,11,0),"")) | K11: =IF(IFERROR(VLOOKUP(Q11,记账工作簿!B:M,12,0),"")=0,"",IFERROR(VLOOKUP(Q11,记账工作簿!B:M,12,0),"")) | O11: 张 | P11: 5 | Q11: =$J$2&$L$2&$N$2&$P$2&P11 -> 20**1记25
D12: 合 计
D13: 主管： | F13: 记账： | H13: 出纳： | J13: 审核： | L13: 制单：

Sheet 银行存款日记账
D2: 银行存款日记账
B3: 编制单位： | L3: 单位/元
B4: =VLOOKUP(A7,记账工作簿!B:N,3,0) -> 20×× | D4: 凭证 | F4: 摘要 | G4: 借方 | H4: √ | I4: 贷方 | J4: √ | K4: 借贷 | L4: 余额 | M4: √
B5: 月 | C5: 日 | D5: 字 | E5: 号
B6: 1 | C6: 1 | G6: =IF(IFERROR(VLOOKUP("银行存款",期初余额及发生额!C:BB,$B$6*4-1,0),"")=0,0,IFERROR(VLOOKUP("银行存款",期初余额及发生额!C:BB,$B$6*4-1,0),"")) -> 502054 | I6: =IF(IFERROR(VLOOKUP("银行存款",期初余额及发生额!C:BB,$B$6*4,0),"")=0,0,IFERROR(VLOOKUP("银行存款",期初余额及发生额!C:BB,$B$6*4,0),"")) -> 0 | K6: =IF(L6>0,"借",IF(L6=0,"平","错误")) -> 借 | L6: =G6-I6 -> 502054
A7: 20××1记22 | B7: =IFERROR(VLOOKUP($A7,记账工作簿!$B:$N,4,0),"") -> 1 | C7: =IFERROR(VLOOKUP($A7,记账工作簿!$B:$N,5,0),"") -> 1 | D7: =IFERROR(VLOOKUP($A7,记账工作簿!$B:$N,6,0),"") -> 记 | E7: =IFERROR(VLOOKUP($A7,记账工作簿!$B:$N,7,0),"") -> 1 | F7: =IFERROR(VLOOKUP($A7,记账工作簿!$B:$N,8,0),"") -> 提取备用金 | G7: =IF(IFERROR(VLOOKUP($A7,记账工作簿!$B:$N,11,0),"")=0,0,IFERROR(VLOOKUP($A7,记账工作簿!$B:$N,11,0),"")) -> 0 | H7: =IF(G7=0,"","√") | I7: =IF(IFERROR(VLOOKUP($A7,记账工作簿!$B:$N,12,0),"")=0,0,IFERROR(VLOOKUP($A7,记账工作簿!$B:$N,12,0),"")) -> 2500 | J7: =IF(I7=0,"","√") -> √ | K7: =IF(L7>0,"借",IF(L7=0,"平","错误")) -> 借 | L7: =L6+G7-I7 -> 499554 | M7: =IF(L7=0,"","√") -> √
A8: 20××1记33 | B8: =IFERROR(VLOOKUP($A8,记账工作簿!$B:$N,4,0),"") -> 1 | C8: =IFERROR(VLOOKUP($A8,记账工作簿!$B:$N,5,0),"") -> 5 | D8: =IFERROR(VLOOKUP($A8,记账工作簿!$B:$N,6,0),"") -> 记 | E8: =IFERROR(VLOOKUP($A8,记账工作簿!$B:$N,7,0),"") -> 3 | F8: =IFERROR(VLOOKUP($A8,记账工作簿!$B:$N,8,0),"") -> 采购原材料 | G8: =IF(IFERROR(VLOOKUP($A8,记账工作簿!$B:$N,11,0),"")=0,0,IFERROR(VLOOKUP($A8,记账工作簿!$B:$N,11,0),"")) -> 0 | I8: =IF(IFERROR(VLOOKUP($A8,记账工作簿!$B:$N,12,0),"")=0,0,IFERROR(VLOOKUP($A8,记账工作簿!$B:$N,12,0),"")) -> 13560 | J8: =IF(I8=0,"","√") -> √ | K8: =IF(L8>0,"借",IF(L8=0,"平","错误")) -> 借 | L8: =L7+G8-I8 -> 485994 | M8: =IF(L8=0,"","√") -> √
A9: 20××1记52 | B9: =IFERROR(VLOOKUP($A9,记账工作簿!$B:$N,4,0),"") -> 1 | C9: =IFERROR(VLOOKUP($A9,记账工作簿!$B:$N,5,0),"") -> 12 | D9: =IFERROR(VLOOKUP($A9,记账工作簿!$B:$N,6,0),"") -> 记 | E9: =IFERROR(VLOOKUP($A9,记账工作簿!$B:$N,7,0),"") -> 5 | F9: =IFERROR(VLOOKUP($A9,记账工作簿!$B:$N,8,0),"") -> 收回前欠货款 | G9: =IF(IFERROR(VLOOKUP($A9,记账工作簿!$B:$N,11,0),"")=0,0,IFERROR(VLOOKUP($A9,记账工作簿!$B:$N,11,0),"")) -> 22600 | I9: =IF(IFERROR(VLOOKUP($A9,记账工作簿!$B:$N,12,0),"")=0,0,IFERROR(VLOOKUP($A9,记账工作簿!$B:$N,12,0),"")) -> 0 | J9: =IF(I9=0,"","√") | K9: =IF(L9>0,"借",IF(L9=0,"平","错误")) -> 借 | L9: =L8+G9-I9 -> 508594 | M9: =IF(L9=0,"","√") -> √
A10: 20××1记62 | B10: =IFERROR(VLOOKUP($A10,记账工作簿!$B:$N,4,0),"") -> 1 | C10: =IFERROR(VLOOKUP($A10,记账工作簿!$B:$N,5,0),"") -> 15 | D10: =IFERROR(VLOOKUP($A10,记账工作簿!$B:$N,6,0),"") -> 记 | E10: =IFERROR(VLOOKUP($A10,记账工作簿!$B:$N,7,0),"") -> 6 | F10: =IFERROR(VLOOKUP($A10,记账工作簿!$B:$N,8,0),"") -> 支付上月工资 | G10: =IF(IFERROR(VLOOKUP($A10,记账工作簿!$B:$N,11,0),"")=0,0,IFERROR(VLOOKUP($A10,记账工作簿!$B:$N,11,0),"")) -> 0 | I10: =IF(IFERROR(VLOOKUP($A10,记账工作簿!$B:$N,12,0),"")=0,0,IFERROR(VLOOKUP($A10,记账工作簿!$B:$N,12,0),"")) -> 16500 | J10: =IF(I10=0,"","√") -> √ | K10: =IF(L10>0,"借",IF(L10=0,"平","错误")) -> 借 | L10: =L9+G10-I10 -> 492094 | M10: =IF(L10=0,"","√") -> √
A11: 20××1记72 | B11: =IFERROR(VLOOKUP($A11,记账工作簿!$B:$N,4,0),"") -> 1 | C11: =IFERROR(VLOOKUP($A11,记账工作簿!$B:$N,5,0),"") -> 18 | D11: =IFERROR(VLOOKUP($A11,记账工作簿!$B:$N,6,0),"") -> 记 | E11: =IFERROR(VLOOKUP($A11,记账工作簿!$B:$N,7,0),"") -> 7 | F11: =IFERROR(VLOOKUP($A11,记账工作簿!$B:$N,8,0),"") -> 购买软件升级包 | G11: =IF(IFERROR(VLOOKUP($A11,记账工作簿!$B:$N,11,0),"")=0,0,IFERROR(VLOOKUP($A11,记账工作簿!$B:$N,11,0),"")) -> 0 | I11: =IF(IFERROR(VLOOKUP($A11,记账工作簿!$B:$N,12,0),"")=0,0,IFERROR(VLOOKUP($A11,记账工作簿!$B:$N,12,0),"")) -> 12000 | J11: =IF(I11=0,"","√") -> √ | K11: =IF(L11>0,"借",IF(L11=0,"平","错误")) -> 借 | L11: =L10+G11-I11 -> 480094 | M11: =IF(L11=0,"","√") -> √
A12: 20××1记82 | B12: =IFERROR(VLOOKUP($A12,记账工作簿!$B:$N,4,0),"") -> 1 | C12: =IFERROR(VLOOKUP($A12,记账工作簿!$B:$N,5,0),"") -> 22 | D12: =IFERROR(VLOOKUP($A12,记账工作簿!$B:$N,6,0),"") -> 记 | E12: =IFERROR(VLOOKUP($A12,记账工作簿!$B:$N,7,0),"") -> 8 | F12: =IFERROR(VLOOKUP($A12,记账工作簿!$B:$N,8,0),"") -> 利息收入 | G12: =IF(IFERROR(VLOOKUP($A12,记账工作簿!$B:$N,11,0),"")=0,0,IFERROR(VLOOKUP($A12,记账工作簿!$B:$N,11,0),"")) -> 50 | I12: =IF(IFERROR(VLOOKUP($A12,记账工作簿!$B:$N,12,0),"")=0,0,IFERROR(VLOOKUP($A12,记账工作簿!$B:$N,12,0),"")) -> 0 | J12: =IF(I12=0,"","√") | K12: =IF(L12>0,"借",IF(L12=0,"平","错误")) -> 借 | L12: =L11+G12-I12 -> 480144 | M12: =IF(L12=0,"","√") -> √
B13: =IFERROR(VLOOKUP($A13,记账工作簿!$B:$N,4,0),"") | F13: =IFERROR(VLOOKUP($A13,记账工作簿!$B:$N,8,0),"") | G13: =IF(IFERROR(VLOOKUP($A13,记账工作簿!$B:$N,11,0),"")=0,0,IFERROR(VLOOKUP($A13,记账工作簿!$B:$N,11,0),"")) | I13: =IF(IFERROR(VLOOKUP($A13,记账工作簿!$B:$N,12,0),"")=0,0,IFERROR(VLOOKUP($A13,记账工作簿!$B:$N,12,0),""))
B14: =IFERROR(VLOOKUP($A14,记账工作簿!$B:$N,4,0),"") | F14: =IFERROR(VLOOKUP($A14,记账工作簿!$B:$N,8,0),"") | I14: =IF(IFERROR(VLOOKUP($A14,记账工作簿!$B:$N,12,0),"")=0,0,IFERROR(VLOOKUP($A14,记账工作簿!$B:$N,12,0),""))

Sheet 期初余额及发生额
C2: 注意： | E2: =IF(AND(E4=0,F4=0),"未有数据",IF(E4<>F4,"借贷未平","借贷平衡")) -> 借贷平衡 | G2: =IF(AND(G4=0,H4=0),"未有数据",IF(G4<>H4,"借贷未平","借贷平衡")) -> 借贷平衡 | I2: =IF(AND(I4=0,J4=0),"未有数据",IF(I4<>J4,"借贷未平","借贷平衡")) -> 借贷平衡 | K2: =IF(AND(K4=0,L4=0),"未有数据",IF(K4<>L4,"借贷未平","借贷平衡")) -> 未有数据 | O2: =IF(AND(O4=0,P4=0),"未有数据",IF(O4<>P4,"借贷未平","借贷平衡")) -> 未有数据 | Q2: =IF(AND(Q4=0,R4=0),"未有数据",IF(Q4<>R4,"借贷未平","借贷平衡")) -> 借贷平衡 | S2: =IF(AND(S4=0,T4=0),"未有数据",IF(S4<>T4,"借贷未平","借贷平衡")) -> 未有数据 | U2: =IF(AND(U4=0,V4=0),"未有数据",IF(U4<>V4,"借贷未平","借贷平衡")) -> 借贷平衡 | W2: =IF(AND(W4=0,X4=0),"未有数据",IF(W4<>X4,"借贷未平","借贷平衡")) -> 未有数据 | Y2: =IF(AND(Y4=0,Z4=0),"未有数据",IF(Y4<>Z4,"借贷未平","借贷平衡")) -> 借贷平衡 | AA2: =IF(AND(AA4=0,AB4=0),"未有数据",IF(AA4<>AB4,"借贷未平","借贷平衡")) -> 未有数据 | AC2: =IF(AND(AC4=0,AD4=0),"未有数据",IF(AC4<>AD4,"借贷未平","借贷平衡")) -> 借贷平衡 | AE2: =IF(AND(AE4=0,AF4=0),"未有数据",IF(AE4<>AF4,"借贷未平","借贷平衡")) -> 未有数据 | AG2: =IF(AND(AG4=0,AH4=0),"未有数据",IF(AG4<>AH4,"借贷未平","借贷平衡")) -> 借贷平衡 | AI2: =IF(AND(AI4=0,AJ4=0),"未有数据",IF(AI4<>AJ4,"借贷未平","借贷平衡")) -> 未有数据 | AK2: =IF(AND(AK4=0,AL4=0),"未有数据",IF(AK4<>AL4,"借贷未平","借贷平衡")) -> 借贷平衡 | AM2: =IF(AND(AM4=0,AN4=0),"未有数据",IF(AM4<>AN4,"借贷未平","借贷平衡")) -> 未有数据 | AO2: =IF(AND(AO4=0,AP4=0),"未有数据",IF(AO4<>AP4,"借贷未平","借贷平衡")) -> 借贷平衡 | AQ2: =IF(AND(AQ4=0,AR4=0),"未有数据",IF(AQ4<>AR4,"借贷未平","借贷平衡")) -> 未有数据 | AS2: =IF(AND(AS4=0,AT4=0),"未有数据",IF(AS4<>AT4,"借贷未平","借贷平衡")) -> 借贷平衡 | AU2: =IF(AND(AU4=0,AV4=0),"未有数据",IF(AU4<>AV4,"借贷未平","借贷平衡")) -> 未有数据 | AW2: =IF(AND(AW4=0,AX4=0),"未有数据",IF(AW4<>AX4,"借贷未平","借贷平衡")) -> 借贷平衡 | AY2: =IF(AND(AY4=0,AZ4=0),"未有数据",IF(AY4<>AZ4,"借贷未平","借贷平衡")) -> 未有数据 | BA2: =IF(AND(BA4=0,BB4=0),"未有数据",IF(BA4<>BB4,"借贷未平","借贷平衡")) -> 借贷平衡
B3: 科目代码 | C3: 科目名称 | D3: 明细科目 | E3: 年初借方余额 | F3: 年初贷方余额 | G3: 1月借方发生额 | H3: 1月贷方发生额 | I3: 1月借方余额 | J3: 1月贷方余额 | K3: 2月借方发生额 | L3: 2月贷方发生额 | M3: 2月借方余额 | N3: 2月贷方余额 | O3: 3月借方发生额 | P3: 3月贷方发生额 | Q3: 3月借方余额 | R3: 3月贷方余额 | S3: 4月借方发生额 | T3: 4月贷方发生额 | U3: 4月借方余额 | V3: 4月贷方余额 | W3: 5月借方发生额 | X3: 5月贷方发生额 | Y3: 5月借方余额 | Z3: 5月贷方余额 | AA3: 6月借方发生额 | AB3: 6月贷方发生额 | AC3: 6月借方余额 | AD3: 6月贷方余额 | AE3: 7月借方发生额 | AF3: 7月贷方发生额 | AG3: 7月借方余额 | AH3: 7月贷方余额 | AI3: 8月借方发生额 | AJ3: 8月贷方发生额 | AK3: 8月借方余额 | AL3: 8月贷方余额 | AM3: 9月借方发生额 | AN3: 9月贷方发生额 | AO3: 9月借方余额 | AP3: 9月贷方余额 | AQ3: 10月借方发生额 | AR3: 10月贷方发生额 | AS3: 10月借方余额 | AT3: 10月贷方余额 | AU3: 11月借方发生额 | AV3: 11月贷方发生额 | AW3: 11月借方余额 | AX3: 11月贷方余额 | AY3: 12月借方发生额 | AZ3: 12月贷方发生额 | BA3: 12月借方余额 | BB3: 12月贷方余额
D4: 合计 | E4: =SUBTOTAL(9,E:E) -> 28145553 | F4: =SUBTOTAL(9,F:F) -> 28145553 | G4: =SUBTOTAL(9,G:G) -> 1263400 | H4: =SUBTOTAL(9,H:H) -> 1263400 | I4: =SUBTOTAL(9,I:I) -> 28824653 | J4: =SUBTOTAL(9,J:J) -> 28824653 | K4: =SUBTOTAL(9,K:K) -> 0 | L4: =SUBTOTAL(9,L:L) -> 0 | M4: =SUBTOTAL(9,M:M) -> 28824653 | N4: =SUBTOTAL(9,N:N) -> 28824653 | O4: =SUBTOTAL(9,O:O) -> 0 | P4: =SUBTOTAL(9,P:P) -> 0 | Q4: =SUBTOTAL(9,Q:Q) -> 28824653 | R4: =SUBTOTAL(9,R:R) -> 28824653 | S4: =SUBTOTAL(9,S:S) -> 0 | T4: =SUBTOTAL(9,T:T) -> 0 | U4: =SUBTOTAL(9,U:U) -> 28824653 | V4: =SUBTOTAL(9,V:V) -> 28824653 | W4: =SUBTOTAL(9,W:W) -> 0 | X4: =SUBTOTAL(9,X:X) -> 0 | Y4: =SUBTOTAL(9,Y:Y) -> 28824653 | Z4: =SUBTOTAL(9,Z:Z) -> 28824653 | AA4: =SUBTOTAL(9,AA:AA) -> 0 | AB4: =SUBTOTAL(9,AB:AB) -> 0 | AC4: =SUBTOTAL(9,AC:AC) -> 28824653 | AD4: =SUBTOTAL(9,AD:AD) -> 28824653 | AE4: =SUBTOTAL(9,AE:AE) -> 0 | AF4: =SUBTOTAL(9,AF:AF) -> 0 | AG4: =SUBTOTAL(9,AG:AG) -> 28824653 | AH4: =SUBTOTAL(9,AH:AH) -> 28824653 | AI4: =SUBTOTAL(9,AI:AI) -> 0 | AJ4: =SUBTOTAL(9,AJ:AJ) -> 0 | AK4: =SUBTOTAL(9,AK:AK) -> 28824653 | AL4: =SUBTOTAL(9,AL:AL) -> 28824653 | AM4: =SUBTOTAL(9,AM:AM) -> 0 | AN4: =SUBTOTAL(9,AN:AN) -> 0 | AO4: =SUBTOTAL(9,AO:AO) -> 28824653 | AP4: =SUBTOTAL(9,AP:AP) -> 28824653 | AQ4: =SUBTOTAL(9,AQ:AQ) -> 0 | AR4: =SUBTOTAL(9,AR:AR) -> 0 | AS4: =SUBTOTAL(9,AS:AS) -> 28824653 | AT4: =SUBTOTAL(9,AT:AT) -> 28824653 | AU4: =SUBTOTAL(9,AU:AU) -> 0 | AV4: =SUBTOTAL(9,AV:AV) -> 0 | AW4: =SUBTOTAL(9,AW:AW) -> 28824653 | AX4: =SUBTOTAL(9,AX:AX) -> 28824653 | AY4: =SUBTOTAL(9,AY:AY) -> 0 | AZ4: =SUBTOTAL(9,AZ:AZ) -> 0 | BA4: =SUBTOTAL(9,BA:BA) -> 28824653 | BB4: =SUBTOTAL(9,BB:BB) -> 28824653
B5: 1001 | C5: 库存现金 | E5: 9500 | G5: =SUMIFS([1]记账凭证簿!$L$1:$L$65536,[1]记账凭证簿!$J$1:$J$65536,$C5,[1]记账凭证簿!$E$1:$E$65536,LEFTB(G$3,2)) -> #VALUE! | H5: =SUMIFS([1]记账凭证簿!$M$1:$M$65536,[1]记账凭证簿!$J$1:$J$65536,$C5,[1]记账凭证簿!$E$1:$E$65536,LEFTB(H$3,2)) -> #VALUE! | I5: =IF(E5-F5+G5-H5>0,E5-F5+G5-H5,0) -> #VALUE! | J5: =IF(F5-E5+H5-G5>0,F5-E5+H5-G5,0) -> #VALUE! | K5: =SUMIFS([1]记账凭证簿!$L$1:$L$65536,[1]记账凭证簿!$J$1:$J$65536,$C5,[1]记账凭证簿!$E$1:$E$65536,LEFTB(K$3,2)) -> #VALUE! | L5: =SUMIFS([1]记账凭证簿!$M$1:$M$65536,[1]记账凭证簿!$J$1:$J$65536,$C5,[1]记账凭证簿!$E$1:$E$65536,LEFTB(L$3,2)) -> #VALUE! | M5: =IF(I5-J5+K5-L5>0,I5-J5+K5-L5,0) -> #VALUE! | N5: =IF(J5-I5+L5-K5>0,J5-I5+L5-K5,0) -> #VALUE! | O5: =SUMIFS([1]记账凭证簿!$L$1:$L$65536,[1]记账凭证簿!$J$1:$J$65536,$C5,[1]记账凭证簿!$E$1:$E$65536,LEFTB(O$3,2)) -> #VALUE! | P5: =SUMIFS([1]记账凭证簿!$M$1:$M$65536,[1]记账凭证簿!$J$1:$J$65536,$C5,[1]记账凭证簿!$E$1:$E$65536,LEFTB(P$3,2)) -> #VALUE! | Q5: =IF(M5-N5+O5-P5>0,M5-N5+O5-P5,0) -> #VALUE! | R5: =IF(N5-M5+P5-O5>0,N5-M5+P5-O5,0) -> #VALUE! | S5: =SUMIFS([1]记账凭证簿!$L$1:$L$65536,[1]记账凭证簿!$J$1:$J$65536,$C5,[1]记账凭证簿!$E$1:$E$65536,LEFTB(S$3,2)) -> #VALUE! | T5: =SUMIFS([1]记账凭证簿!$M$1:$M$65536,[1]记账凭证簿!$J$1:$J$65536,$C5,[1]记账凭证簿!$E$1:$E$65536,LEFTB(T$3,2)) -> #VALUE! | U5: =IF(Q5-R5+S5-T5>0,Q5-R5+S5-T5,0) -> #VALUE! | V5: =IF(R5-Q5+T5-S5>0,R5-Q5+T5-S5,0) -> #VALUE! | W5: =SUMIFS([1]记账凭证簿!$L$1:$L$65536,[1]记账凭证簿!$J$1:$J$65536,$C5,[1]记账凭证簿!$E$1:$E$65536,LEFTB(W$3,2)) -> #VALUE! | X5: =SUMIFS([1]记账凭证簿!$M$1:$M$65536,[1]记账凭证簿!$J$1:$J$65536,$C5,[1]记账凭证簿!$E$1:$E$65536,LEFTB(X$3,2)) -> #VALUE! | Y5: =IF(U5-V5+W5-X5>0,U5-V5+W5-X5,0) -> #VALUE! | Z5: =IF(V5-U5+X5-W5>0,V5-U5+X5-W5,0) -> #VALUE! | AA5: =SUMIFS([1]记账凭证簿!$L$1:$L$65536,[1]记账凭证簿!$J$1:$J$65536,$C5,[1]记账凭证簿!$E$1:$E$65536,LEFTB(AA$3,2)) -> #VALUE! | AB5: =SUMIFS([1]记账凭证簿!$M$1:$M$65536,[1]记账凭证簿!$J$1:$J$65536,$C5,[1]记账凭证簿!$E$1:$E$65536,LEFTB(AB$3,2)) -> #VALUE! | AC5: =IF(Y5-Z5+AA5-AB5>0,Y5-Z5+AA5-AB5,0) -> #VALUE! | AD5: =IF(Z5-Y5+AB5-AA5>0,Z5-Y5+AB5-AA5,0) -> #VALUE! | AE5: =SUMIFS([1]记账凭证簿!$L$1:$L$65536,[1]记账凭证簿!$J$1:$J$65536,$C5,[1]记账凭证簿!$E$1:$E$65536,LEFTB(AE$3,2)) -> #VALUE! | AF5: =SUMIFS([1]记账凭证簿!$M$1:$M$65536,[1]记账凭证簿!$J$1:$J$65536,$C5,[1]记账凭证簿!$E$1:$E$65536,LEFTB(AF$3,2)) -> #VALUE! | AG5: =IF(AC5-AD5+AE5-AF5>0,AC5-AD5+AE5-AF5,0) -> #VALUE! | AH5: =IF(AD5-AC5+AF5-AE5>0,AD5-AC5+AF5-AE5,0) -> #VALUE! | AI5: =SUMIFS([1]记账凭证簿!$L$1:$L$65536,[1]记账凭证簿!$J$1:$J$65536,$C5,[1]记账凭证簿!$E$1:$E$65536,LEFTB(AI$3,2)) -> #VALUE! | AJ5: =SUMIFS([1]记账凭证簿!$M$1:$M$65536,[1]记账凭证簿!$J$1:$J$65536,$C5,[1]记账凭证簿!$E$1:$E$65536,LEFTB(AJ$3,2)) -> #VALUE! | AK5: =IF(AG5-AH5+AI5-AJ5>0,AG5-AH5+AI5-AJ5,0) -> #VALUE! | AL5: =IF(AH5-AG5+AJ5-AI5>0,AH5-AG5+AJ5-AI5,0) -> #VALUE! | AM5: =SUMIFS([1]记账凭证簿!$L$1:$L$65536,[1]记账凭证簿!$J$1:$J$65536,$C5,[1]记账凭证簿!$E$1:$E$65536,LEFTB(AM$3,2)) -> #VALUE! | AN5: =SUMIFS([1]记账凭证簿!$M$1:$M$65536,[1]记账凭证簿!$J$1:$J$65536,$C5,[1]记账凭证簿!$E$1:$E$65536,LEFTB(AN$3,2)) -> #VALUE! | AO5: =IF(AK5-AL5+AM5-AN5>0,AK5-AL5+AM5-AN5,0) -> #VALUE! | AP5: =IF(AL5-AK5+AN5-AM5>0,AL5-AK5+AN5-AM5,0) -> #VALUE! | AQ5: =SUMIFS([1]记账凭证簿!$L$1:$L$65536,[1]记账凭证簿!$J$1:$J$65536,$C5,[1]记账凭证簿!$E$1:$E$65536,LEFTB(AQ$3,2)) -> #VALUE! | AR5: =SUMIFS([1]记账凭证簿!$M$1:$M$65536,[1]记账凭证簿!$J$1:$J$65536,$C5,[1]记账凭证簿!$E$1:$E$65536,LEFTB(AR$3,2)) -> #VALUE! | AS5: =IF(AO5-AP5+AQ5-AR5>0,AO5-AP5+AQ5-AR5,0) -> #VALUE! | AT5: =IF(AP5-AO5+AR5-AQ5>0,AP5-AO5+AR5-AQ5,0) -> #VALUE! | AU5: =SUMIFS([1]记账凭证簿!$L$1:$L$65536,[1]记账凭证簿!$J$1:$J$65536,$C5,[1]记账凭证簿!$E$1:$E$65536,LEFTB(AU$3,2)) -> #VALUE! | AV5: =SUMIFS([1]记账凭证簿!$M$1:$M$65536,[1]记账凭证簿!$J$1:$J$65536,$C5,[1]记账凭证簿!$E$1:$E$65536,LEFTB(AV$3,2)) -> #VALUE! | AW5: =IF(AS5-AT5+AU5-AV5>0,AS5-AT5+AU5-AV5,0) -> #VALUE! | AX5: =IF(AT5-AS5+AV5-AU5>0,AT5-AS5+AV5-AU5,0) -> #VALUE! | AY5: =SUMIFS([1]记账凭证簿!$L$1:$L$65536,[1]记账凭证簿!$J$1:$J$65536,$C5,[1]记账凭证簿!$E$1:$E$65536,LEFTB(AY$3,2)) -> #VALUE! | AZ5: =SUMIFS([1]记账凭证簿!$M$1:$M$65536,[1]记账凭证簿!$J$1:$J$65536,$C5,[1]记账凭证簿!$E$1:$E$65536,LEFTB(AZ$3,2)) -> #VALUE! | BA5: =IF(AW5-AX5+AY5-AZ5>0,AW5-AX5+AY5-AZ5,0) -> #VALUE! | BB5: =IF(AX5-AW5+AZ5-AY5>0,AX5-AW5+AZ5-AY5,0) -> #VALUE!
B6: 1002 | C6: 银行存款 | E6: 502054 | G6: =SUMIFS([1]记账凭证簿!$L$1:$L$65536,[1]记账凭证簿!$J$1:$J$65536,$C6,[1]记账凭证簿!$E$1:$E$65536,LEFTB(G$3,2)) -> #VALUE! | H6: =SUMIFS([1]记账凭证簿!$M$1:$M$65536,[1]记账凭证簿!$J$1:$J$65536,$C6,[1]记账凭证簿!$E$1:$E$65536,LEFTB(H$3,2)) -> #VALUE! | I6: =IF(E6-F6+G6-H6>0,E6-F6+G6-H6,0) -> #VALUE! | J6: =IF(F6-E6+H6-G6>0,F6-E6+H6-G6,0) -> #VALUE! | K6: =SUMIFS([1]记账凭证簿!$L$1:$L$65536,[1]记账凭证簿!$J$1:$J$65536,$C6,[1]记账凭证簿!$E$1:$E$65536,LEFTB(K$3,2)) -> #VALUE! | L6: =SUMIFS([1]记账凭证簿!$M$1:$M$65536,[1]记账凭证簿!$J$1:$J$65536,$C6,[1]记账凭证簿!$E$1:$E$65536,LEFTB(L$3,2)) -> #VALUE! | M6: =IF(I6-J6+K6-L6>0,I6-J6+K6-L6,0) -> #VALUE! | N6: =IF(J6-I6+L6-K6>0,J6-I6+L6-K6,0) -> #VALUE! | O6: =SUMIFS([1]记账凭证簿!$L$1:$L$65536,[1]记账凭证簿!$J$1:$J$65536,$C6,[1]记账凭证簿!$E$1:$E$65536,LEFTB(O$3,2)) -> #VALUE! | P6: =SUMIFS([1]记账凭证簿!$M$1:$M$65536,[1]记账凭证簿!$J$1:$J$65536,$C6,[1]记账凭证簿!$E$1:$E$65536,LEFTB(P$3,2)) -> #VALUE! | Q6: =IF(M6-N6+O6-P6>0,M6-N6+O6-P6,0) -> #VALUE! | R6: =IF(N6-M6+P6-O6>0,N6-M6+P6-O6,0) -> #VALUE! | S6: =SUMIFS([1]记账凭证簿!$L$1:$L$65536,[1]记账凭证簿!$J$1:$J$65536,$C6,[1]记账凭证簿!$E$1:$E$65536,LEFTB(S$3,2)) -> #VALUE! | T6: =SUMIFS([1]记账凭证簿!$M$1:$M$65536,[1]记账凭证簿!$J$1:$J$65536,$C6,[1]记账凭证簿!$E$1:$E$65536,LEFTB(T$3,2)) -> #VALUE! | U6: =IF(Q6-R6+S6-T6>0,Q6-R6+S6-T6,0) -> #VALUE! | V6: =IF(R6-Q6+T6-S6>0,R6-Q6+T6-S6,0) -> #VALUE! | W6: =SUMIFS([1]记账凭证簿!$L$1:$L$65536,[1]记账凭证簿!$J$1:$J$65536,$C6,[1]记账凭证簿!$E$1:$E$65536,LEFTB(W$3,2)) -> #VALUE! | X6: =SUMIFS([1]记账凭证簿!$M$1:$M$65536,[1]记账凭证簿!$J$1:$J$65536,$C6,[1]记账凭证簿!$E$1:$E$65536,LEFTB(X$3,2)) -> #VALUE! | Y6: =IF(U6-V6+W6-X6>0,U6-V6+W6-X6,0) -> #VALUE! | Z6: =IF(V6-U6+X6-W6>0,V6-U6+X6-W6,0) -> #VALUE! | AA6: =SUMIFS([1]记账凭证簿!$L$1:$L$65536,[1]记账凭证簿!$J$1:$J$65536,$C6,[1]记账凭证簿!$E$1:$E$65536,LEFTB(AA$3,2)) -> #VALUE! | AB6: =SUMIFS([1]记账凭证簿!$M$1:$M$65536,[1]记账凭证簿!$J$1:$J$65536,$C6,[1]记账凭证簿!$E$1:$E$65536,LEFTB(AB$3,2)) -> #VALUE! | AC6: =IF(Y6-Z6+AA6-AB6>0,Y6-Z6+AA6-AB6,0) -> #VALUE! | AD6: =IF(Z6-Y6+AB6-AA6>0,Z6-Y6+AB6-AA6,0) -> #VALUE! | AE6: =SUMIFS([1]记账凭证簿!$L$1:$L$65536,[1]记账凭证簿!$J$1:$J$65536,$C6,[1]记账凭证簿!$E$1:$E$65536,LEFTB(AE$3,2)) -> #VALUE! | AF6: =SUMIFS([1]记账凭证簿!$M$1:$M$65536,[1]记账凭证簿!$J$1:$J$65536,$C6,[1]记账凭证簿!$E$1:$E$65536,LEFTB(AF$3,2)) -> #VALUE! | AG6: =IF(AC6-AD6+AE6-AF6>0,AC6-AD6+AE6-AF6,0) -> #VALUE! | AH6: =IF(AD6-AC6+AF6-AE6>0,AD6-AC6+AF6-AE6,0) -> #VALUE! | AI6: =SUMIFS([1]记账凭证簿!$L$1:$L$65536,[1]记账凭证簿!$J$1:$J$65536,$C6,[1]记账凭证簿!$E$1:$E$65536,LEFTB(AI$3,2)) -> #VALUE! | AJ6: =SUMIFS([1]记账凭证簿!$M$1:$M$65536,[1]记账凭证簿!$J$1:$J$65536,$C6,[1]记账凭证簿!$E$1:$E$65536,LEFTB(AJ$3,2)) -> #VALUE! | AK6: =IF(AG6-AH6+AI6-AJ6>0,AG6-AH6+AI6-AJ6,0) -> #VALUE! | AL6: =IF(AH6-AG6+AJ6-AI6>0,AH6-AG6+AJ6-AI6,0) -> #VALUE! | AM6: =SUMIFS([1]记账凭证簿!$L$1:$L$65536,[1]记账凭证簿!$J$1:$J$65536,$C6,[1]记账凭证簿!$E$1:$E$65536,LEFTB(AM$3,2)) -> #VALUE! | AN6: =SUMIFS([1]记账凭证簿!$M$1:$M$65536,[1]记账凭证簿!$J$1:$J$65536,$C6,[1]记账凭证簿!$E$1:$E$65536,LEFTB(AN$3,2)) -> #VALUE! | AO6: =IF(AK6-AL6+AM6-AN6>0,AK6-AL6+AM6-AN6,0) -> #VALUE! | AP6: =IF(AL6-AK6+AN6-AM6>0,AL6-AK6+AN6-AM6,0) -> #VALUE! | AQ6: =SUMIFS([1]记账凭证簿!$L$1:$L$65536,[1]记账凭证簿!$J$1:$J$65536,$C6,[1]记账凭证簿!$E$1:$E$65536,LEFTB(AQ$3,2)) -> #VALUE! | AR6: =SUMIFS([1]记账凭证簿!$M$1:$M$65536,[1]记账凭证簿!$J$1:$J$65536,$C6,[1]记账凭证簿!$E$1:$E$65536,LEFTB(AR$3,2)) -> #VALUE! | AS6: =IF(AO6-AP6+AQ6-AR6>0,AO6-AP6+AQ6-AR6,0) -> #VALUE! | AT6: =IF(AP6-AO6+AR6-AQ6>0,AP6-AO6+AR6-AQ6,0) -> #VALUE! | AU6: =SUMIFS([1]记账凭证簿!$L$1:$L$65536,[1]记账凭证簿!$J$1:$J$65536,$C6,[1]记账凭证簿!$E$1:$E$65536,LEFTB(AU$3,2)) -> #VALUE! | AV6: =SUMIFS([1]记账凭证簿!$M$1:$M$65536,[1]记账凭证簿!$J$1:$J$65536,$C6,[1]记账凭证簿!$E$1:$E$65536,LEFTB(AV$3,2)) -> #VALUE! | AW6: =IF(AS6-AT6+AU6-AV6>0,AS6-AT6+AU6-AV6,0) -> #VALUE! | AX6: =IF(AT6-AS6+AV6-AU6>0,AT6-AS6+AV6-AU6,0) -> #VALUE! | AY6: =SUMIFS([1]记账凭证簿!$L$1:$L$65536,[1]记账凭证簿!$J$1:$J$65536,$C6,[1]记账凭证簿!$E$1:$E$65536,LEFTB(AY$3,2)) -> #VALUE! | AZ6: =SUMIFS([1]记账凭证簿!$M$1:$M$65536,[1]记账凭证簿!$J$1:$J$65536,$C6,[1]记账凭证簿!$E$1:$E$65536,LEFTB(AZ$3,2)) -> #VALUE! | BA6: =IF(AW6-AX6+AY6-AZ6>0,AW6-AX6+AY6-AZ6,0) -> #VALUE! | BB6: =IF(AX6-AW6+AZ6-AY6>0,AX6-AW6+AZ6-AY6,0) -> #VALUE!
B7: 1015 | C7: 其他货币资金 | E7: 0 | G7: =SUMIFS([1]记账凭证簿!$L$1:$L$65536,[1]记账凭证簿!$J$1:$J$65536,$C7,[1]记账凭证簿!$E$1:$E$65536,LEFTB(G$3,2)) -> #VALUE! | H7: =SUMIFS([1]记账凭证簿!$M$1:$M$65536,[1]记账凭证簿!$J$1:$J$65536,$C7,[1]记账凭证簿!$E$1:$E$65536,LEFTB(H$3,2)) -> #VALUE! | I7: =IF(E7-F7+G7-H7>0,E7-F7+G7-H7,0) -> #VALUE! | J7: =IF(F7-E7+H7-G7>0,F7-E7+H7-G7,0) -> #VALUE! | K7: =SUMIFS([1]记账凭证簿!$L$1:$L$65536,[1]记账凭证簿!$J$1:$J$65536,$C7,[1]记账凭证簿!$E$1:$E$65536,LEFTB(K$3,2)) -> #VALUE! | L7: =SUMIFS([1]记账凭证簿!$M$1:$M$65536,[1]记账凭证簿!$J$1:$J$65536,$C7,[1]记账凭证簿!$E$1:$E$65536,LEFTB(L$3,2)) -> #VALUE! | M7: =IF(I7-J7+K7-L7>0,I7-J7+K7-L7,0) -> #VALUE! | N7: =IF(J7-I7+L7-K7>0,J7-I7+L7-K7,0) -> #VALUE! | O7: =SUMIFS([1]记账凭证簿!$L$1:$L$65536,[1]记账凭证簿!$J$1:$J$65536,$C7,[1]记账凭证簿!$E$1:$E$65536,LEFTB(O$3,2)) -> #VALUE! | P7: =SUMIFS([1]记账凭证簿!$M$1:$M$65536,[1]记账凭证簿!$J$1:$J$65536,$C7,[1]记账凭证簿!$E$1:$E$65536,LEFTB(P$3,2)) -> #VALUE! | Q7: =IF(M7-N7+O7-P7>0,M7-N7+O7-P7,0) -> #VALUE! | R7: =IF(N7-M7+P7-O7>0,N7-M7+P7-O7,0) -> #VALUE! | S7: =SUMIFS([1]记账凭证簿!$L$1:$L$65536,[1]记账凭证簿!$J$1:$J$65536,$C7,[1]记账凭证簿!$E$1:$E$65536,LEFTB(S$3,2)) -> #VALUE! | T7: =SUMIFS([1]记账凭证簿!$M$1:$M$65536,[1]记账凭证簿!$J$1:$J$65536,$C7,[1]记账凭证簿!$E$1:$E$65536,LEFTB(T$3,2)) -> #VALUE! | U7: =IF(Q7-R7+S7-T7>0,Q7-R7+S7-T7,0) -> #VALUE! | V7: =IF(R7-Q7+T7-S7>0,R7-Q7+T7-S7,0) -> #VALUE! | W7: =SUMIFS([1]记账凭证簿!$L$1:$L$65536,[1]记账凭证簿!$J$1:$J$65536,$C7,[1]记账凭证簿!$E$1:$E$65536,LEFTB(W$3,2)) -> #VALUE! | X7: =SUMIFS([1]记账凭证簿!$M$1:$M$65536,[1]记账凭证簿!$J$1:$J$65536,$C7,[1]记账凭证簿!$E$1:$E$65536,LEFTB(X$3,2)) -> #VALUE! | Y7: =IF(U7-V7+W7-X7>0,U7-V7+W7-X7,0) -> #VALUE! | Z7: =IF(V7-U7+X7-W7>0,V7-U7+X7-W7,0) -> #VALUE! | AA7: =SUMIFS([1]记账凭证簿!$L$1:$L$65536,[1]记账凭证簿!$J$1:$J$65536,$C7,[1]记账凭证簿!$E$1:$E$65536,LEFTB(AA$3,2)) -> #VALUE! | AB7: =SUMIFS([1]记账凭证簿!$M$1:$M$65536,[1]记账凭证簿!$J$1:$J$65536,$C7,[1]记账凭证簿!$E$1:$E$65536,LEFTB(AB$3,2)) -> #VALUE! | AC7: =IF(Y7-Z7+AA7-AB7>0,Y7-Z7+AA7-AB7,0) -> #VALUE! | AD7: =IF(Z7-Y7+AB7-AA7>0,Z7-Y7+AB7-AA7,0) -> #VALUE! | AE7: =SUMIFS([1]记账凭证簿!$L$1:$L$65536,[1]记账凭证簿!$J$1:$J$65536,$C7,[1]记账凭证簿!$E$1:$E$65536,LEFTB(AE$3,2)) -> #VALUE! | AF7: =SUMIFS([1]记账凭证簿!$M$1:$M$65536,[1]记账凭证簿!$J$1:$J$65536,$C7,[1]记账凭证簿!$E$1:$E$65536,LEFTB(AF$3,2)) -> #VALUE! | AG7: =IF(AC7-AD7+AE7-AF7>0,AC7-AD7+AE7-AF7,0) -> #VALUE! | AH7: =IF(AD7-AC7+AF7-AE7>0,AD7-AC7+AF7-AE7,0) -> #VALUE! | AI7: =SUMIFS([1]记账凭证簿!$L$1:$L$65536,[1]记账凭证簿!$J$1:$J$65536,$C7,[1]记账凭证簿!$E$1:$E$65536,LEFTB(AI$3,2)) -> #VALUE! | AJ7: =SUMIFS([1]记账凭证簿!$M$1:$M$65536,[1]记账凭证簿!$J$1:$J$65536,$C7,[1]记账凭证簿!$E$1:$E$65536,LEFTB(AJ$3,2)) -> #VALUE! | AK7: =IF(AG7-AH7+AI7-AJ7>0,AG7-AH7+AI7-AJ7,0) -> #VALUE! | AL7: =IF(AH7-AG7+AJ7-AI7>0,AH7-AG7+AJ7-AI7,0) -> #VALUE! | AM7: =SUMIFS([1]记账凭证簿!$L$1:$L$65536,[1]记账凭证簿!$J$1:$J$65536,$C7,[1]记账凭证簿!$E$1:$E$65536,LEFTB(AM$3,2)) -> #VALUE! | AN7: =SUMIFS([1]记账凭证簿!$M$1:$M$65536,[1]记账凭证簿!$J$1:$J$65536,$C7,[1]记账凭证簿!$E$1:$E$65536,LEFTB(AN$3,2)) -> #VALUE! | AO7: =IF(AK7-AL7+AM7-AN7>0,AK7-AL7+AM7-AN7,0) -> #VALUE! | AP7: =IF(AL7-AK7+AN7-AM7>0,AL7-AK7+AN7-AM7,0) -> #VALUE! | AQ7: =SUMIFS([1]记账凭证簿!$L$1:$L$65536,[1]记账凭证簿!$J$1:$J$65536,$C7,[1]记账凭证簿!$E$1:$E$65536,LEFTB(AQ$3,2)) -> #VALUE! | AR7: =SUMIFS([1]记账凭证簿!$M$1:$M$65536,[1]记账凭证簿!$J$1:$J$65536,$C7,[1]记账凭证簿!$E$1:$E$65536,LEFTB(AR$3,2)) -> #VALUE! | AS7: =IF(AO7-AP7+AQ7-AR7>0,AO7-AP7+AQ7-AR7,0) -> #VALUE! | AT7: =IF(AP7-AO7+AR7-AQ7>0,AP7-AO7+AR7-AQ7,0) -> #VALUE! | AU7: =SUMIFS([1]记账凭证簿!$L$1:$L$65536,[1]记账凭证簿!$J$1:$J$65536,$C7,[1]记账凭证簿!$E$1:$E$65536,LEFTB(AU$3,2)) -> #VALUE! | AV7: =SUMIFS([1]记账凭证簿!$M$1:$M$65536,[1]记账凭证簿!$J$1:$J$65536,$C7,[1]记账凭证簿!$E$1:$E$65536,LEFTB(AV$3,2)) -> #VALUE! | AW7: =IF(AS7-AT7+AU7-AV7>0,AS7-AT7+AU7-AV7,0) -> #VALUE! | AX7: =IF(AT7-AS7+AV7-AU7>0,AT7-AS7+AV7-AU7,0) -> #VALUE! | AY7: =SUMIFS([1]记账凭证簿!$L$1:$L$65536,[1]记账凭证簿!$J$1:$J$65536,$C7,[1]记账凭证簿!$E$1:$E$65536,LEFTB(AY$3,2)) -> #VALUE! | AZ7: =SUMIFS([1]记账凭证簿!$M$1:$M$65536,[1]记账凭证簿!$J$1:$J$65536,$C7,[1]记账凭证簿!$E$1:$E$65536,LEFTB(AZ$3,2)) -> #VALUE! | BA7: =IF(AW7-AX7+AY7-AZ7>0,AW7-AX7+AY7-AZ7,0) -> #VALUE! | BB7: =IF(AX7-AW7+AZ7-AY7>0,AX7-AW7+AZ7-AY7,0) -> #VALUE!
B8: 1101 | C8: 交易性金融资产 | E8: 0 | G8: =SUMIFS([1]记账凭证簿!$L$1:$L$65536,[1]记账凭证簿!$J$1:$J$65536,$C8,[1]记账凭证簿!$E$1:$E$65536,LEFTB(G$3,2)) -> #VALUE! | H8: =SUMIFS([1]记账凭证簿!$M$1:$M$65536,[1]记账凭证簿!$J$1:$J$65536,$C8,[1]记账凭证簿!$E$1:$E$65536,LEFTB(H$3,2)) -> #VALUE! | I8: =IF(E8-F8+G8-H8>0,E8-F8+G8-H8,0) -> #VALUE! | J8: =IF(F8-E8+H8-G8>0,F8-E8+H8-G8,0) -> #VALUE! | K8: =SUMIFS([1]记账凭证簿!$L$1:$L$65536,[1]记账凭证簿!$J$1:$J$65536,$C8,[1]记账凭证簿!$E$1:$E$65536,LEFTB(K$3,2)) -> #VALUE! | L8: =SUMIFS([1]记账凭证簿!$M$1:$M$65536,[1]记账凭证簿!$J$1:$J$65536,$C8,[1]记账凭证簿!$E$1:$E$65536,LEFTB(L$3,2)) -> #VALUE! | M8: =IF(I8-J8+K8-L8>0,I8-J8+K8-L8,0) -> #VALUE! | N8: =IF(J8-I8+L8-K8>0,J8-I8+L8-K8,0) -> #VALUE! | O8: =SUMIFS([1]记账凭证簿!$L$1:$L$65536,[1]记账凭证簿!$J$1:$J$65536,$C8,[1]记账凭证簿!$E$1:$E$65536,LEFTB(O$3,2)) -> #VALUE! | P8: =SUMIFS([1]记账凭证簿!$M$1:$M$65536,[1]记账凭证簿!$J$1:$J$65536,$C8,[1]记账凭证簿!$E$1:$E$65536,LEFTB(P$3,2)) -> #VALUE! | Q8: =IF(M8-N8+O8-P8>0,M8-N8+O8-P8,0) -> #VALUE! | R8: =IF(N8-M8+P8-O8>0,N8-M8+P8-O8,0) -> #VALUE! | S8: =SUMIFS([1]记账凭证簿!$L$1:$L$65536,[1]记账凭证簿!$J$1:$J$65536,$C8,[1]记账凭证簿!$E$1:$E$65536,LEFTB(S$3,2)) -> #VALUE! | T8: =SUMIFS([1]记账凭证簿!$M$1:$M$65536,[1]记账凭证簿!$J$1:$J$65536,$C8,[1]记账凭证簿!$E$1:$E$65536,LEFTB(T$3,2)) -> #VALUE! | U8: =IF(Q8-R8+S8-T8>0,Q8-R8+S8-T8,0) -> #VALUE! | V8: =IF(R8-Q8+T8-S8>0,R8-Q8+T8-S8,0) -> #VALUE! | W8: =SUMIFS([1]记账凭证簿!$L$1:$L$65536,[1]记账凭证簿!$J$1:$J$65536,$C8,[1]记账凭证簿!$E$1:$E$65536,LEFTB(W$3,2)) -> #VALUE! | X8: =SUMIFS([1]记账凭证簿!$M$1:$M$65536,[1]记账凭证簿!$J$1:$J$65536,$C8,[1]记账凭证簿!$E$1:$E$65536,LEFTB(X$3,2)) -> #VALUE! | Y8: =IF(U8-V8+W8-X8>0,U8-V8+W8-X8,0) -> #VALUE! | Z8: =IF(V8-U8+X8-W8>0,V8-U8+X8-W8,0) -> #VALUE! | AA8: =SUMIFS([1]记账凭证簿!$L$1:$L$65536,[1]记账凭证簿!$J$1:$J$65536,$C8,[1]记账凭证簿!$E$1:$E$65536,LEFTB(AA$3,2)) -> #VALUE! | AB8: =SUMIFS([1]记账凭证簿!$M$1:$M$65536,[1]记账凭证簿!$J$1:$J$65536,$C8,[1]记账凭证簿!$E$1:$E$65536,LEFTB(AB$3,2)) -> #VALUE! | AC8: =IF(Y8-Z8+AA8-AB8>0,Y8-Z8+AA8-AB8,0) -> #VALUE! | AD8: =IF(Z8-Y8+AB8-AA8>0,Z8-Y8+AB8-AA8,0) -> #VALUE! | AE8: =SUMIFS([1]记账凭证簿!$L$1:$L$65536,[1]记账凭证簿!$J$1:$J$65536,$C8,[1]记账凭证簿!$E$1:$E$65536,LEFTB(AE$3,2)) -> #VALUE! | AF8: =SUMIFS([1]记账凭证簿!$M$1:$M$65536,[1]记账凭证簿!$J$1:$J$65536,$C8,[1]记账凭证簿!$E$1:$E$65536,LEFTB(AF$3,2)) -> #VALUE! | AG8: =IF(AC8-AD8+AE8-AF8>0,AC8-AD8+AE8-AF8,0) -> #VALUE! | AH8: =IF(AD8-AC8+AF8-AE8>0,AD8-AC8+AF8-AE8,0) -> #VALUE! | AI8: =SUMIFS([1]记账凭证簿!$L$1:$L$65536,[1]记账凭证簿!$J$1:$J$65536,$C8,[1]记账凭证簿!$E$1:$E$65536,LEFTB(AI$3,2)) -> #VALUE! | AJ8: =SUMIFS([1]记账凭证簿!$M$1:$M$65536,[1]记账凭证簿!$J$1:$J$65536,$C8,[1]记账凭证簿!$E$1:$E$65536,LEFTB(AJ$3,2)) -> #VALUE! | AK8: =IF(AG8-AH8+AI8-AJ8>0,AG8-AH8+AI8-AJ8,0) -> #VALUE! | AL8: =IF(AH8-AG8+AJ8-AI8>0,AH8-AG8+AJ8-AI8,0) -> #VALUE! | AM8: =SUMIFS([1]记账凭证簿!$L$1:$L$65536,[1]记账凭证簿!$J$1:$J$65536,$C8,[1]记账凭证簿!$E$1:$E$65536,LEFTB(AM$3,2)) -> #VALUE! | AN8: =SUMIFS([1]记账凭证簿!$M$1:$M$65536,[1]记账凭证簿!$J$1:$J$65536,$C8,[1]记账凭证簿!$E$1:$E$65536,LEFTB(AN$3,2)) -> #VALUE! | AO8: =IF(AK8-AL8+AM8-AN8>0,AK8-AL8+AM8-AN8,0) -> #VALUE! | AP8: =IF(AL8-AK8+AN8-AM8>0,AL8-AK8+AN8-AM8,0) -> #VALUE! | AQ8: =SUMIFS([1]记账凭证簿!$L$1:$L$65536,[1]记账凭证簿!$J$1:$J$65536,$C8,[1]记账凭证簿!$E$1:$E$65536,LEFTB(AQ$3,2)) -> #VALUE! | AR8: =SUMIFS([1]记账凭证簿!$M$1:$M$65536,[1]记账凭证簿!$J$1:$J$65536,$C8,[1]记账凭证簿!$E$1:$E$65536,LEFTB(AR$3,2)) -> #VALUE! | AS8: =IF(AO8-AP8+AQ8-AR8>0,AO8-AP8+AQ8-AR8,0) -> #VALUE! | AT8: =IF(AP8-AO8+AR8-AQ8>0,AP8-AO8+AR8-AQ8,0) -> #VALUE! | AU8: =SUMIFS([1]记账凭证簿!$L$1:$L$65536,[1]记账凭证簿!$J$1:$J$65536,$C8,[1]记账凭证簿!$E$1:$E$65536,LEFTB(AU$3,2)) -> #VALUE! | AV8: =SUMIFS([1]记账凭证簿!$M$1:$M$65536,[1]记账凭证簿!$J$1:$J$65536,$C8,[1]记账凭证簿!$E$1:$E$65536,LEFTB(AV$3,2)) -> #VALUE! | AW8: =IF(AS8-AT8+AU8-AV8>0,AS8-AT8+AU8-AV8,0) -> #VALUE! | AX8: =IF(AT8-AS8+AV8-AU8>0,AT8-AS8+AV8-AU8,0) -> #VALUE! | AY8: =SUMIFS([1]记账凭证簿!$L$1:$L$65536,[1]记账凭证簿!$J$1:$J$65536,$C8,[1]记账凭证簿!$E$1:$E$65536,LEFTB(AY$3,2)) -> #VALUE! | AZ8: =SUMIFS([1]记账凭证簿!$M$1:$M$65536,[1]记账凭证簿!$J$1:$J$65536,$C8,[1]记账凭证簿!$E$1:$E$65536,LEFTB(AZ$3,2)) -> #VALUE! | BA8: =IF(AW8-AX8+AY8-AZ8>0,AW8-AX8+AY8-AZ8,0) -> #VALUE! | BB8: =IF(AX8-AW8+AZ8-AY8>0,AX8-AW8+AZ8-AY8,0) -> #VALUE!
B9: 1121 | C9: 应收票据 | E9: 0 | G9: =SUMIFS([1]记账凭证簿!$L$1:$L$65536,[1]记账凭证簿!$J$1:$J$65536,$C9,[1]记账凭证簿!$E$1:$E$65536,LEFTB(G$3,2)) -> #VALUE! | H9: =SUMIFS([1]记账凭证簿!$M$1:$M$65536,[1]记账凭证簿!$J$1:$J$65536,$C9,[1]记账凭证簿!$E$1:$E$65536,LEFTB(H$3,2)) -> #VALUE! | I9: =IF(E9-F9+G9-H9>0,E9-F9+G9-H9,0) -> #VALUE! | J9: =IF(F9-E9+H9-G9>0,F9-E9+H9-G9,0) -> #VALUE! | K9: =SUMIFS([1]记账凭证簿!$L$1:$L$65536,[1]记账凭证簿!$J$1:$J$65536,$C9,[1]记账凭证簿!$E$1:$E$65536,LEFTB(K$3,2)) -> #VALUE! | L9: =SUMIFS([1]记账凭证簿!$M$1:$M$65536,[1]记账凭证簿!$J$1:$J$65536,$C9,[1]记账凭证簿!$E$1:$E$65536,LEFTB(L$3,2)) -> #VALUE! | M9: =IF(I9-J9+K9-L9>0,I9-J9+K9-L9,0) -> #VALUE! | N9: =IF(J9-I9+L9-K9>0,J9-I9+L9-K9,0) -> #VALUE! | O9: =SUMIFS([1]记账凭证簿!$L$1:$L$65536,[1]记账凭证簿!$J$1:$J$65536,$C9,[1]记账凭证簿!$E$1:$E$65536,LEFTB(O$3,2)) -> #VALUE! | P9: =SUMIFS([1]记账凭证簿!$M$1:$M$65536,[1]记账凭证簿!$J$1:$J$65536,$C9,[1]记账凭证簿!$E$1:$E$65536,LEFTB(P$3,2)) -> #VALUE! | Q9: =IF(M9-N9+O9-P9>0,M9-N9+O9-P9,0) -> #VALUE! | R9: =IF(N9-M9+P9-O9>0,N9-M9+P9-O9,0) -> #VALUE! | S9: =SUMIFS([1]记账凭证簿!$L$1:$L$65536,[1]记账凭证簿!$J$1:$J$65536,$C9,[1]记账凭证簿!$E$1:$E$65536,LEFTB(S$3,2)) -> #VALUE! | T9: =SUMIFS([1]记账凭证簿!$M$1:$M$65536,[1]记账凭证簿!$J$1:$J$65536,$C9,[1]记账凭证簿!$E$1:$E$65536,LEFTB(T$3,2)) -> #VALUE! | U9: =IF(Q9-R9+S9-T9>0,Q9-R9+S9-T9,0) -> #VALUE! | V9: =IF(R9-Q9+T9-S9>0,R9-Q9+T9-S9,0) -> #VALUE! | W9: =SUMIFS([1]记账凭证簿!$L$1:$L$65536,[1]记账凭证簿!$J$1:$J$65536,$C9,[1]记账凭证簿!$E$1:$E$65536,LEFTB(W$3,2)) -> #VALUE! | X9: =SUMIFS([1]记账凭证簿!$M$1:$M$65536,[1]记账凭证簿!$J$1:$J$65536,$C9,[1]记账凭证簿!$E$1:$E$65536,LEFTB(X$3,2)) -> #VALUE! | Y9: =IF(U9-V9+W9-X9>0,U9-V9+W9-X9,0) -> #VALUE! | Z9: =IF(V9-U9+X9-W9>0,V9-U9+X9-W9,0) -> #VALUE! | AA9: =SUMIFS([1]记账凭证簿!$L$1:$L$65536,[1]记账凭证簿!$J$1:$J$65536,$C9,[1]记账凭证簿!$E$1:$E$65536,LEFTB(AA$3,2)) -> #VALUE! | AB9: =SUMIFS([1]记账凭证簿!$M$1:$M$65536,[1]记账凭证簿!$J$1:$J$65536,$C9,[1]记账凭证簿!$E$1:$E$65536,LEFTB(AB$3,2)) -> #VALUE! | AC9: =IF(Y9-Z9+AA9-AB9>0,Y9-Z9+AA9-AB9,0) -> #VALUE! | AD9: =IF(Z9-Y9+AB9-AA9>0,Z9-Y9+AB9-AA9,0) -> #VALUE! | AE9: =SUMIFS([1]记账凭证簿!$L$1:$L$65536,[1]记账凭证簿!$J$1:$J$65536,$C9,[1]记账凭证簿!$E$1:$E$65536,LEFTB(AE$3,2)) -> #VALUE! | AF9: =SUMIFS([1]记账凭证簿!$M$1:$M$65536,[1]记账凭证簿!$J$1:$J$65536,$C9,[1]记账凭证簿!$E$1:$E$65536,LEFTB(AF$3,2)) -> #VALUE! | AG9: =IF(AC9-AD9+AE9-AF9>0,AC9-AD9+AE9-AF9,0) -> #VALUE! | AH9: =IF(AD9-AC9+AF9-AE9>0,AD9-AC9+AF9-AE9,0) -> #VALUE! | AI9: =SUMIFS([1]记账凭证簿!$L$1:$L$65536,[1]记账凭证簿!$J$1:$J$65536,$C9,[1]记账凭证簿!$E$1:$E$65536,LEFTB(AI$3,2)) -> #VALUE! | AJ9: =SUMIFS([1]记账凭证簿!$M$1:$M$65536,[1]记账凭证簿!$J$1:$J$65536,$C9,[1]记账凭证簿!$E$1:$E$65536,LEFTB(AJ$3,2)) -> #VALUE! | AK9: =IF(AG9-AH9+AI9-AJ9>0,AG9-AH9+AI9-AJ9,0) -> #VALUE! | AL9: =IF(AH9-AG9+AJ9-AI9>0,AH9-AG9+AJ9-AI9,0) -> #VALUE! | AM9: =SUMIFS([1]记账凭证簿!$L$1:$L$65536,[1]记账凭证簿!$J$1:$J$65536,$C9,[1]记账凭证簿!$E$1:$E$65536,LEFTB(AM$3,2)) -> #VALUE! | AN9: =SUMIFS([1]记账凭证簿!$M$1:$M$65536,[1]记账凭证簿!$J$1:$J$65536,$C9,[1]记账凭证簿!$E$1:$E$65536,LEFTB(AN$3,2)) -> #VALUE! | AO9: =IF(AK9-AL9+AM9-AN9>0,AK9-AL9+AM9-AN9,0) -> #VALUE! | AP9: =IF(AL9-AK9+AN9-AM9>0,AL9-AK9+AN9-AM9,0) -> #VALUE! | AQ9: =SUMIFS([1]记账凭证簿!$L$1:$L$65536,[1]记账凭证簿!$J$1:$J$65536,$C9,[1]记账凭证簿!$E$1:$E$65536,LEFTB(AQ$3,2)) -> #VALUE! | AR9: =SUMIFS([1]记账凭证簿!$M$1:$M$65536,[1]记账凭证簿!$J$1:$J$65536,$C9,[1]记账凭证簿!$E$1:$E$65536,LEFTB(AR$3,2)) -> #VALUE! | AS9: =IF(AO9-AP9+AQ9-AR9>0,AO9-AP9+AQ9-AR9,0) -> #VALUE! | AT9: =IF(AP9-AO9+AR9-AQ9>0,AP9-AO9+AR9-AQ9,0) -> #VALUE! | AU9: =SUMIFS([1]记账凭证簿!$L$1:$L$65536,[1]记账凭证簿!$J$1:$J$65536,$C9,[1]记账凭证簿!$E$1:$E$65536,LEFTB(AU$3,2)) -> #VALUE! | AV9: =SUMIFS([1]记账凭证簿!$M$1:$M$65536,[1]记账凭证簿!$J$1:$J$65536,$C9,[1]记账凭证簿!$E$1:$E$65536,LEFTB(AV$3,2)) -> #VALUE! | AW9: =IF(AS9-AT9+AU9-AV9>0,AS9-AT9+AU9-AV9,0) -> #VALUE! | AX9: =IF(AT9-AS9+AV9-AU9>0,AT9-AS9+AV9-AU9,0) -> #VALUE! | AY9: =SUMIFS([1]记账凭证簿!$L$1:$L$65536,[1]记账凭证簿!$J$1:$J$65536,$C9,[1]记账凭证簿!$E$1:$E$65536,LEFTB(AY$3,2)) -> #VALUE! | AZ9: =SUMIFS([1]记账凭证簿!$M$1:$M$65536,[1]记账凭证簿!$J$1:$J$65536,$C9,[1]记账凭证簿!$E$1:$E$65536,LEFTB(AZ$3,2)) -> #VALUE! | BA9: =IF(AW9-AX9+AY9-AZ9>0,AW9-AX9+AY9-AZ9,0) -> #VALUE! | BB9: =IF(AX9-AW9+AZ9-AY9>0,AX9-AW9+AZ9-AY9,0) -> #VALUE!
B10: 1122 | C10: 应收账款 | E10: 651355 | G10: =SUMIFS([1]记账凭证簿!$L$1:$L$65536,[1]记账凭证簿!$J$1:$J$65536,$C10,[1]记账凭证簿!$E$1:$E$65536,LEFTB(G$3,2)) -> #VALUE! | H10: =SUMIFS([1]记账凭证簿!$M$1:$M$65536,[1]记账凭证簿!$J$1:$J$65536,$C10,[1]记账凭证簿!$E$1:$E$65536,LEFTB(H$3,2)) -> #VALUE! | I10: =IF(E10-F10+G10-H10>0,E10-F10+G10-H10,0) -> #VALUE! | J10: =IF(F10-E10+H10-G10>0,F10-E10+H10-G10,0) -> #VALUE! | K10: =SUMIFS([1]记账凭证簿!$L$1:$L$65536,[1]记账凭证簿!$J$1:$J$65536,$C10,[1]记账凭证簿!$E$1:$E$65536,LEFTB(K$3,2)) -> #VALUE! | L10: =SUMIFS([1]记账凭证簿!$M$1:$M$65536,[1]记账凭证簿!$J$1:$J$65536,$C10,[1]记账凭证簿!$E$1:$E$65536,LEFTB(L$3,2)) -> #VALUE! | M10: =IF(I10-J10+K10-L10>0,I10-J10+K10-L10,0) -> #VALUE! | N10: =IF(J10-I10+L10-K10>0,J10-I10+L10-K10,0) -> #VALUE! | O10: =SUMIFS([1]记账凭证簿!$L$1:$L$65536,[1]记账凭证簿!$J$1:$J$65536,$C10,[1]记账凭证簿!$E$1:$E$65536,LEFTB(O$3,2)) -> #VALUE! | P10: =SUMIFS([1]记账凭证簿!$M$1:$M$65536,[1]记账凭证簿!$J$1:$J$65536,$C10,[1]记账凭证簿!$E$1:$E$65536,LEFTB(P$3,2)) -> #VALUE! | Q10: =IF(M10-N10+O10-P10>0,M10-N10+O10-P10,0) -> #VALUE! | R10: =IF(N10-M10+P10-O10>0,N10-M10+P10-O10,0) -> #VALUE! | S10: =SUMIFS([1]记账凭证簿!$L$1:$L$65536,[1]记账凭证簿!$J$1:$J$65536,$C10,[1]记账凭证簿!$E$1:$E$65536,LEFTB(S$3,2)) -> #VALUE! | T10: =SUMIFS([1]记账凭证簿!$M$1:$M$65536,[1]记账凭证簿!$J$1:$J$65536,$C10,[1]记账凭证簿!$E$1:$E$65536,LEFTB(T$3,2)) -> #VALUE! | U10: =IF(Q10-R10+S10-T10>0,Q10-R10+S10-T10,0) -> #VALUE! | V10: =IF(R10-Q10+T10-S10>0,R10-Q10+T10-S10,0) -> #VALUE! | W10: =SUMIFS([1]记账凭证簿!$L$1:$L$65536,[1]记账凭证簿!$J$1:$J$65536,$C10,[1]记账凭证簿!$E$1:$E$65536,LEFTB(W$3,2)) -> #VALUE! | X10: =SUMIFS([1]记账凭证簿!$M$1:$M$65536,[1]记账凭证簿!$J$1:$J$65536,$C10,[1]记账凭证簿!$E$1:$E$65536,LEFTB(X$3,2)) -> #VALUE! | Y10: =IF(U10-V10+W10-X10>0,U10-V10+W10-X10,0) -> #VALUE! | Z10: =IF(V10-U10+X10-W10>0,V10-U10+X10-W10,0) -> #VALUE! | AA10: =SUMIFS([1]记账凭证簿!$L$1:$L$65536,[1]记账凭证簿!$J$1:$J$65536,$C10,[1]记账凭证簿!$E$1:$E$65536,LEFTB(AA$3,2)) -> #VALUE! | AB10: =SUMIFS([1]记账凭证簿!$M$1:$M$65536,[1]记账凭证簿!$J$1:$J$65536,$C10,[1]记账凭证簿!$E$1:$E$65536,LEFTB(AB$3,2)) -> #VALUE! | AC10: =IF(Y10-Z10+AA10-AB10>0,Y10-Z10+AA10-AB10,0) -> #VALUE! | AD10: =IF(Z10-Y10+AB10-AA10>0,Z10-Y10+AB10-AA10,0) -> #VALUE! | AE10: =SUMIFS([1]记账凭证簿!$L$1:$L$65536,[1]记账凭证簿!$J$1:$J$65536,$C10,[1]记账凭证簿!$E$1:$E$65536,LEFTB(AE$3,2)) -> #VALUE! | AF10: =SUMIFS([1]记账凭证簿!$M$1:$M$65536,[1]记账凭证簿!$J$1:$J$65536,$C10,[1]记账凭证簿!$E$1:$E$65536,LEFTB(AF$3,2)) -> #VALUE! | AG10: =IF(AC10-AD10+AE10-AF10>0,AC10-AD10+AE10-AF10,0) -> #VALUE! | AH10: =IF(AD10-AC10+AF10-AE10>0,AD10-AC10+AF10-AE10,0) -> #VALUE! | AI10: =SUMIFS([1]记账凭证簿!$L$1:$L$65536,[1]记账凭证簿!$J$1:$J$65536,$C10,[1]记账凭证簿!$E$1:$E$65536,LEFTB(AI$3,2)) -> #VALUE! | AJ10: =SUMIFS([1]记账凭证簿!$M$1:$M$65536,[1]记账凭证簿!$J$1:$J$65536,$C10,[1]记账凭证簿!$E$1:$E$65536,LEFTB(AJ$3,2)) -> #VALUE! | AK10: =IF(AG10-AH10+AI10-AJ10>0,AG10-AH10+AI10-AJ10,0) -> #VALUE! | AL10: =IF(AH10-AG10+AJ10-AI10>0,AH10-AG10+AJ10-AI10,0) -> #VALUE! | AM10: =SUMIFS([1]记账凭证簿!$L$1:$L$65536,[1]记账凭证簿!$J$1:$J$65536,$C10,[1]记账凭证簿!$E$1:$E$65536,LEFTB(AM$3,2)) -> #VALUE! | AN10: =SUMIFS([1]记账凭证簿!$M$1:$M$65536,[1]记账凭证簿!$J$1:$J$65536,$C10,[1]记账凭证簿!$E$1:$E$65536,LEFTB(AN$3,2)) -> #VALUE! | AO10: =IF(AK10-AL10+AM10-AN10>0,AK10-AL10+AM10-AN10,0) -> #VALUE! | AP10: =IF(AL10-AK10+AN10-AM10>0,AL10-AK10+AN10-AM10,0) -> #VALUE! | AQ10: =SUMIFS([1]记账凭证簿!$L$1:$L$65536,[1]记账凭证簿!$J$1:$J$65536,$C10,[1]记账凭证簿!$E$1:$E$65536,LEFTB(AQ$3,2)) -> #VALUE! | AR10: =SUMIFS([1]记账凭证簿!$M$1:$M$65536,[1]记账凭证簿!$J$1:$J$65536,$C10,[1]记账凭证簿!$E$1:$E$65536,LEFTB(AR$3,2)) -> #VALUE! | AS10: =IF(AO10-AP10+AQ10-AR10>0,AO10-AP10+AQ10-AR10,0) -> #VALUE! | AT10: =IF(AP10-AO10+AR10-AQ10>0,AP10-AO10+AR10-AQ10,0) -> #VALUE! | AU10: =SUMIFS([1]记账凭证簿!$L$1:$L$65536,[1]记账凭证簿!$J$1:$J$65536,$C10,[1]记账凭证簿!$E$1:$E$65536,LEFTB(AU$3,2)) -> #VALUE! | AV10: =SUMIFS([1]记账凭证簿!$M$1:$M$65536,[1]记账凭证簿!$J$1:$J$65536,$C10,[1]记账凭证簿!$E$1:$E$65536,LEFTB(AV$3,2)) -> #VALUE! | AW10: =IF(AS10-AT10+AU10-AV10>0,AS10-AT10+AU10-AV10,0) -> #VALUE! | AX10: =IF(AT10-AS10+AV10-AU10>0,AT10-AS10+AV10-AU10,0) -> #VALUE! | AY10: =SUMIFS([1]记账凭证簿!$L$1:$L$65536,[1]记账凭证簿!$J$1:$J$65536,$C10,[1]记账凭证簿!$E$1:$E$65536,LEFTB(AY$3,2)) -> #VALUE! | AZ10: =SUMIFS([1]记账凭证簿!$M$1:$M$65536,[1]记账凭证簿!$J$1:$J$65536,$C10,[1]记账凭证簿!$E$1:$E$65536,LEFTB(AZ$3,2)) -> #VALUE! | BA10: =IF(AW10-AX10+AY10-AZ10>0,AW10-AX10+AY10-AZ10,0) -> #VALUE! | BB10: =IF(AX10-AW10+AZ10-AY10>0,AX10-AW10+AZ10-AY10,0) -> #VALUE!
B11: 1123 | C11: 预付账款 | G11: =SUMIFS([1]记账凭证簿!$L$1:$L$65536,[1]记账凭证簿!$J$1:$J$65536,$C11,[1]记账凭证簿!$E$1:$E$65536,LEFTB(G$3,2)) -> #VALUE! | H11: =SUMIFS([1]记账凭证簿!$M$1:$M$65536,[1]记账凭证簿!$J$1:$J$65536,$C11,[1]记账凭证簿!$E$1:$E$65536,LEFTB(H$3,2)) -> #VALUE! | I11: =IF(E11-F11+G11-H11>0,E11-F11+G11-H11,0) -> #VALUE! | J11: =IF(F11-E11+H11-G11>0,F11-E11+H11-G11,0) -> #VALUE! | K11: =SUMIFS([1]记账凭证簿!$L$1:$L$65536,[1]记账凭证簿!$J$1:$J$65536,$C11,[1]记账凭证簿!$E$1:$E$65536,LEFTB(K$3,2)) -> #VALUE! | L11: =SUMIFS([1]记账凭证簿!$M$1:$M$65536,[1]记账凭证簿!$J$1:$J$65536,$C11,[1]记账凭证簿!$E$1:$E$65536,LEFTB(L$3,2)) -> #VALUE! | M11: =IF(I11-J11+K11-L11>0,I11-J11+K11-L11,0) -> #VALUE! | N11: =IF(J11-I11+L11-K11>0,J11-I11+L11-K11,0) -> #VALUE! | O11: =SUMIFS([1]记账凭证簿!$L$1:$L$65536,[1]记账凭证簿!$J$1:$J$65536,$C11,[1]记账凭证簿!$E$1:$E$65536,LEFTB(O$3,2)) -> #VALUE! | P11: =SUMIFS([1]记账凭证簿!$M$1:$M$65536,[1]记账凭证簿!$J$1:$J$65536,$C11,[1]记账凭证簿!$E$1:$E$65536,LEFTB(P$3,2)) -> #VALUE! | Q11: =IF(M11-N11+O11-P11>0,M11-N11+O11-P11,0) -> #VALUE! | R11: =IF(N11-M11+P11-O11>0,N11-M11+P11-O11,0) -> #VALUE! | S11: =SUMIFS([1]记账凭证簿!$L$1:$L$65536,[1]记账凭证簿!$J$1:$J$65536,$C11,[1]记账凭证簿!$E$1:$E$65536,LEFTB(S$3,2)) -> #VALUE! | T11: =SUMIFS([1]记账凭证簿!$M$1:$M$65536,[1]记账凭证簿!$J$1:$J$65536,$C11,[1]记账凭证簿!$E$1:$E$65536,LEFTB(T$3,2)) -> #VALUE! | U11: =IF(Q11-R11+S11-T11>0,Q11-R11+S11-T11,0) -> #VALUE! | V11: =IF(R11-Q11+T11-S11>0,R11-Q11+T11-S11,0) -> #VALUE! | W11: =SUMIFS([1]记账凭证簿!$L$1:$L$65536,[1]记账凭证簿!$J$1:$J$65536,$C11,[1]记账凭证簿!$E$1:$E$65536,LEFTB(W$3,2)) -> #VALUE! | X11: =SUMIFS([1]记账凭证簿!$M$1:$M$65536,[1]记账凭证簿!$J$1:$J$65536,$C11,[1]记账凭证簿!$E$1:$E$65536,LEFTB(X$3,2)) -> #VALUE! | Y11: =IF(U11-V11+W11-X11>0,U11-V11+W11-X11,0) -> #VALUE! | Z11: =IF(V11-U11+X11-W11>0,V11-U11+X11-W11,0) -> #VALUE! | AA11: =SUMIFS([1]记账凭证簿!$L$1:$L$65536,[1]记账凭证簿!$J$1:$J$65536,$C11,[1]记账凭证簿!$E$1:$E$65536,LEFTB(AA$3,2)) -> #VALUE! | AB11: =SUMIFS([1]记账凭证簿!$M$1:$M$65536,[1]记账凭证簿!$J$1:$J$65536,$C11,[1]记账凭证簿!$E$1:$E$65536,LEFTB(AB$3,2)) -> #VALUE! | AC11: =IF(Y11-Z11+AA11-AB11>0,Y11-Z11+AA11-AB11,0) -> #VALUE! | AD11: =IF(Z11-Y11+AB11-AA11>0,Z11-Y11+AB11-AA11,0) -> #VALUE! | AE11: =SUMIFS([1]记账凭证簿!$L$1:$L$65536,[1]记账凭证簿!$J$1:$J$65536,$C11,[1]记账凭证簿!$E$1:$E$65536,LEFTB(AE$3,2)) -> #VALUE! | AF11: =SUMIFS([1]记账凭证簿!$M$1:$M$65536,[1]记账凭证簿!$J$1:$J$65536,$C11,[1]记账凭证簿!$E$1:$E$65536,LEFTB(AF$3,2)) -> #VALUE! | AG11: =IF(AC11-AD11+AE11-AF11>0,AC11-AD11+AE11-AF11,0) -> #VALUE! | AH11: =IF(AD11-AC11+AF11-AE11>0,AD11-AC11+AF11-AE11,0) -> #VALUE! | AI11: =SUMIFS([1]记账凭证簿!$L$1:$L$65536,[1]记账凭证簿!$J$1:$J$65536,$C11,[1]记账凭证簿!$E$1:$E$65536,LEFTB(AI$3,2)) -> #VALUE! | AJ11: =SUMIFS([1]记账凭证簿!$M$1:$M$65536,[1]记账凭证簿!$J$1:$J$65536,$C11,[1]记账凭证簿!$E$1:$E$65536,LEFTB(AJ$3,2)) -> #VALUE! | AK11: =IF(AG11-AH11+AI11-AJ11>0,AG11-AH11+AI11-AJ11,0) -> #VALUE! | AL11: =IF(AH11-AG11+AJ11-AI11>0,AH11-AG11+AJ11-AI11,0) -> #VALUE! | AM11: =SUMIFS([1]记账凭证簿!$L$1:$L$65536,[1]记账凭证簿!$J$1:$J$65536,$C11,[1]记账凭证簿!$E$1:$E$65536,LEFTB(AM$3,2)) -> #VALUE! | AN11: =SUMIFS([1]记账凭证簿!$M$1:$M$65536,[1]记账凭证簿!$J$1:$J$65536,$C11,[1]记账凭证簿!$E$1:$E$65536,LEFTB(AN$3,2)) -> #VALUE! | AO11: =IF(AK11-AL11+AM11-AN11>0,AK11-AL11+AM11-AN11,0) -> #VALUE! | AP11: =IF(AL11-AK11+AN11-AM11>0,AL11-AK11+AN11-AM11,0) -> #VALUE! | AQ11: =SUMIFS([1]记账凭证簿!$L$1:$L$65536,[1]记账凭证簿!$J$1:$J$65536,$C11,[1]记账凭证簿!$E$1:$E$65536,LEFTB(AQ$3,2)) -> #VALUE! | AR11: =SUMIFS([1]记账凭证簿!$M$1:$M$65536,[1]记账凭证簿!$J$1:$J$65536,$C11,[1]记账凭证簿!$E$1:$E$65536,LEFTB(AR$3,2)) -> #VALUE! | AS11: =IF(AO11-AP11+AQ11-AR11>0,AO11-AP11+AQ11-AR11,0) -> #VALUE! | AT11: =IF(AP11-AO11+AR11-AQ11>0,AP11-AO11+AR11-AQ11,0) -> #VALUE! | AU11: =SUMIFS([1]记账凭证簿!$L$1:$L$65536,[1]记账凭证簿!$J$1:$J$65536,$C11,[1]记账凭证簿!$E$1:$E$65536,LEFTB(AU$3,2)) -> #VALUE! | AV11: =SUMIFS([1]记账凭证簿!$M$1:$M$65536,[1]记账凭证簿!$J$1:$J$65536,$C11,[1]记账凭证簿!$E$1:$E$65536,LEFTB(AV$3,2)) -> #VALUE! | AW11: =IF(AS11-AT11+AU11-AV11>0,AS11-AT11+AU11-AV11,0) -> #VALUE! | AX11: =IF(AT11-AS11+AV11-AU11>0,AT11-AS11+AV11-AU11,0) -> #VALUE! | AY11: =SUMIFS([1]记账凭证簿!$L$1:$L$65536,[1]记账凭证簿!$J$1:$J$65536,$C11,[1]记账凭证簿!$E$1:$E$65536,LEFTB(AY$3,2)) -> #VALUE! | AZ11: =SUMIFS([1]记账凭证簿!$M$1:$M$65536,[1]记账凭证簿!$J$1:$J$65536,$C11,[1]记账凭证簿!$E$1:$E$65536,LEFTB(AZ$3,2)) -> #VALUE! | BA11: =IF(AW11-AX11+AY11-AZ11>0,AW11-AX11+AY11-AZ11,0) -> #VALUE! | BB11: =IF(AX11-AW11+AZ11-AY11>0,AX11-AW11+AZ11-AY11,0) -> #VALUE!
B12: 1131 | C12: 应收股利 | E12: 0 | G12: =SUMIFS([1]记账凭证簿!$L$1:$L$65536,[1]记账凭证簿!$J$1:$J$65536,$C12,[1]记账凭证簿!$E$1:$E$65536,LEFTB(G$3,2)) -> #VALUE! | H12: =SUMIFS([1]记账凭证簿!$M$1:$M$65536,[1]记账凭证簿!$J$1:$J$65536,$C12,[1]记账凭证簿!$E$1:$E$65536,LEFTB(H$3,2)) -> #VALUE! | I12: =IF(E12-F12+G12-H12>0,E12-F12+G12-H12,0) -> #VALUE! | J12: =IF(F12-E12+H12-G12>0,F12-E12+H12-G12,0) -> #VALUE! | K12: =SUMIFS([1]记账凭证簿!$L$1:$L$65536,[1]记账凭证簿!$J$1:$J$65536,$C12,[1]记账凭证簿!$E$1:$E$65536,LEFTB(K$3,2)) -> #VALUE! | L12: =SUMIFS([1]记账凭证簿!$M$1:$M$65536,[1]记账凭证簿!$J$1:$J$65536,$C12,[1]记账凭证簿!$E$1:$E$65536,LEFTB(L$3,2)) -> #VALUE! | M12: =IF(I12-J12+K12-L12>0,I12-J12+K12-L12,0) -> #VALUE! | N12: =IF(J12-I12+L12-K12>0,J12-I12+L12-K12,0) -> #VALUE! | O12: =SUMIFS([1]记账凭证簿!$L$1:$L$65536,[1]记账凭证簿!$J$1:$J$65536,$C12,[1]记账凭证簿!$E$1:$E$65536,LEFTB(O$3,2)) -> #VALUE! | P12: =SUMIFS([1]记账凭证簿!$M$1:$M$65536,[1]记账凭证簿!$J$1:$J$65536,$C12,[1]记账凭证簿!$E$1:$E$65536,LEFTB(P$3,2)) -> #VALUE! | Q12: =IF(M12-N12+O12-P12>0,M12-N12+O12-P12,0) -> #VALUE! | R12: =IF(N12-M12+P12-O12>0,N12-M12+P12-O12,0) -> #VALUE! | S12: =SUMIFS([1]记账凭证簿!$L$1:$L$65536,[1]记账凭证簿!$J$1:$J$65536,$C12,[1]记账凭证簿!$E$1:$E$65536,LEFTB(S$3,2)) -> #VALUE! | T12: =SUMIFS([1]记账凭证簿!$M$1:$M$65536,[1]记账凭证簿!$J$1:$J$65536,$C12,[1]记账凭证簿!$E$1:$E$65536,LEFTB(T$3,2)) -> #VALUE! | U12: =IF(Q12-R12+S12-T12>0,Q12-R12+S12-T12,0) -> #VALUE! | V12: =IF(R12-Q12+T12-S12>0,R12-Q12+T12-S12,0) -> #VALUE! | W12: =SUMIFS([1]记账凭证簿!$L$1:$L$65536,[1]记账凭证簿!$J$1:$J$65536,$C12,[1]记账凭证簿!$E$1:$E$65536,LEFTB(W$3,2)) -> #VALUE! | X12: =SUMIFS([1]记账凭证簿!$M$1:$M$65536,[1]记账凭证簿!$J$1:$J$65536,$C12,[1]记账凭证簿!$E$1:$E$65536,LEFTB(X$3,2)) -> #VALUE! | Y12: =IF(U12-V12+W12-X12>0,U12-V12+W12-X12,0) -> #VALUE! | Z12: =IF(V12-U12+X12-W12>0,V12-U12+X12-W12,0) -> #VALUE! | AA12: =SUMIFS([1]记账凭证簿!$L$1:$L$65536,[1]记账凭证簿!$J$1:$J$65536,$C12,[1]记账凭证簿!$E$1:$E$65536,LEFTB(AA$3,2)) -> #VALUE! | AB12: =SUMIFS([1]记账凭证簿!$M$1:$M$65536,[1]记账凭证簿!$J$1:$J$65536,$C12,[1]记账凭证簿!$E$1:$E$65536,LEFTB(AB$3,2)) -> #VALUE! | AC12: =IF(Y12-Z12+AA12-AB12>0,Y12-Z12+AA12-AB12,0) -> #VALUE! | AD12: =IF(Z12-Y12+AB12-AA12>0,Z12-Y12+AB12-AA12,0) -> #VALUE! | AE12: =SUMIFS([1]记账凭证簿!$L$1:$L$65536,[1]记账凭证簿!$J$1:$J$65536,$C12,[1]记账凭证簿!$E$1:$E$65536,LEFTB(AE$3,2)) -> #VALUE! | AF12: =SUMIFS([1]记账凭证簿!$M$1:$M$65536,[1]记账凭证簿!$J$1:$J$65536,$C12,[1]记账凭证簿!$E$1:$E$65536,LEFTB(AF$3,2)) -> #VALUE! | AG12: =IF(AC12-AD12+AE12-AF12>0,AC12-AD12+AE12-AF12,0) -> #VALUE! | AH12: =IF(AD12-AC12+AF12-AE12>0,AD12-AC12+AF12-AE12,0) -> #VALUE! | AI12: =SUMIFS([1]记账凭证簿!$L$1:$L$65536,[1]记账凭证簿!$J$1:$J$65536,$C12,[1]记账凭证簿!$E$1:$E$65536,LEFTB(AI$3,2)) -> #VALUE! | AJ12: =SUMIFS([1]记账凭证簿!$M$1:$M$65536,[1]记账凭证簿!$J$1:$J$65536,$C12,[1]记账凭证簿!$E$1:$E$65536,LEFTB(AJ$3,2)) -> #VALUE! | AK12: =IF(AG12-AH12+AI12-AJ12>0,AG12-AH12+AI12-AJ12,0) -> #VALUE! | AL12: =IF(AH12-AG12+AJ12-AI12>0,AH12-AG12+AJ12-AI12,0) -> #VALUE! | AM12: =SUMIFS([1]记账凭证簿!$L$1:$L$65536,[1]记账凭证簿!$J$1:$J$65536,$C12,[1]记账凭证簿!$E$1:$E$65536,LEFTB(AM$3,2)) -> #VALUE! | AN12: =SUMIFS([1]记账凭证簿!$M$1:$M$65536,[1]记账凭证簿!$J$1:$J$65536,$C12,[1]记账凭证簿!$E$1:$E$65536,LEFTB(AN$3,2)) -> #VALUE! | AO12: =IF(AK12-AL12+AM12-AN12>0,AK12-AL12+AM12-AN12,0) -> #VALUE! | AP12: =IF(AL12-AK12+AN12-AM12>0,AL12-AK12+AN12-AM12,0) -> #VALUE! | AQ12: =SUMIFS([1]记账凭证簿!$L$1:$L$65536,[1]记账凭证簿!$J$1:$J$65536,$C12,[1]记账凭证簿!$E$1:$E$65536,LEFTB(AQ$3,2)) -> #VALUE! | AR12: =SUMIFS([1]记账凭证簿!$M$1:$M$65536,[1]记账凭证簿!$J$1:$J$65536,$C12,[1]记账凭证簿!$E$1:$E$65536,LEFTB(AR$3,2)) -> #VALUE! | AS12: =IF(AO12-AP12+AQ12-AR12>0,AO12-AP12+AQ12-AR12,0) -> #VALUE! | AT12: =IF(AP12-AO12+AR12-AQ12>0,AP12-AO12+AR12-AQ12,0) -> #VALUE! | AU12: =SUMIFS([1]记账凭证簿!$L$1:$L$65536,[1]记账凭证簿!$J$1:$J$65536,$C12,[1]记账凭证簿!$E$1:$E$65536,LEFTB(AU$3,2)) -> #VALUE! | AV12: =SUMIFS([1]记账凭证簿!$M$1:$M$65536,[1]记账凭证簿!$J$1:$J$65536,$C12,[1]记账凭证簿!$E$1:$E$65536,LEFTB(AV$3,2)) -> #VALUE! | AW12: =IF(AS12-AT12+AU12-AV12>0,AS12-AT12+AU12-AV12,0) -> #VALUE! | AX12: =IF(AT12-AS12+AV12-AU12>0,AT12-AS12+AV12-AU12,0) -> #VALUE! | AY12: =SUMIFS([1]记账凭证簿!$L$1:$L$65536,[1]记账凭证簿!$J$1:$J$65536,$C12,[1]记账凭证簿!$E$1:$E$65536,LEFTB(AY$3,2)) -> #VALUE! | AZ12: =SUMIFS([1]记账凭证簿!$M$1:$M$65536,[1]记账凭证簿!$J$1:$J$65536,$C12,[1]记账凭证簿!$E$1:$E$65536,LEFTB(AZ$3,2)) -> #VALUE! | BA12: =IF(AW12-AX12+AY12-AZ12>0,AW12-AX12+AY12-AZ12,0) -> #VALUE! | BB12: =IF(AX12-AW12+AZ12-AY12>0,AX12-AW12+AZ12-AY12,0) -> #VALUE!
B13: 1231 | C13: 其他应收款 | E13: 94700 | G13: =SUMIFS([1]记账凭证簿!$L$1:$L$65536,[1]记账凭证簿!$J$1:$J$65536,$C13,[1]记账凭证簿!$E$1:$E$65536,LEFTB(G$3,2)) -> #VALUE! | H13: =SUMIFS([1]记账凭证簿!$M$1:$M$65536,[1]记账凭证簿!$J$1:$J$65536,$C13,[1]记账凭证簿!$E$1:$E$65536,LEFTB(H$3,2)) -> #VALUE! | I13: =IF(E13-F13+G13-H13>0,E13-F13+G13-H13,0) -> #VALUE! | J13: =IF(F13-E13+H13-G13>0,F13-E13+H13-G13,0) -> #VALUE! | K13: =SUMIFS([1]记账凭证簿!$L$1:$L$65536,[1]记账凭证簿!$J$1:$J$65536,$C13,[1]记账凭证簿!$E$1:$E$65536,LEFTB(K$3,2)) -> #VALUE! | L13: =SUMIFS([1]记账凭证簿!$M$1:$M$65536,[1]记账凭证簿!$J$1:$J$65536,$C13,[1]记账凭证簿!$E$1:$E$65536,LEFTB(L$3,2)) -> #VALUE! | M13: =IF(I13-J13+K13-L13>0,I13-J13+K13-L13,0) -> #VALUE! | N13: =IF(J13-I13+L13-K13>0,J13-I13+L13-K13,0) -> #VALUE! | O13: =SUMIFS([1]记账凭证簿!$L$1:$L$65536,[1]记账凭证簿!$J$1:$J$65536,$C13,[1]记账凭证簿!$E$1:$E$65536,LEFTB(O$3,2)) -> #VALUE! | P13: =SUMIFS([1]记账凭证簿!$M$1:$M$65536,[1]记账凭证簿!$J$1:$J$65536,$C13,[1]记账凭证簿!$E$1:$E$65536,LEFTB(P$3,2)) -> #VALUE! | Q13: =IF(M13-N13+O13-P13>0,M13-N13+O13-P13,0) -> #VALUE! | R13: =IF(N13-M13+P13-O13>0,N13-M13+P13-O13,0) -> #VALUE! | S13: =SUMIFS([1]记账凭证簿!$L$1:$L$65536,[1]记账凭证簿!$J$1:$J$65536,$C13,[1]记账凭证簿!$E$1:$E$65536,LEFTB(S$3,2)) -> #VALUE! | T13: =SUMIFS([1]记账凭证簿!$M$1:$M$65536,[1]记账凭证簿!$J$1:$J$65536,$C13,[1]记账凭证簿!$E$1:$E$65536,LEFTB(T$3,2)) -> #VALUE! | U13: =IF(Q13-R13+S13-T13>0,Q13-R13+S13-T13,0) -> #VALUE! | V13: =IF(R13-Q13+T13-S13>0,R13-Q13+T13-S13,0) -> #VALUE! | W13: =SUMIFS([1]记账凭证簿!$L$1:$L$65536,[1]记账凭证簿!$J$1:$J$65536,$C13,[1]记账凭证簿!$E$1:$E$65536,LEFTB(W$3,2)) -> #VALUE! | X13: =SUMIFS([1]记账凭证簿!$M$1:$M$65536,[1]记账凭证簿!$J$1:$J$65536,$C13,[1]记账凭证簿!$E$1:$E$65536,LEFTB(X$3,2)) -> #VALUE! | Y13: =IF(U13-V13+W13-X13>0,U13-V13+W13-X13,0) -> #VALUE! | Z13: =IF(V13-U13+X13-W13>0,V13-U13+X13-W13,0) -> #VALUE! | AA13: =SUMIFS([1]记账凭证簿!$L$1:$L$65536,[1]记账凭证簿!$J$1:$J$65536,$C13,[1]记账凭证簿!$E$1:$E$65536,LEFTB(AA$3,2)) -> #VALUE! | AB13: =SUMIFS([1]记账凭证簿!$M$1:$M$65536,[1]记账凭证簿!$J$1:$J$65536,$C13,[1]记账凭证簿!$E$1:$E$65536,LEFTB(AB$3,2)) -> #VALUE! | AC13: =IF(Y13-Z13+AA13-AB13>0,Y13-Z13+AA13-AB13,0) -> #VALUE! | AD13: =IF(Z13-Y13+AB13-AA13>0,Z13-Y13+AB13-AA13,0) -> #VALUE! | AE13: =SUMIFS([1]记账凭证簿!$L$1:$L$65536,[1]记账凭证簿!$J$1:$J$65536,$C13,[1]记账凭证簿!$E$1:$E$65536,LEFTB(AE$3,2)) -> #VALUE! | AF13: =SUMIFS([1]记账凭证簿!$M$1:$M$65536,[1]记账凭证簿!$J$1:$J$65536,$C13,[1]记账凭证簿!$E$1:$E$65536,LEFTB(AF$3,2)) -> #VALUE! | AG13: =IF(AC13-AD13+AE13-AF13>0,AC13-AD13+AE13-AF13,0) -> #VALUE! | AH13: =IF(AD13-AC13+AF13-AE13>0,AD13-AC13+AF13-AE13,0) -> #VALUE! | AI13: =SUMIFS([1]记账凭证簿!$L$1:$L$65536,[1]记账凭证簿!$J$1:$J$65536,$C13,[1]记账凭证簿!$E$1:$E$65536,LEFTB(AI$3,2)) -> #VALUE! | AJ13: =SUMIFS([1]记账凭证簿!$M$1:$M$65536,[1]记账凭证簿!$J$1:$J$65536,$C13,[1]记账凭证簿!$E$1:$E$65536,LEFTB(AJ$3,2)) -> #VALUE! | AK13: =IF(AG13-AH13+AI13-AJ13>0,AG13-AH13+AI13-AJ13,0) -> #VALUE! | AL13: =IF(AH13-AG13+AJ13-AI13>0,AH13-AG13+AJ13-AI13,0) -> #VALUE! | AM13: =SUMIFS([1]记账凭证簿!$L$1:$L$65536,[1]记账凭证簿!$J$1:$J$65536,$C13,[1]记账凭证簿!$E$1:$E$65536,LEFTB(AM$3,2)) -> #VALUE! | AN13: =SUMIFS([1]记账凭证簿!$M$1:$M$65536,[1]记账凭证簿!$J$1:$J$65536,$C13,[1]记账凭证簿!$E$1:$E$65536,LEFTB(AN$3,2)) -> #VALUE! | AO13: =IF(AK13-AL13+AM13-AN13>0,AK13-AL13+AM13-AN13,0) -> #VALUE! | AP13: =IF(AL13-AK13+AN13-AM13>0,AL13-AK13+AN13-AM13,0) -> #VALUE! | AQ13: =SUMIFS([1]记账凭证簿!$L$1:$L$65536,[1]记账凭证簿!$J$1:$J$65536,$C13,[1]记账凭证簿!$E$1:$E$65536,LEFTB(AQ$3,2)) -> #VALUE! | AR13: =SUMIFS([1]记账凭证簿!$M$1:$M$65536,[1]记账凭证簿!$J$1:$J$65536,$C13,[1]记账凭证簿!$E$1:$E$65536,LEFTB(AR$3,2)) -> #VALUE! | AS13: =IF(AO13-AP13+AQ13-AR13>0,AO13-AP13+AQ13-AR13,0) -> #VALUE! | AT13: =IF(AP13-AO13+AR13-AQ13>0,AP13-AO13+AR13-AQ13,0) -> #VALUE! | AU13: =SUMIFS([1]记账凭证簿!$L$1:$L$65536,[1]记账凭证簿!$J$1:$J$65536,$C13,[1]记账凭证簿!$E$1:$E$65536,LEFTB(AU$3,2)) -> #VALUE! | AV13: =SUMIFS([1]记账凭证簿!$M$1:$M$65536,[1]记账凭证簿!$J$1:$J$65536,$C13,[1]记账凭证簿!$E$1:$E$65536,LEFTB(AV$3,2)) -> #VALUE! | AW13: =IF(AS13-AT13+AU13-AV13>0,AS13-AT13+AU13-AV13,0) -> #VALUE! | AX13: =IF(AT13-AS13+AV13-AU13>0,AT13-AS13+AV13-AU13,0) -> #VALUE! | AY13: =SUMIFS([1]记账凭证簿!$L$1:$L$65536,[1]记账凭证簿!$J$1:$J$65536,$C13,[1]记账凭证簿!$E$1:$E$65536,LEFTB(AY$3,2)) -> #VALUE! | AZ13: =SUMIFS([1]记账凭证簿!$M$1:$M$65536,[1]记账凭证簿!$J$1:$J$65536,$C13,[1]记账凭证簿!$E$1:$E$65536,LEFTB(AZ$3,2)) -> #VALUE! | BA13: =IF(AW13-AX13+AY13-AZ13>0,AW13-AX13+AY13-AZ13,0) -> #VALUE! | BB13: =IF(AX13-AW13+AZ13-AY13>0,AX13-AW13+AZ13-AY13,0) -> #VALUE!
B14: 1241 | C14: 坏账准备 | E14: 0 | F14: 4500 | G14: =SUMIFS([1]记账凭证簿!$L$1:$L$65536,[1]记账凭证簿!$J$1:$J$65536,$C14,[1]记账凭证簿!$E$1:$E$65536,LEFTB(G$3,2)) -> #VALUE! | H14: =SUMIFS([1]记账凭证簿!$M$1:$M$65536,[1]记账凭证簿!$J$1:$J$65536,$C14,[1]记账凭证簿!$E$1:$E$65536,LEFTB(H$3,2)) -> #VALUE! | I14: =IF(E14-F14+G14-H14>0,E14-F14+G14-H14,0) -> #VALUE! | J14: =IF(F14-E14+H14-G14>0,F14-E14+H14-G14,0) -> #VALUE! | K14: =SUMIFS([1]记账凭证簿!$L$1:$L$65536,[1]记账凭证簿!$J$1:$J$65536,$C14,[1]记账凭证簿!$E$1:$E$65536,LEFTB(K$3,2)) -> #VALUE! | L14: =SUMIFS([1]记账凭证簿!$M$1:$M$65536,[1]记账凭证簿!$J$1:$J$65536,$C14,[1]记账凭证簿!$E$1:$E$65536,LEFTB(L$3,2)) -> #VALUE! | M14: =IF(I14-J14+K14-L14>0,I14-J14+K14-L14,0) -> #VALUE! | N14: =IF(J14-I14+L14-K14>0,J14-I14+L14-K14,0) -> #VALUE! | O14: =SUMIFS([1]记账凭证簿!$L$1:$L$65536,[1]记账凭证簿!$J$1:$J$65536,$C14,[1]记账凭证簿!$E$1:$E$65536,LEFTB(O$3,2)) -> #VALUE! | P14: =SUMIFS([1]记账凭证簿!$M$1:$M$65536,[1]记账凭证簿!$J$1:$J$65536,$C14,[1]记账凭证簿!$E$1:$E$65536,LEFTB(P$3,2)) -> #VALUE! | Q14: =IF(M14-N14+O14-P14>0,M14-N14+O14-P14,0) -> #VALUE! | R14: =IF(N14-M14+P14-O14>0,N14-M14+P14-O14,0) -> #VALUE! | S14: =SUMIFS([1]记账凭证簿!$L$1:$L$65536,[1]记账凭证簿!$J$1:$J$65536,$C14,[1]记账凭证簿!$E$1:$E$65536,LEFTB(S$3,2)) -> #VALUE! | T14: =SUMIFS([1]记账凭证簿!$M$1:$M$65536,[1]记账凭证簿!$J$1:$J$65536,$C14,[1]记账凭证簿!$E$1:$E$65536,LEFTB(T$3,2)) -> #VALUE! | U14: =IF(Q14-R14+S14-T14>0,Q14-R14+S14-T14,0) -> #VALUE! | V14: =IF(R14-Q14+T14-S14>0,R14-Q14+T14-S14,0) -> #VALUE! | W14: =SUMIFS([1]记账凭证簿!$L$1:$L$65536,[1]记账凭证簿!$J$1:$J$65536,$C14,[1]记账凭证簿!$E$1:$E$65536,LEFTB(W$3,2)) -> #VALUE! | X14: =SUMIFS([1]记账凭证簿!$M$1:$M$65536,[1]记账凭证簿!$J$1:$J$65536,$C14,[1]记账凭证簿!$E$1:$E$65536,LEFTB(X$3,2)) -> #VALUE! | Y14: =IF(U14-V14+W14-X14>0,U14-V14+W14-X14,0) -> #VALUE! | Z14: =IF(V14-U14+X14-W14>0,V14-U14+X14-W14,0) -> #VALUE! | AA14: =SUMIFS([1]记账凭证簿!$L$1:$L$65536,[1]记账凭证簿!$J$1:$J$65536,$C14,[1]记账凭证簿!$E$1:$E$65536,LEFTB(AA$3,2)) -> #VALUE! | AB14: =SUMIFS([1]记账凭证簿!$M$1:$M$65536,[1]记账凭证簿!$J$1:$J$65536,$C14,[1]记账凭证簿!$E$1:$E$65536,LEFTB(AB$3,2)) -> #VALUE! | AC14: =IF(Y14-Z14+AA14-AB14>0,Y14-Z14+AA14-AB14,0) -> #VALUE! | AD14: =IF(Z14-Y14+AB14-AA14>0,Z14-Y14+AB14-AA14,0) -> #VALUE! | AE14: =SUMIFS([1]记账凭证簿!$L$1:$L$65536,[1]记账凭证簿!$J$1:$J$65536,$C14,[1]记账凭证簿!$E$1:$E$65536,LEFTB(AE$3,2)) -> #VALUE! | AF14: =SUMIFS([1]记账凭证簿!$M$1:$M$65536,[1]记账凭证簿!$J$1:$J$65536,$C14,[1]记账凭证簿!$E$1:$E$65536,LEFTB(AF$3,2)) -> #VALUE! | AG14: =IF(AC14-AD14+AE14-AF14>0,AC14-AD14+AE14-AF14,0) -> #VALUE! | AH14: =IF(AD14-AC14+AF14-AE14>0,AD14-AC14+AF14-AE14,0) -> #VALUE! | AI14: =SUMIFS([1]记账凭证簿!$L$1:$L$65536,[1]记账凭证簿!$J$1:$J$65536,$C14,[1]记账凭证簿!$E$1:$E$65536,LEFTB(AI$3,2)) -> #VALUE! | AJ14: =SUMIFS([1]记账凭证簿!$M$1:$M$65536,[1]记账凭证簿!$J$1:$J$65536,$C14,[1]记账凭证簿!$E$1:$E$65536,LEFTB(AJ$3,2)) -> #VALUE! | AK14: =IF(AG14-AH14+AI14-AJ14>0,AG14-AH14+AI14-AJ14,0) -> #VALUE! | AL14: =IF(AH14-AG14+AJ14-AI14>0,AH14-AG14+AJ14-AI14,0) -> #VALUE! | AM14: =SUMIFS([1]记账凭证簿!$L$1:$L$65536,[1]记账凭证簿!$J$1:$J$65536,$C14,[1]记账凭证簿!$E$1:$E$65536,LEFTB(AM$3,2)) -> #VALUE! | AN14: =SUMIFS([1]记账凭证簿!$M$1:$M$65536,[1]记账凭证簿!$J$1:$J$65536,$C14,[1]记账凭证簿!$E$1:$E$65536,LEFTB(AN$3,2)) -> #VALUE! | AO14: =IF(AK14-AL14+AM14-AN14>0,AK14-AL14+AM14-AN14,0) -> #VALUE! | AP14: =IF(AL14-AK14+AN14-AM14>0,AL14-AK14+AN14-AM14,0) -> #VALUE! | AQ14: =SUMIFS([1]记账凭证簿!$L$1:$L$65536,[1]记账凭证簿!$J$1:$J$65536,$C14,[1]记账凭证簿!$E$1:$E$65536,LEFTB(AQ$3,2)) -> #VALUE! | AR14: =SUMIFS([1]记账凭证簿!$M$1:$M$65536,[1]记账凭证簿!$J$1:$J$65536,$C14,[1]记账凭证簿!$E$1:$E$65536,LEFTB(AR$3,2)) -> #VALUE! | AS14: =IF(AO14-AP14+AQ14-AR14>0,AO14-AP14+AQ14-AR14,0) -> #VALUE! | AT14: =IF(AP14-AO14+AR14-AQ14>0,AP14-AO14+AR14-AQ14,0) -> #VALUE! | AU14: =SUMIFS([1]记账凭证簿!$L$1:$L$65536,[1]记账凭证簿!$J$1:$J$65536,$C14,[1]记账凭证簿!$E$1:$E$65536,LEFTB(AU$3,2)) -> #VALUE! | AV14: =SUMIFS([1]记账凭证簿!$M$1:$M$65536,[1]记账凭证簿!$J$1:$J$65536,$C14,[1]记账凭证簿!$E$1:$E$65536,LEFTB(AV$3,2)) -> #VALUE! | AW14: =IF(AS14-AT14+AU14-AV14>0,AS14-AT14+AU14-AV14,0) -> #VALUE! | AX14: =IF(AT14-AS14+AV14-AU14>0,AT14-AS14+AV14-AU14,0) -> #VALUE! | AY14: =SUMIFS([1]记账凭证簿!$L$1:$L$65536,[1]记账凭证簿!$J$1:$J$65536,$C14,[1]记账凭证簿!$E$1:$E$65536,LEFTB(AY$3,2)) -> #VALUE! | AZ14: =SUMIFS([1]记账凭证簿!$M$1:$M$65536,[1]记账凭证簿!$J$1:$J$65536,$C14,[1]记账凭证簿!$E$1:$E$65536,LEFTB(AZ$3,2)) -> #VALUE! | BA14: =IF(AW14-AX14+AY14-AZ14>0,AW14-AX14+AY14-AZ14,0) -> #VALUE! | BB14: =IF(AX14-AW14+AZ14-AY14>0,AX14-AW14+AZ14-AY14,0) -> #VALUE!
B15: 1401 | C15: 材料采购 | E15: 0 | G15: =SUMIFS([1]记账凭证簿!$L$1:$L$65536,[1]记账凭证簿!$J$1:$J$65536,$C15,[1]记账凭证簿!$E$1:$E$65536,LEFTB(G$3,2)) -> #VALUE! | H15: =SUMIFS([1]记账凭证簿!$M$1:$M$65536,[1]记账凭证簿!$J$1:$J$65536,$C15,[1]记账凭证簿!$E$1:$E$65536,LEFTB(H$3,2)) -> #VALUE! | I15: =IF(E15-F15+G15-H15>0,E15-F15+G15-H15,0) -> #VALUE! | J15: =IF(F15-E15+H15-G15>0,F15-E15+H15-G15,0) -> #VALUE! | K15: =SUMIFS([1]记账凭证簿!$L$1:$L$65536,[1]记账凭证簿!$J$1:$J$65536,$C15,[1]记账凭证簿!$E$1:$E$65536,LEFTB(K$3,2)) -> #VALUE! | L15: =SUMIFS([1]记账凭证簿!$M$1:$M$65536,[1]记账凭证簿!$J$1:$J$65536,$C15,[1]记账凭证簿!$E$1:$E$65536,LEFTB(L$3,2)) -> #VALUE! | M15: =IF(I15-J15+K15-L15>0,I15-J15+K15-L15,0) -> #VALUE! | N15: =IF(J15-I15+L15-K15>0,J15-I15+L15-K15,0) -> #VALUE! | O15: =SUMIFS([1]记账凭证簿!$L$1:$L$65536,[1]记账凭证簿!$J$1:$J$65536,$C15,[1]记账凭证簿!$E$1:$E$65536,LEFTB(O$3,2)) -> #VALUE! | P15: =SUMIFS([1]记账凭证簿!$M$1:$M$65536,[1]记账凭证簿!$J$1:$J$65536,$C15,[1]记账凭证簿!$E$1:$E$65536,LEFTB(P$3,2)) -> #VALUE! | Q15: =IF(M15-N15+O15-P15>0,M15-N15+O15-P15,0) -> #VALUE! | R15: =IF(N15-M15+P15-O15>0,N15-M15+P15-O15,0) -> #VALUE! | S15: =SUMIFS([1]记账凭证簿!$L$1:$L$65536,[1]记账凭证簿!$J$1:$J$65536,$C15,[1]记账凭证簿!$E$1:$E$65536,LEFTB(S$3,2)) -> #VALUE! | T15: =SUMIFS([1]记账凭证簿!$M$1:$M$65536,[1]记账凭证簿!$J$1:$J$65536,$C15,[1]记账凭证簿!$E$1:$E$65536,LEFTB(T$3,2)) -> #VALUE! | U15: =IF(Q15-R15+S15-T15>0,Q15-R15+S15-T15,0) -> #VALUE! | V15: =IF(R15-Q15+T15-S15>0,R15-Q15+T15-S15,0) -> #VALUE! | W15: =SUMIFS([1]记账凭证簿!$L$1:$L$65536,[1]记账凭证簿!$J$1:$J$65536,$C15,[1]记账凭证簿!$E$1:$E$65536,LEFTB(W$3,2)) -> #VALUE! | X15: =SUMIFS([1]记账凭证簿!$M$1:$M$65536,[1]记账凭证簿!$J$1:$J$65536,$C15,[1]记账凭证簿!$E$1:$E$65536,LEFTB(X$3,2)) -> #VALUE! | Y15: =IF(U15-V15+W15-X15>0,U15-V15+W15-X15,0) -> #VALUE! | Z15: =IF(V15-U15+X15-W15>0,V15-U15+X15-W15,0) -> #VALUE! | AA15: =SUMIFS([1]记账凭证簿!$L$1:$L$65536,[1]记账凭证簿!$J$1:$J$65536,$C15,[1]记账凭证簿!$E$1:$E$65536,LEFTB(AA$3,2)) -> #VALUE! | AB15: =SUMIFS([1]记账凭证簿!$M$1:$M$65536,[1]记账凭证簿!$J$1:$J$65536,$C15,[1]记账凭证簿!$E$1:$E$65536,LEFTB(AB$3,2)) -> #VALUE! | AC15: =IF(Y15-Z15+AA15-AB15>0,Y15-Z15+AA15-AB15,0) -> #VALUE! | AD15: =IF(Z15-Y15+AB15-AA15>0,Z15-Y15+AB15-AA15,0) -> #VALUE! | AE15: =SUMIFS([1]记账凭证簿!$L$1:$L$65536,[1]记账凭证簿!$J$1:$J$65536,$C15,[1]记账凭证簿!$E$1:$E$65536,LEFTB(AE$3,2)) -> #VALUE! | AF15: =SUMIFS([1]记账凭证簿!$M$1:$M$65536,[1]记账凭证簿!$J$1:$J$65536,$C15,[1]记账凭证簿!$E$1:$E$65536,LEFTB(AF$3,2)) -> #VALUE! | AG15: =IF(AC15-AD15+AE15-AF15>0,AC15-AD15+AE15-AF15,0) -> #VALUE! | AH15: =IF(AD15-AC15+AF15-AE15>0,AD15-AC15+AF15-AE15,0) -> #VALUE! | AI15: =SUMIFS([1]记账凭证簿!$L$1:$L$65536,[1]记账凭证簿!$J$1:$J$65536,$C15,[1]记账凭证簿!$E$1:$E$65536,LEFTB(AI$3,2)) -> #VALUE! | AJ15: =SUMIFS([1]记账凭证簿!$M$1:$M$65536,[1]记账凭证簿!$J$1:$J$65536,$C15,[1]记账凭证簿!$E$1:$E$65536,LEFTB(AJ$3,2)) -> #VALUE! | AK15: =IF(AG15-AH15+AI15-AJ15>0,AG15-AH15+AI15-AJ15,0) -> #VALUE! | AL15: =IF(AH15-AG15+AJ15-AI15>0,AH15-AG15+AJ15-AI15,0) -> #VALUE! | AM15: =SUMIFS([1]记账凭证簿!$L$1:$L$65536,[1]记账凭证簿!$J$1:$J$65536,$C15,[1]记账凭证簿!$E$1:$E$65536,LEFTB(AM$3,2)) -> #VALUE! | AN15: =SUMIFS([1]记账凭证簿!$M$1:$M$65536,[1]记账凭证簿!$J$1:$J$65536,$C15,[1]记账凭证簿!$E$1:$E$65536,LEFTB(AN$3,2)) -> #VALUE! | AO15: =IF(AK15-AL15+AM15-AN15>0,AK15-AL15+AM15-AN15,0) -> #VALUE! | AP15: =IF(AL15-AK15+AN15-AM15>0,AL15-AK15+AN15-AM15,0) -> #VALUE! | AQ15: =SUMIFS([1]记账凭证簿!$L$1:$L$65536,[1]记账凭证簿!$J$1:$J$65536,$C15,[1]记账凭证簿!$E$1:$E$65536,LEFTB(AQ$3,2)) -> #VALUE! | AR15: =SUMIFS([1]记账凭证簿!$M$1:$M$65536,[1]记账凭证簿!$J$1:$J$65536,$C15,[1]记账凭证簿!$E$1:$E$65536,LEFTB(AR$3,2)) -> #VALUE! | AS15: =IF(AO15-AP15+AQ15-AR15>0,AO15-AP15+AQ15-AR15,0) -> #VALUE! | AT15: =IF(AP15-AO15+AR15-AQ15>0,AP15-AO15+AR15-AQ15,0) -> #VALUE! | AU15: =SUMIFS([1]记账凭证簿!$L$1:$L$65536,[1]记账凭证簿!$J$1:$J$65536,$C15,[1]记账凭证簿!$E$1:$E$65536,LEFTB(AU$3,2)) -> #VALUE! | AV15: =SUMIFS([1]记账凭证簿!$M$1:$M$65536,[1]记账凭证簿!$J$1:$J$65536,$C15,[1]记账凭证簿!$E$1:$E$65536,LEFTB(AV$3,2)) -> #VALUE! | AW15: =IF(AS15-AT15+AU15-AV15>0,AS15-AT15+AU15-AV15,0) -> #VALUE! | AX15: =IF(AT15-AS15+AV15-AU15>0,AT15-AS15+AV15-AU15,0) -> #VALUE! | AY15: =SUMIFS([1]记账凭证簿!$L$1:$L$65536,[1]记账凭证簿!$J$1:$J$65536,$C15,[1]记账凭证簿!$E$1:$E$65536,LEFTB(AY$3,2)) -> #VALUE! | AZ15: =SUMIFS([1]记账凭证簿!$M$1:$M$65536,[1]记账凭证簿!$J$1:$J$65536,$C15,[1]记账凭证簿!$E$1:$E$65536,LEFTB(AZ$3,2)) -> #VALUE! | BA15: =IF(AW15-AX15+AY15-AZ15>0,AW15-AX15+AY15-AZ15,0) -> #VALUE! | BB15: =IF(AX15-AW15+AZ15-AY15>0,AX15-AW15+AZ15-AY15,0) -> #VALUE!
B16: 1403 | C16: 原材料 | E16: 640281 | G16: =SUMIFS([1]记账凭证簿!$L$1:$L$65536,[1]记账凭证簿!$J$1:$J$65536,$C16,[1]记账凭证簿!$E$1:$E$65536,LEFTB(G$3,2)) -> #VALUE! | H16: =SUMIFS([1]记账凭证簿!$M$1:$M$65536,[1]记账凭证簿!$J$1:$J$65536,$C16,[1]记账凭证簿!$E$1:$E$65536,LEFTB(H$3,2)) -> #VALUE! | I16: =IF(E16-F16+G16-H16>0,E16-F16+G16-H16,0) -> #VALUE! | J16: =IF(F16-E16+H16-G16>0,F16-E16+H16-G16,0) -> #VALUE! | K16: =SUMIFS([1]记账凭证簿!$L$1:$L$65536,[1]记账凭证簿!$J$1:$J$65536,$C16,[1]记账凭证簿!$E$1:$E$65536,LEFTB(K$3,2)) -> #VALUE! | L16: =SUMIFS([1]记账凭证簿!$M$1:$M$65536,[1]记账凭证簿!$J$1:$J$65536,$C16,[1]记账凭证簿!$E$1:$E$65536,LEFTB(L$3,2)) -> #VALUE! | M16: =IF(I16-J16+K16-L16>0,I16-J16+K16-L16,0) -> #VALUE! | N16: =IF(J16-I16+L16-K16>0,J16-I16+L16-K16,0) -> #VALUE! | O16: =SUMIFS([1]记账凭证簿!$L$1:$L$65536,[1]记账凭证簿!$J$1:$J$65536,$C16,[1]记账凭证簿!$E$1:$E$65536,LEFTB(O$3,2)) -> #VALUE! | P16: =SUMIFS([1]记账凭证簿!$M$1:$M$65536,[1]记账凭证簿!$J$1:$J$65536,$C16,[1]记账凭证簿!$E$1:$E$65536,LEFTB(P$3,2)) -> #VALUE! | Q16: =IF(M16-N16+O16-P16>0,M16-N16+O16-P16,0) -> #VALUE! | R16: =IF(N16-M16+P16-O16>0,N16-M16+P16-O16,0) -> #VALUE! | S16: =SUMIFS([1]记账凭证簿!$L$1:$L$65536,[1]记账凭证簿!$J$1:$J$65536,$C16,[1]记账凭证簿!$E$1:$E$65536,LEFTB(S$3,2)) -> #VALUE! | T16: =SUMIFS([1]记账凭证簿!$M$1:$M$65536,[1]记账凭证簿!$J$1:$J$65536,$C16,[1]记账凭证簿!$E$1:$E$65536,LEFTB(T$3,2)) -> #VALUE! | U16: =IF(Q16-R16+S16-T16>0,Q16-R16+S16-T16,0) -> #VALUE! | V16: =IF(R16-Q16+T16-S16>0,R16-Q16+T16-S16,0) -> #VALUE! | W16: =SUMIFS([1]记账凭证簿!$L$1:$L$65536,[1]记账凭证簿!$J$1:$J$65536,$C16,[1]记账凭证簿!$E$1:$E$65536,LEFTB(W$3,2)) -> #VALUE! | X16: =SUMIFS([1]记账凭证簿!$M$1:$M$65536,[1]记账凭证簿!$J$1:$J$65536,$C16,[1]记账凭证簿!$E$1:$E$65536,LEFTB(X$3,2)) -> #VALUE! | Y16: =IF(U16-V16+W16-X16>0,U16-V16+W16-X16,0) -> #VALUE! | Z16: =IF(V16-U16+X16-W16>0,V16-U16+X16-W16,0) -> #VALUE! | AA16: =SUMIFS([1]记账凭证簿!$L$1:$L$65536,[1]记账凭证簿!$J$1:$J$65536,$C16,[1]记账凭证簿!$E$1:$E$65536,LEFTB(AA$3,2)) -> #VALUE! | AB16: =SUMIFS([1]记账凭证簿!$M$1:$M$65536,[1]记账凭证簿!$J$1:$J$65536,$C16,[1]记账凭证簿!$E$1:$E$65536,LEFTB(AB$3,2)) -> #VALUE! | AC16: =IF(Y16-Z16+AA16-AB16>0,Y16-Z16+AA16-AB16,0) -> #VALUE! | AD16: =IF(Z16-Y16+AB16-AA16>0,Z16-Y16+AB16-AA16,0) -> #VALUE! | AE16: =SUMIFS([1]记账凭证簿!$L$1:$L$65536,[1]记账凭证簿!$J$1:$J$65536,$C16,[1]记账凭证簿!$E$1:$E$65536,LEFTB(AE$3,2)) -> #VALUE! | AF16: =SUMIFS([1]记账凭证簿!$M$1:$M$65536,[1]记账凭证簿!$J$1:$J$65536,$C16,[1]记账凭证簿!$E$1:$E$65536,LEFTB(AF$3,2)) -> #VALUE! | AG16: =IF(AC16-AD16+AE16-AF16>0,AC16-AD16+AE16-AF16,0) -> #VALUE! | AH16: =IF(AD16-AC16+AF16-AE16>0,AD16-AC16+AF16-AE16,0) -> #VALUE! | AI16: =SUMIFS([1]记账凭证簿!$L$1:$L$65536,[1]记账凭证簿!$J$1:$J$65536,$C16,[1]记账凭证簿!$E$1:$E$65536,LEFTB(AI$3,2)) -> #VALUE! | AJ16: =SUMIFS([1]记账凭证簿!$M$1:$M$65536,[1]记账凭证簿!$J$1:$J$65536,$C16,[1]记账凭证簿!$E$1:$E$65536,LEFTB(AJ$3,2)) -> #VALUE! | AK16: =IF(AG16-AH16+AI16-AJ16>0,AG16-AH16+AI16-AJ16,0) -> #VALUE! | AL16: =IF(AH16-AG16+AJ16-AI16>0,AH16-AG16+AJ16-AI16,0) -> #VALUE! | AM16: =SUMIFS([1]记账凭证簿!$L$1:$L$65536,[1]记账凭证簿!$J$1:$J$65536,$C16,[1]记账凭证簿!$E$1:$E$65536,LEFTB(AM$3,2)) -> #VALUE! | AN16: =SUMIFS([1]记账凭证簿!$M$1:$M$65536,[1]记账凭证簿!$J$1:$J$65536,$C16,[1]记账凭证簿!$E$1:$E$65536,LEFTB(AN$3,2)) -> #VALUE! | AO16: =IF(AK16-AL16+AM16-AN16>0,AK16-AL16+AM16-AN16,0) -> #VALUE! | AP16: =IF(AL16-AK16+AN16-AM16>0,AL16-AK16+AN16-AM16,0) -> #VALUE! | AQ16: =SUMIFS([1]记账凭证簿!$L$1:$L$65536,[1]记账凭证簿!$J$1:$J$65536,$C16,[1]记账凭证簿!$E$1:$E$65536,LEFTB(AQ$3,2)) -> #VALUE! | AR16: =SUMIFS([1]记账凭证簿!$M$1:$M$65536,[1]记账凭证簿!$J$1:$J$65536,$C16,[1]记账凭证簿!$E$1:$E$65536,LEFTB(AR$3,2)) -> #VALUE! | AS16: =IF(AO16-AP16+AQ16-AR16>0,AO16-AP16+AQ16-AR16,0) -> #VALUE! | AT16: =IF(AP16-AO16+AR16-AQ16>0,AP16-AO16+AR16-AQ16,0) -> #VALUE! | AU16: =SUMIFS([1]记账凭证簿!$L$1:$L$65536,[1]记账凭证簿!$J$1:$J$65536,$C16,[1]记账凭证簿!$E$1:$E$65536,LEFTB(AU$3,2)) -> #VALUE! | AV16: =SUMIFS([1]记账凭证簿!$M$1:$M$65536,[1]记账凭证簿!$J$1:$J$65536,$C16,[1]记账凭证簿!$E$1:$E$65536,LEFTB(AV$3,2)) -> #VALUE! | AW16: =IF(AS16-AT16+AU16-AV16>0,AS16-AT16+AU16-AV16,0) -> #VALUE! | AX16: =IF(AT16-AS16+AV16-AU16>0,AT16-AS16+AV16-AU16,0) -> #VALUE! | AY16: =SUMIFS([1]记账凭证簿!$L$1:$L$65536,[1]记账凭证簿!$J$1:$J$65536,$C16,[1]记账凭证簿!$E$1:$E$65536,LEFTB(AY$3,2)) -> #VALUE! | AZ16: =SUMIFS([1]记账凭证簿!$M$1:$M$65536,[1]记账凭证簿!$J$1:$J$65536,$C16,[1]记账凭证簿!$E$1:$E$65536,LEFTB(AZ$3,2)) -> #VALUE! | BA16: =IF(AW16-AX16+AY16-AZ16>0,AW16-AX16+AY16-AZ16,0) -> #VALUE! | BB16: =IF(AX16-AW16+AZ16-AY16>0,AX16-AW16+AZ16-AY16,0) -> #VALUE!
B17: 1404 | C17: 材料成本差异 | E17: 2870 | G17: =SUMIFS([1]记账凭证簿!$L$1:$L$65536,[1]记账凭证簿!$J$1:$J$65536,$C17,[1]记账凭证簿!$E$1:$E$65536,LEFTB(G$3,2)) -> #VALUE! | H17: =SUMIFS([1]记账凭证簿!$M$1:$M$65536,[1]记账凭证簿!$J$1:$J$65536,$C17,[1]记账凭证簿!$E$1:$E$65536,LEFTB(H$3,2)) -> #VALUE! | I17: =IF(E17-F17+G17-H17>0,E17-F17+G17-H17,0) -> #VALUE! | J17: =IF(F17-E17+H17-G17>0,F17-E17+H17-G17,0) -> #VALUE! | K17: =SUMIFS([1]记账凭证簿!$L$1:$L$65536,[1]记账凭证簿!$J$1:$J$65536,$C17,[1]记账凭证簿!$E$1:$E$65536,LEFTB(K$3,2)) -> #VALUE! | L17: =SUMIFS([1]记账凭证簿!$M$1:$M$65536,[1]记账凭证簿!$J$1:$J$65536,$C17,[1]记账凭证簿!$E$1:$E$65536,LEFTB(L$3,2)) -> #VALUE! | M17: =IF(I17-J17+K17-L17>0,I17-J17+K17-L17,0) -> #VALUE! | N17: =IF(J17-I17+L17-K17>0,J17-I17+L17-K17,0) -> #VALUE! | O17: =SUMIFS([1]记账凭证簿!$L$1:$L$65536,[1]记账凭证簿!$J$1:$J$65536,$C17,[1]记账凭证簿!$E$1:$E$65536,LEFTB(O$3,2)) -> #VALUE! | P17: =SUMIFS([1]记账凭证簿!$M$1:$M$65536,[1]记账凭证簿!$J$1:$J$65536,$C17,[1]记账凭证簿!$E$1:$E$65536,LEFTB(P$3,2)) -> #VALUE! | Q17: =IF(M17-N17+O17-P17>0,M17-N17+O17-P17,0) -> #VALUE! | R17: =IF(N17-M17+P17-O17>0,N17-M17+P17-O17,0) -> #VALUE! | S17: =SUMIFS([1]记账凭证簿!$L$1:$L$65536,[1]记账凭证簿!$J$1:$J$65536,$C17,[1]记账凭证簿!$E$1:$E$65536,LEFTB(S$3,2)) -> #VALUE! | T17: =SUMIFS([1]记账凭证簿!$M$1:$M$65536,[1]记账凭证簿!$J$1:$J$65536,$C17,[1]记账凭证簿!$E$1:$E$65536,LEFTB(T$3,2)) -> #VALUE! | U17: =IF(Q17-R17+S17-T17>0,Q17-R17+S17-T17,0) -> #VALUE! | V17: =IF(R17-Q17+T17-S17>0,R17-Q17+T17-S17,0) -> #VALUE! | W17: =SUMIFS([1]记账凭证簿!$L$1:$L$65536,[1]记账凭证簿!$J$1:$J$65536,$C17,[1]记账凭证簿!$E$1:$E$65536,LEFTB(W$3,2)) -> #VALUE! | X17: =SUMIFS([1]记账凭证簿!$M$1:$M$65536,[1]记账凭证簿!$J$1:$J$65536,$C17,[1]记账凭证簿!$E$1:$E$65536,LEFTB(X$3,2)) -> #VALUE! | Y17: =IF(U17-V17+W17-X17>0,U17-V17+W17-X17,0) -> #VALUE! | Z17: =IF(V17-U17+X17-W17>0,V17-U17+X17-W17,0) -> #VALUE! | AA17: =SUMIFS([1]记账凭证簿!$L$1:$L$65536,[1]记账凭证簿!$J$1:$J$65536,$C17,[1]记账凭证簿!$E$1:$E$65536,LEFTB(AA$3,2)) -> #VALUE! | AB17: =SUMIFS([1]记账凭证簿!$M$1:$M$65536,[1]记账凭证簿!$J$1:$J$65536,$C17,[1]记账凭证簿!$E$1:$E$65536,LEFTB(AB$3,2)) -> #VALUE! | AC17: =IF(Y17-Z17+AA17-AB17>0,Y17-Z17+AA17-AB17,0) -> #VALUE! | AD17: =IF(Z17-Y17+AB17-AA17>0,Z17-Y17+AB17-AA17,0) -> #VALUE! | AE17: =SUMIFS([1]记账凭证簿!$L$1:$L$65536,[1]记账凭证簿!$J$1:$J$65536,$C17,[1]记账凭证簿!$E$1:$E$65536,LEFTB(AE$3,2)) -> #VALUE! | AF17: =SUMIFS([1]记账凭证簿!$M$1:$M$65536,[1]记账凭证簿!$J$1:$J$65536,$C17,[1]记账凭证簿!$E$1:$E$65536,LEFTB(AF$3,2)) -> #VALUE! | AG17: =IF(AC17-AD17+AE17-AF17>0,AC17-AD17+AE17-AF17,0) -> #VALUE! | AH17: =IF(AD17-AC17+AF17-AE17>0,AD17-AC17+AF17-AE17,0) -> #VALUE! | AI17: =SUMIFS([1]记账凭证簿!$L$1:$L$65536,[1]记账凭证簿!$J$1:$J$65536,$C17,[1]记账凭证簿!$E$1:$E$65536,LEFTB(AI$3,2)) -> #VALUE! | AJ17: =SUMIFS([1]记账凭证簿!$M$1:$M$65536,[1]记账凭证簿!$J$1:$J$65536,$C17,[1]记账凭证簿!$E$1:$E$65536,LEFTB(AJ$3,2)) -> #VALUE! | AK17: =IF(AG17-AH17+AI17-AJ17>0,AG17-AH17+AI17-AJ17,0) -> #VALUE! | AL17: =IF(AH17-AG17+AJ17-AI17>0,AH17-AG17+AJ17-AI17,0) -> #VALUE! | AM17: =SUMIFS([1]记账凭证簿!$L$1:$L$65536,[1]记账凭证簿!$J$1:$J$65536,$C17,[1]记账凭证簿!$E$1:$E$65536,LEFTB(AM$3,2)) -> #VALUE! | AN17: =SUMIFS([1]记账凭证簿!$M$1:$M$65536,[1]记账凭证簿!$J$1:$J$65536,$C17,[1]记账凭证簿!$E$1:$E$65536,LEFTB(AN$3,2)) -> #VALUE! | AO17: =IF(AK17-AL17+AM17-AN17>0,AK17-AL17+AM17-AN17,0) -> #VALUE! | AP17: =IF(AL17-AK17+AN17-AM17>0,AL17-AK17+AN17-AM17,0) -> #VALUE! | AQ17: =SUMIFS([1]记账凭证簿!$L$1:$L$65536,[1]记账凭证簿!$J$1:$J$65536,$C17,[1]记账凭证簿!$E$1:$E$65536,LEFTB(AQ$3,2)) -> #VALUE! | AR17: =SUMIFS([1]记账凭证簿!$M$1:$M$65536,[1]记账凭证簿!$J$1:$J$65536,$C17,[1]记账凭证簿!$E$1:$E$65536,LEFTB(AR$3,2)) -> #VALUE! | AS17: =IF(AO17-AP17+AQ17-AR17>0,AO17-AP17+AQ17-AR17,0) -> #VALUE! | AT17: =IF(AP17-AO17+AR17-AQ17>0,AP17-AO17+AR17-AQ17,0) -> #VALUE! | AU17: =SUMIFS([1]记账凭证簿!$L$1:$L$65536,[1]记账凭证簿!$J$1:$J$65536,$C17,[1]记账凭证簿!$E$1:$E$65536,LEFTB(AU$3,2)) -> #VALUE! | AV17: =SUMIFS([1]记账凭证簿!$M$1:$M$65536,[1]记账凭证簿!$J$1:$J$65536,$C17,[1]记账凭证簿!$E$1:$E$65536,LEFTB(AV$3,2)) -> #VALUE! | AW17: =IF(AS17-AT17+AU17-AV17>0,AS17-AT17+AU17-AV17,0) -> #VALUE! | AX17: =IF(AT17-AS17+AV17-AU17>0,AT17-AS17+AV17-AU17,0) -> #VALUE! | AY17: =SUMIFS([1]记账凭证簿!$L$1:$L$65536,[1]记账凭证簿!$J$1:$J$65536,$C17,[1]记账凭证簿!$E$1:$E$65536,LEFTB(AY$3,2)) -> #VALUE! | AZ17: =SUMIFS([1]记账凭证簿!$M$1:$M$65536,[1]记账凭证簿!$J$1:$J$65536,$C17,[1]记账凭证簿!$E$1:$E$65536,LEFTB(AZ$3,2)) -> #VALUE! | BA17: =IF(AW17-AX17+AY17-AZ17>0,AW17-AX17+AY17-AZ17,0) -> #VALUE! | BB17: =IF(AX17-AW17+AZ17-AY17>0,AX17-AW17+AZ17-AY17,0) -> #VALUE!
B18: 1406 | C18: 库存商品 | E18: 1036000 | G18: =SUMIFS([1]记账凭证簿!$L$1:$L$65536,[1]记账凭证簿!$J$1:$J$65536,$C18,[1]记账凭证簿!$E$1:$E$65536,LEFTB(G$3,2)) -> #VALUE! | H18: =SUMIFS([1]记账凭证簿!$M$1:$M$65536,[1]记账凭证簿!$J$1:$J$65536,$C18,[1]记账凭证簿!$E$1:$E$65536,LEFTB(H$3,2)) -> #VALUE! | I18: =IF(E18-F18+G18-H18>0,E18-F18+G18-H18,0) -> #VALUE! | J18: =IF(F18-E18+H18-G18>0,F18-E18+H18-G18,0) -> #VALUE! | K18: =SUMIFS([1]记账凭证簿!$L$1:$L$65536,[1]记账凭证簿!$J$1:$J$65536,$C18,[1]记账凭证簿!$E$1:$E$65536,LEFTB(K$3,2)) -> #VALUE! | L18: =SUMIFS([1]记账凭证簿!$M$1:$M$65536,[1]记账凭证簿!$J$1:$J$65536,$C18,[1]记账凭证簿!$E$1:$E$65536,LEFTB(L$3,2)) -> #VALUE! | M18: =IF(I18-J18+K18-L18>0,I18-J18+K18-L18,0) -> #VALUE! | N18: =IF(J18-I18+L18-K18>0,J18-I18+L18-K18,0) -> #VALUE! | O18: =SUMIFS([1]记账凭证簿!$L$1:$L$65536,[1]记账凭证簿!$J$1:$J$65536,$C18,[1]记账凭证簿!$E$1:$E$65536,LEFTB(O$3,2)) -> #VALUE! | P18: =SUMIFS([1]记账凭证簿!$M$1:$M$65536,[1]记账凭证簿!$J$1:$J$65536,$C18,[1]记账凭证簿!$E$1:$E$65536,LEFTB(P$3,2)) -> #VALUE! | Q18: =IF(M18-N18+O18-P18>0,M18-N18+O18-P18,0) -> #VALUE! | R18: =IF(N18-M18+P18-O18>0,N18-M18+P18-O18,0) -> #VALUE! | S18: =SUMIFS([1]记账凭证簿!$L$1:$L$65536,[1]记账凭证簿!$J$1:$J$65536,$C18,[1]记账凭证簿!$E$1:$E$65536,LEFTB(S$3,2)) -> #VALUE! | T18: =SUMIFS([1]记账凭证簿!$M$1:$M$65536,[1]记账凭证簿!$J$1:$J$65536,$C18,[1]记账凭证簿!$E$1:$E$65536,LEFTB(T$3,2)) -> #VALUE! | U18: =IF(Q18-R18+S18-T18>0,Q18-R18+S18-T18,0) -> #VALUE! | V18: =IF(R18-Q18+T18-S18>0,R18-Q18+T18-S18,0) -> #VALUE! | W18: =SUMIFS([1]记账凭证簿!$L$1:$L$65536,[1]记账凭证簿!$J$1:$J$65536,$C18,[1]记账凭证簿!$E$1:$E$65536,LEFTB(W$3,2)) -> #VALUE! | X18: =SUMIFS([1]记账凭证簿!$M$1:$M$65536,[1]记账凭证簿!$J$1:$J$65536,$C18,[1]记账凭证簿!$E$1:$E$65536,LEFTB(X$3,2)) -> #VALUE! | Y18: =IF(U18-V18+W18-X18>0,U18-V18+W18-X18,0) -> #VALUE! | Z18: =IF(V18-U18+X18-W18>0,V18-U18+X18-W18,0) -> #VALUE! | AA18: =SUMIFS([1]记账凭证簿!$L$1:$L$65536,[1]记账凭证簿!$J$1:$J$65536,$C18,[1]记账凭证簿!$E$1:$E$65536,LEFTB(AA$3,2)) -> #VALUE! | AB18: =SUMIFS([1]记账凭证簿!$M$1:$M$65536,[1]记账凭证簿!$J$1:$J$65536,$C18,[1]记账凭证簿!$E$1:$E$65536,LEFTB(AB$3,2)) -> #VALUE! | AC18: =IF(Y18-Z18+AA18-AB18>0,Y18-Z18+AA18-AB18,0) -> #VALUE! | AD18: =IF(Z18-Y18+AB18-AA18>0,Z18-Y18+AB18-AA18,0) -> #VALUE! | AE18: =SUMIFS([1]记账凭证簿!$L$1:$L$65536,[1]记账凭证簿!$J$1:$J$65536,$C18,[1]记账凭证簿!$E$1:$E$65536,LEFTB(AE$3,2)) -> #VALUE! | AF18: =SUMIFS([1]记账凭证簿!$M$1:$M$65536,[1]记账凭证簿!$J$1:$J$65536,$C18,[1]记账凭证簿!$E$1:$E$65536,LEFTB(AF$3,2)) -> #VALUE! | AG18: =IF(AC18-AD18+AE18-AF18>0,AC18-AD18+AE18-AF18,0) -> #VALUE! | AH18: =IF(AD18-AC18+AF18-AE18>0,AD18-AC18+AF18-AE18,0) -> #VALUE! | AI18: =SUMIFS([1]记账凭证簿!$L$1:$L$65536,[1]记账凭证簿!$J$1:$J$65536,$C18,[1]记账凭证簿!$E$1:$E$65536,LEFTB(AI$3,2)) -> #VALUE! | AJ18: =SUMIFS([1]记账凭证簿!$M$1:$M$65536,[1]记账凭证簿!$J$1:$J$65536,$C18,[1]记账凭证簿!$E$1:$E$65536,LEFTB(AJ$3,2)) -> #VALUE! | AK18: =IF(AG18-AH18+AI18-AJ18>0,AG18-AH18+AI18-AJ18,0) -> #VALUE! | AL18: =IF(AH18-AG18+AJ18-AI18>0,AH18-AG18+AJ18-AI18,0) -> #VALUE! | AM18: =SUMIFS([1]记账凭证簿!$L$1:$L$65536,[1]记账凭证簿!$J$1:$J$65536,$C18,[1]记账凭证簿!$E$1:$E$65536,LEFTB(AM$3,2)) -> #VALUE! | AN18: =SUMIFS([1]记账凭证簿!$M$1:$M$65536,[1]记账凭证簿!$J$1:$J$65536,$C18,[1]记账凭证簿!$E$1:$E$65536,LEFTB(AN$3,2)) -> #VALUE! | AO18: =IF(AK18-AL18+AM18-AN18>0,AK18-AL18+AM18-AN18,0) -> #VALUE! | AP18: =IF(AL18-AK18+AN18-AM18>0,AL18-AK18+AN18-AM18,0) -> #VALUE! | AQ18: =SUMIFS([1]记账凭证簿!$L$1:$L$65536,[1]记账凭证簿!$J$1:$J$65536,$C18,[1]记账凭证簿!$E$1:$E$65536,LEFTB(AQ$3,2)) -> #VALUE! | AR18: =SUMIFS([1]记账凭证簿!$M$1:$M$65536,[1]记账凭证簿!$J$1:$J$65536,$C18,[1]记账凭证簿!$E$1:$E$65536,LEFTB(AR$3,2)) -> #VALUE! | AS18: =IF(AO18-AP18+AQ18-AR18>0,AO18-AP18+AQ18-AR18,0) -> #VALUE! | AT18: =IF(AP18-AO18+AR18-AQ18>0,AP18-AO18+AR18-AQ18,0) -> #VALUE! | AU18: =SUMIFS([1]记账凭证簿!$L$1:$L$65536,[1]记账凭证簿!$J$1:$J$65536,$C18,[1]记账凭证簿!$E$1:$E$65536,LEFTB(AU$3,2)) -> #VALUE! | AV18: =SUMIFS([1]记账凭证簿!$M$1:$M$65536,[1]记账凭证簿!$J$1:$J$65536,$C18,[1]记账凭证簿!$E$1:$E$65536,LEFTB(AV$3,2)) -> #VALUE! | AW18: =IF(AS18-AT18+AU18-AV18>0,AS18-AT18+AU18-AV18,0) -> #VALUE! | AX18: =IF(AT18-AS18+AV18-AU18>0,AT18-AS18+AV18-AU18,0) -> #VALUE! | AY18: =SUMIFS([1]记账凭证簿!$L$1:$L$65536,[1]记账凭证簿!$J$1:$J$65536,$C18,[1]记账凭证簿!$E$1:$E$65536,LEFTB(AY$3,2)) -> #VALUE! | AZ18: =SUMIFS([1]记账凭证簿!$M$1:$M$65536,[1]记账凭证簿!$J$1:$J$65536,$C18,[1]记账凭证簿!$E$1:$E$65536,LEFTB(AZ$3,2)) -> #VALUE! | BA18: =IF(AW18-AX18+AY18-AZ18>0,AW18-AX18+AY18-AZ18,0) -> #VALUE! | BB18: =IF(AX18-AW18+AZ18-AY18>0,AX18-AW18+AZ18-AY18,0) -> #VALUE!
B19: 1407 | C19: 发出商品 | E19: 0 | G19: =SUMIFS([1]记账凭证簿!$L$1:$L$65536,[1]记账凭证簿!$J$1:$J$65536,$C19,[1]记账凭证簿!$E$1:$E$65536,LEFTB(G$3,2)) -> #VALUE! | H19: =SUMIFS([1]记账凭证簿!$M$1:$M$65536,[1]记账凭证簿!$J$1:$J$65536,$C19,[1]记账凭证簿!$E$1:$E$65536,LEFTB(H$3,2)) -> #VALUE! | I19: =IF(E19-F19+G19-H19>0,E19-F19+G19-H19,0) -> #VALUE! | J19: =IF(F19-E19+H19-G19>0,F19-E19+H19-G19,0) -> #VALUE! | K19: =SUMIFS([1]记账凭证簿!$L$1:$L$65536,[1]记账凭证簿!$J$1:$J$65536,$C19,[1]记账凭证簿!$E$1:$E$65536,LEFTB(K$3,2)) -> #VALUE! | L19: =SUMIFS([1]记账凭证簿!$M$1:$M$65536,[1]记账凭证簿!$J$1:$J$65536,$C19,[1]记账凭证簿!$E$1:$E$65536,LEFTB(L$3,2)) -> #VALUE! | M19: =IF(I19-J19+K19-L19>0,I19-J19+K19-L19,0) -> #VALUE! | N19: =IF(J19-I19+L19-K19>0,J19-I19+L19-K19,0) -> #VALUE! | O19: =SUMIFS([1]记账凭证簿!$L$1:$L$65536,[1]记账凭证簿!$J$1:$J$65536,$C19,[1]记账凭证簿!$E$1:$E$65536,LEFTB(O$3,2)) -> #VALUE! | P19: =SUMIFS([1]记账凭证簿!$M$1:$M$65536,[1]记账凭证簿!$J$1:$J$65536,$C19,[1]记账凭证簿!$E$1:$E$65536,LEFTB(P$3,2)) -> #VALUE! | Q19: =IF(M19-N19+O19-P19>0,M19-N19+O19-P19,0) -> #VALUE! | R19: =IF(N19-M19+P19-O19>0,N19-M19+P19-O19,0) -> #VALUE! | S19: =SUMIFS([1]记账凭证簿!$L$1:$L$65536,[1]记账凭证簿!$J$1:$J$65536,$C19,[1]记账凭证簿!$E$1:$E$65536,LEFTB(S$3,2)) -> #VALUE! | T19: =SUMIFS([1]记账凭证簿!$M$1:$M$65536,[1]记账凭证簿!$J$1:$J$65536,$C19,[1]记账凭证簿!$E$1:$E$65536,LEFTB(T$3,2)) -> #VALUE! | U19: =IF(Q19-R19+S19-T19>0,Q19-R19+S19-T19,0) -> #VALUE! | V19: =IF(R19-Q19+T19-S19>0,R19-Q19+T19-S19,0) -> #VALUE! | W19: =SUMIFS([1]记账凭证簿!$L$1:$L$65536,[1]记账凭证簿!$J$1:$J$65536,$C19,[1]记账凭证簿!$E$1:$E$65536,LEFTB(W$3,2)) -> #VALUE! | X19: =SUMIFS([1]记账凭证簿!$M$1:$M$65536,[1]记账凭证簿!$J$1:$J$65536,$C19,[1]记账凭证簿!$E$1:$E$65536,LEFTB(X$3,2)) -> #VALUE! | Y19: =IF(U19-V19+W19-X19>0,U19-V19+W19-X19,0) -> #VALUE! | Z19: =IF(V19-U19+X19-W19>0,V19-U19+X19-W19,0) -> #VALUE! | AA19: =SUMIFS([1]记账凭证簿!$L$1:$L$65536,[1]记账凭证簿!$J$1:$J$65536,$C19,[1]记账凭证簿!$E$1:$E$65536,LEFTB(AA$3,2)) -> #VALUE! | AB19: =SUMIFS([1]记账凭证簿!$M$1:$M$65536,[1]记账凭证簿!$J$1:$J$65536,$C19,[1]记账凭证簿!$E$1:$E$65536,LEFTB(AB$3,2)) -> #VALUE! | AC19: =IF(Y19-Z19+AA19-AB19>0,Y19-Z19+AA19-AB19,0) -> #VALUE! | AD19: =IF(Z19-Y19+AB19-AA19>0,Z19-Y19+AB19-AA19,0) -> #VALUE! | AE19: =SUMIFS([1]记账凭证簿!$L$1:$L$65536,[1]记账凭证簿!$J$1:$J$65536,$C19,[1]记账凭证簿!$E$1:$E$65536,LEFTB(AE$3,2)) -> #VALUE! | AF19: =SUMIFS([1]记账凭证簿!$M$1:$M$65536,[1]记账凭证簿!$J$1:$J$65536,$C19,[1]记账凭证簿!$E$1:$E$65536,LEFTB(AF$3,2)) -> #VALUE! | AG19: =IF(AC19-AD19+AE19-AF19>0,AC19-AD19+AE19-AF19,0) -> #VALUE! | AH19: =IF(AD19-AC19+AF19-AE19>0,AD19-AC19+AF19-AE19,0) -> #VALUE! | AI19: =SUMIFS([1]记账凭证簿!$L$1:$L$65536,[1]记账凭证簿!$J$1:$J$65536,$C19,[1]记账凭证簿!$E$1:$E$65536,LEFTB(AI$3,2)) -> #VALUE! | AJ19: =SUMIFS([1]记账凭证簿!$M$1:$M$65536,[1]记账凭证簿!$J$1:$J$65536,$C19,[1]记账凭证簿!$E$1:$E$65536,LEFTB(AJ$3,2)) -> #VALUE! | AK19: =IF(AG19-AH19+AI19-AJ19>0,AG19-AH19+AI19-AJ19,0) -> #VALUE! | AL19: =IF(AH19-AG19+AJ19-AI19>0,AH19-AG19+AJ19-AI19,0) -> #VALUE! | AM19: =SUMIFS([1]记账凭证簿!$L$1:$L$65536,[1]记账凭证簿!$J$1:$J$65536,$C19,[1]记账凭证簿!$E$1:$E$65536,LEFTB(AM$3,2)) -> #VALUE! | AN19: =SUMIFS([1]记账凭证簿!$M$1:$M$65536,[1]记账凭证簿!$J$1:$J$65536,$C19,[1]记账凭证簿!$E$1:$E$65536,LEFTB(AN$3,2)) -> #VALUE! | AO19: =IF(AK19-AL19+AM19-AN19>0,AK19-AL19+AM19-AN19,0) -> #VALUE! | AP19: =IF(AL19-AK19+AN19-AM19>0,AL19-AK19+AN19-AM19,0) -> #VALUE! | AQ19: =SUMIFS([1]记账凭证簿!$L$1:$L$65536,[1]记账凭证簿!$J$1:$J$65536,$C19,[1]记账凭证簿!$E$1:$E$65536,LEFTB(AQ$3,2)) -> #VALUE! | AR19: =SUMIFS([1]记账凭证簿!$M$1:$M$65536,[1]记账凭证簿!$J$1:$J$65536,$C19,[1]记账凭证簿!$E$1:$E$65536,LEFTB(AR$3,2)) -> #VALUE! | AS19: =IF(AO19-AP19+AQ19-AR19>0,AO19-AP19+AQ19-AR19,0) -> #VALUE! | AT19: =IF(AP19-AO19+AR19-AQ19>0,AP19-AO19+AR19-AQ19,0) -> #VALUE! | AU19: =SUMIFS([1]记账凭证簿!$L$1:$L$65536,[1]记账凭证簿!$J$1:$J$65536,$C19,[1]记账凭证簿!$E$1:$E$65536,LEFTB(AU$3,2)) -> #VALUE! | AV19: =SUMIFS([1]记账凭证簿!$M$1:$M$65536,[1]记账凭证簿!$J$1:$J$65536,$C19,[1]记账凭证簿!$E$1:$E$65536,LEFTB(AV$3,2)) -> #VALUE! | AW19: =IF(AS19-AT19+AU19-AV19>0,AS19-AT19+AU19-AV19,0) -> #VALUE! | AX19: =IF(AT19-AS19+AV19-AU19>0,AT19-AS19+AV19-AU19,0) -> #VALUE! | AY19: =SUMIFS([1]记账凭证簿!$L$1:$L$65536,[1]记账凭证簿!$J$1:$J$65536,$C19,[1]记账凭证簿!$E$1:$E$65536,LEFTB(AY$3,2)) -> #VALUE! | AZ19: =SUMIFS([1]记账凭证簿!$M$1:$M$65536,[1]记账凭证簿!$J$1:$J$65536,$C19,[1]记账凭证簿!$E$1:$E$65536,LEFTB(AZ$3,2)) -> #VALUE! | BA19: =IF(AW19-AX19+AY19-AZ19>0,AW19-AX19+AY19-AZ19,0) -> #VALUE! | BB19: =IF(AX19-AW19+AZ19-AY19>0,AX19-AW19+AZ19-AY19,0) -> #VALUE!
B20: 1411 | C20: 周转材料 | E20: 182200 | G20: =SUMIFS([1]记账凭证簿!$L$1:$L$65536,[1]记账凭证簿!$J$1:$J$65536,$C20,[1]记账凭证簿!$E$1:$E$65536,LEFTB(G$3,2)) -> #VALUE! | H20: =SUMIFS([1]记账凭证簿!$M$1:$M$65536,[1]记账凭证簿!$J$1:$J$65536,$C20,[1]记账凭证簿!$E$1:$E$65536,LEFTB(H$3,2)) -> #VALUE! | I20: =IF(E20-F20+G20-H20>0,E20-F20+G20-H20,0) -> #VALUE! | J20: =IF(F20-E20+H20-G20>0,F20-E20+H20-G20,0) -> #VALUE! | K20: =SUMIFS([1]记账凭证簿!$L$1:$L$65536,[1]记账凭证簿!$J$1:$J$65536,$C20,[1]记账凭证簿!$E$1:$E$65536,LEFTB(K$3,2)) -> #VALUE! | L20: =SUMIFS([1]记账凭证簿!$M$1:$M$65536,[1]记账凭证簿!$J$1:$J$65536,$C20,[1]记账凭证簿!$E$1:$E$65536,LEFTB(L$3,2)) -> #VALUE! | M20: =IF(I20-J20+K20-L20>0,I20-J20+K20-L20,0) -> #VALUE! | N20: =IF(J20-I20+L20-K20>0,J20-I20+L20-K20,0) -> #VALUE! | O20: =SUMIFS([1]记账凭证簿!$L$1:$L$65536,[1]记账凭证簿!$J$1:$J$65536,$C20,[1]记账凭证簿!$E$1:$E$65536,LEFTB(O$3,2)) -> #VALUE! | P20: =SUMIFS([1]记账凭证簿!$M$1:$M$65536,[1]记账凭证簿!$J$1:$J$65536,$C20,[1]记账凭证簿!$E$1:$E$65536,LEFTB(P$3,2)) -> #VALUE! | Q20: =IF(M20-N20+O20-P20>0,M20-N20+O20-P20,0) -> #VALUE! | R20: =IF(N20-M20+P20-O20>0,N20-M20+P20-O20,0) -> #VALUE! | S20: =SUMIFS([1]记账凭证簿!$L$1:$L$65536,[1]记账凭证簿!$J$1:$J$65536,$C20,[1]记账凭证簿!$E$1:$E$65536,LEFTB(S$3,2)) -> #VALUE! | T20: =SUMIFS([1]记账凭证簿!$M$1:$M$65536,[1]记账凭证簿!$J$1:$J$65536,$C20,[1]记账凭证簿!$E$1:$E$65536,LEFTB(T$3,2)) -> #VALUE! | U20: =IF(Q20-R20+S20-T20>0,Q20-R20+S20-T20,0) -> #VALUE! | V20: =IF(R20-Q20+T20-S20>0,R20-Q20+T20-S20,0) -> #VALUE! | W20: =SUMIFS([1]记账凭证簿!$L$1:$L$65536,[1]记账凭证簿!$J$1:$J$65536,$C20,[1]记账凭证簿!$E$1:$E$65536,LEFTB(W$3,2)) -> #VALUE! | X20: =SUMIFS([1]记账凭证簿!$M$1:$M$65536,[1]记账凭证簿!$J$1:$J$65536,$C20,[1]记账凭证簿!$E$1:$E$65536,LEFTB(X$3,2)) -> #VALUE! | Y20: =IF(U20-V20+W20-X20>0,U20-V20+W20-X20,0) -> #VALUE! | Z20: =IF(V20-U20+X20-W20>0,V20-U20+X20-W20,0) -> #VALUE! | AA20: =SUMIFS([1]记账凭证簿!$L$1:$L$65536,[1]记账凭证簿!$J$1:$J$65536,$C20,[1]记账凭证簿!$E$1:$E$65536,LEFTB(AA$3,2)) -> #VALUE! | AB20: =SUMIFS([1]记账凭证簿!$M$1:$M$65536,[1]记账凭证簿!$J$1:$J$65536,$C20,[1]记账凭证簿!$E$1:$E$65536,LEFTB(AB$3,2)) -> #VALUE! | AC20: =IF(Y20-Z20+AA20-AB20>0,Y20-Z20+AA20-AB20,0) -> #VALUE! | AD20: =IF(Z20-Y20+AB20-AA20>0,Z20-Y20+AB20-AA20,0) -> #VALUE! | AE20: =SUMIFS([1]记账凭证簿!$L$1:$L$65536,[1]记账凭证簿!$J$1:$J$65536,$C20,[1]记账凭证簿!$E$1:$E$65536,LEFTB(AE$3,2)) -> #VALUE! | AF20: =SUMIFS([1]记账凭证簿!$M$1:$M$65536,[1]记账凭证簿!$J$1:$J$65536,$C20,[1]记账凭证簿!$E$1:$E$65536,LEFTB(AF$3,2)) -> #VALUE! | AG20: =IF(AC20-AD20+AE20-AF20>0,AC20-AD20+AE20-AF20,0) -> #VALUE! | AH20: =IF(AD20-AC20+AF20-AE20>0,AD20-AC20+AF20-AE20,0) -> #VALUE! | AI20: =SUMIFS([1]记账凭证簿!$L$1:$L$65536,[1]记账凭证簿!$J$1:$J$65536,$C20,[1]记账凭证簿!$E$1:$E$65536,LEFTB(AI$3,2)) -> #VALUE! | AJ20: =SUMIFS([1]记账凭证簿!$M$1:$M$65536,[1]记账凭证簿!$J$1:$J$65536,$C20,[1]记账凭证簿!$E$1:$E$65536,LEFTB(AJ$3,2)) -> #VALUE! | AK20: =IF(AG20-AH20+AI20-AJ20>0,AG20-AH20+AI20-AJ20,0) -> #VALUE! | AL20: =IF(AH20-AG20+AJ20-AI20>0,AH20-AG20+AJ20-AI20,0) -> #VALUE! | AM20: =SUMIFS([1]记账凭证簿!$L$1:$L$65536,[1]记账凭证簿!$J$1:$J$65536,$C20,[1]记账凭证簿!$E$1:$E$65536,LEFTB(AM$3,2)) -> #VALUE! | AN20: =SUMIFS([1]记账凭证簿!$M$1:$M$65536,[1]记账凭证簿!$J$1:$J$65536,$C20,[1]记账凭证簿!$E$1:$E$65536,LEFTB(AN$3,2)) -> #VALUE! | AO20: =IF(AK20-AL20+AM20-AN20>0,AK20-AL20+AM20-AN20,0) -> #VALUE! | AP20: =IF(AL20-AK20+AN20-AM20>0,AL20-AK20+AN20-AM20,0) -> #VALUE! | AQ20: =SUMIFS([1]记账凭证簿!$L$1:$L$65536,[1]记账凭证簿!$J$1:$J$65536,$C20,[1]记账凭证簿!$E$1:$E$65536,LEFTB(AQ$3,2)) -> #VALUE! | AR20: =SUMIFS([1]记账凭证簿!$M$1:$M$65536,[1]记账凭证簿!$J$1:$J$65536,$C20,[1]记账凭证簿!$E$1:$E$65536,LEFTB(AR$3,2)) -> #VALUE! | AS20: =IF(AO20-AP20+AQ20-AR20>0,AO20-AP20+AQ20-AR20,0) -> #VALUE! | AT20: =IF(AP20-AO20+AR20-AQ20>0,AP20-AO20+AR20-AQ20,0) -> #VALUE! | AU20: =SUMIFS([1]记账凭证簿!$L$1:$L$65536,[1]记账凭证簿!$J$1:$J$65536,$C20,[1]记账凭证簿!$E$1:$E$65536,LEFTB(AU$3,2)) -> #VALUE! | AV20: =SUMIFS([1]记账凭证簿!$M$1:$M$65536,[1]记账凭证簿!$J$1:$J$65536,$C20,[1]记账凭证簿!$E$1:$E$65536,LEFTB(AV$3,2)) -> #VALUE! | AW20: =IF(AS20-AT20+AU20-AV20>0,AS20-AT20+AU20-AV20,0) -> #VALUE! | AX20: =IF(AT20-AS20+AV20-AU20>0,AT20-AS20+AV20-AU20,0) -> #VALUE! | AY20: =SUMIFS([1]记账凭证簿!$L$1:$L$65536,[1]记账凭证簿!$J$1:$J$65536,$C20,[1]记账凭证簿!$E$1:$E$65536,LEFTB(AY$3,2)) -> #VALUE! | AZ20: =SUMIFS([1]记账凭证簿!$M$1:$M$65536,[1]记账凭证簿!$J$1:$J$65536,$C20,[1]记账凭证簿!$E$1:$E$65536,LEFTB(AZ$3,2)) -> #VALUE! | BA20: =IF(AW20-AX20+AY20-AZ20>0,AW20-AX20+AY20-AZ20,0) -> #VALUE! | BB20: =IF(AX20-AW20+AZ20-AY20>0,AX20-AW20+AZ20-AY20,0) -> #VALUE!
B21: 1481 | C21: 持有待售资产 | E21: 0 | F21: 0 | G21: =SUMIFS([1]记账凭证簿!$L$1:$L$65536,[1]记账凭证簿!$J$1:$J$65536,$C21,[1]记账凭证簿!$E$1:$E$65536,LEFTB(G$3,2)) -> #VALUE! | H21: =SUMIFS([1]记账凭证簿!$M$1:$M$65536,[1]记账凭证簿!$J$1:$J$65536,$C21,[1]记账凭证簿!$E$1:$E$65536,LEFTB(H$3,2)) -> #VALUE! | I21: =IF(E21-F21+G21-H21>0,E21-F21+G21-H21,0) -> #VALUE! | J21: =IF(F21-E21+H21-G21>0,F21-E21+H21-G21,0) -> #VALUE! | K21: =SUMIFS([1]记账凭证簿!$L$1:$L$65536,[1]记账凭证簿!$J$1:$J$65536,$C21,[1]记账凭证簿!$E$1:$E$65536,LEFTB(K$3,2)) -> #VALUE! | L21: =SUMIFS([1]记账凭证簿!$M$1:$M$65536,[1]记账凭证簿!$J$1:$J$65536,$C21,[1]记账凭证簿!$E$1:$E$65536,LEFTB(L$3,2)) -> #VALUE! | M21: =IF(I21-J21+K21-L21>0,I21-J21+K21-L21,0) -> #VALUE! | N21: =IF(J21-I21+L21-K21>0,J21-I21+L21-K21,0) -> #VALUE! | O21: =SUMIFS([1]记账凭证簿!$L$1:$L$65536,[1]记账凭证簿!$J$1:$J$65536,$C21,[1]记账凭证簿!$E$1:$E$65536,LEFTB(O$3,2)) -> #VALUE! | P21: =SUMIFS([1]记账凭证簿!$M$1:$M$65536,[1]记账凭证簿!$J$1:$J$65536,$C21,[1]记账凭证簿!$E$1:$E$65536,LEFTB(P$3,2)) -> #VALUE! | Q21: =IF(M21-N21+O21-P21>0,M21-N21+O21-P21,0) -> #VALUE! | R21: =IF(N21-M21+P21-O21>0,N21-M21+P21-O21,0) -> #VALUE! | S21: =SUMIFS([1]记账凭证簿!$L$1:$L$65536,[1]记账凭证簿!$J$1:$J$65536,$C21,[1]记账凭证簿!$E$1:$E$65536,LEFTB(S$3,2)) -> #VALUE! | T21: =SUMIFS([1]记账凭证簿!$M$1:$M$65536,[1]记账凭证簿!$J$1:$J$65536,$C21,[1]记账凭证簿!$E$1:$E$65536,LEFTB(T$3,2)) -> #VALUE! | U21: =IF(Q21-R21+S21-T21>0,Q21-R21+S21-T21,0) -> #VALUE! | V21: =IF(R21-Q21+T21-S21>0,R21-Q21+T21-S21,0) -> #VALUE! | W21: =SUMIFS([1]记账凭证簿!$L$1:$L$65536,[1]记账凭证簿!$J$1:$J$65536,$C21,[1]记账凭证簿!$E$1:$E$65536,LEFTB(W$3,2)) -> #VALUE! | X21: =SUMIFS([1]记账凭证簿!$M$1:$M$65536,[1]记账凭证簿!$J$1:$J$65536,$C21,[1]记账凭证簿!$E$1:$E$65536,LEFTB(X$3,2)) -> #VALUE! | Y21: =IF(U21-V21+W21-X21>0,U21-V21+W21-X21,0) -> #VALUE! | Z21: =IF(V21-U21+X21-W21>0,V21-U21+X21-W21,0) -> #VALUE! | AA21: =SUMIFS([1]记账凭证簿!$L$1:$L$65536,[1]记账凭证簿!$J$1:$J$65536,$C21,[1]记账凭证簿!$E$1:$E$65536,LEFTB(AA$3,2)) -> #VALUE! | AB21: =SUMIFS([1]记账凭证簿!$M$1:$M$65536,[1]记账凭证簿!$J$1:$J$65536,$C21,[1]记账凭证簿!$E$1:$E$65536,LEFTB(AB$3,2)) -> #VALUE! | AC21: =IF(Y21-Z21+AA21-AB21>0,Y21-Z21+AA21-AB21,0) -> #VALUE! | AD21: =IF(Z21-Y21+AB21-AA21>0,Z21-Y21+AB21-AA21,0) -> #VALUE! | AE21: =SUMIFS([1]记账凭证簿!$L$1:$L$65536,[1]记账凭证簿!$J$1:$J$65536,$C21,[1]记账凭证簿!$E$1:$E$65536,LEFTB(AE$3,2)) -> #VALUE! | AF21: =SUMIFS([1]记账凭证簿!$M$1:$M$65536,[1]记账凭证簿!$J$1:$J$65536,$C21,[1]记账凭证簿!$E$1:$E$65536,LEFTB(AF$3,2)) -> #VALUE! | AG21: =IF(AC21-AD21+AE21-AF21>0,AC21-AD21+AE21-AF21,0) -> #VALUE! | AH21: =IF(AD21-AC21+AF21-AE21>0,AD21-AC21+AF21-AE21,0) -> #VALUE! | AI21: =SUMIFS([1]记账凭证簿!$L$1:$L$65536,[1]记账凭证簿!$J$1:$J$65536,$C21,[1]记账凭证簿!$E$1:$E$65536,LEFTB(AI$3,2)) -> #VALUE! | AJ21: =SUMIFS([1]记账凭证簿!$M$1:$M$65536,[1]记账凭证簿!$J$1:$J$65536,$C21,[1]记账凭证簿!$E$1:$E$65536,LEFTB(AJ$3,2)) -> #VALUE! | AK21: =IF(AG21-AH21+AI21-AJ21>0,AG21-AH21+AI21-AJ21,0) -> #VALUE! | AL21: =IF(AH21-AG21+AJ21-AI21>0,AH21-AG21+AJ21-AI21,0) -> #VALUE! | AM21: =SUMIFS([1]记账凭证簿!$L$1:$L$65536,[1]记账凭证簿!$J$1:$J$65536,$C21,[1]记账凭证簿!$E$1:$E$65536,LEFTB(AM$3,2)) -> #VALUE! | AN21: =SUMIFS([1]记账凭证簿!$M$1:$M$65536,[1]记账凭证簿!$J$1:$J$65536,$C21,[1]记账凭证簿!$E$1:$E$65536,LEFTB(AN$3,2)) -> #VALUE! | AO21: =IF(AK21-AL21+AM21-AN21>0,AK21-AL21+AM21-AN21,0) -> #VALUE! | AP21: =IF(AL21-AK21+AN21-AM21>0,AL21-AK21+AN21-AM21,0) -> #VALUE! | AQ21: =SUMIFS([1]记账凭证簿!$L$1:$L$65536,[1]记账凭证簿!$J$1:$J$65536,$C21,[1]记账凭证簿!$E$1:$E$65536,LEFTB(AQ$3,2)) -> #VALUE! | AR21: =SUMIFS([1]记账凭证簿!$M$1:$M$65536,[1]记账凭证簿!$J$1:$J$65536,$C21,[1]记账凭证簿!$E$1:$E$65536,LEFTB(AR$3,2)) -> #VALUE! | AS21: =IF(AO21-AP21+AQ21-AR21>0,AO21-AP21+AQ21-AR21,0) -> #VALUE! | AT21: =IF(AP21-AO21+AR21-AQ21>0,AP21-AO21+AR21-AQ21,0) -> #VALUE! | AU21: =SUMIFS([1]记账凭证簿!$L$1:$L$65536,[1]记账凭证簿!$J$1:$J$65536,$C21,[1]记账凭证簿!$E$1:$E$65536,LEFTB(AU$3,2)) -> #VALUE! | AV21: =SUMIFS([1]记账凭证簿!$M$1:$M$65536,[1]记账凭证簿!$J$1:$J$65536,$C21,[1]记账凭证簿!$E$1:$E$65536,LEFTB(AV$3,2)) -> #VALUE! | AW21: =IF(AS21-AT21+AU21-AV21>0,AS21-AT21+AU21-AV21,0) -> #VALUE! | AX21: =IF(AT21-AS21+AV21-AU21>0,AT21-AS21+AV21-AU21,0) -> #VALUE! | AY21: =SUMIFS([1]记账凭证簿!$L$1:$L$65536,[1]记账凭证簿!$J$1:$J$65536,$C21,[1]记账凭证簿!$E$1:$E$65536,LEFTB(AY$3,2)) -> #VALUE! | AZ21: =SUMIFS([1]记账凭证簿!$M$1:$M$65536,[1]记账凭证簿!$J$1:$J$65536,$C21,[1]记账凭证簿!$E$1:$E$65536,LEFTB(AZ$3,2)) -> #VALUE! | BA21: =IF(AW21-AX21+AY21-AZ21>0,AW21-AX21+AY21-AZ21,0) -> #VALUE! | BB21: =IF(AX21-AW21+AZ21-AY21>0,AX21-AW21+AZ21-AY21,0) -> #VALUE!
B22: 1505 | C22: 债权投资 | E22: 0 | F22: 0 | G22: =SUMIFS([1]记账凭证簿!$L$1:$L$65536,[1]记账凭证簿!$J$1:$J$65536,$C22,[1]记账凭证簿!$E$1:$E$65536,LEFTB(G$3,2)) -> #VALUE! | H22: =SUMIFS([1]记账凭证簿!$M$1:$M$65536,[1]记账凭证簿!$J$1:$J$65536,$C22,[1]记账凭证簿!$E$1:$E$65536,LEFTB(H$3,2)) -> #VALUE! | I22: =IF(E22-F22+G22-H22>0,E22-F22+G22-H22,0) -> #VALUE! | J22: =IF(F22-E22+H22-G22>0,F22-E22+H22-G22,0) -> #VALUE! | K22: =SUMIFS([1]记账凭证簿!$L$1:$L$65536,[1]记账凭证簿!$J$1:$J$65536,$C22,[1]记账凭证簿!$E$1:$E$65536,LEFTB(K$3,2)) -> #VALUE! | L22: =SUMIFS([1]记账凭证簿!$M$1:$M$65536,[1]记账凭证簿!$J$1:$J$65536,$C22,[1]记账凭证簿!$E$1:$E$65536,LEFTB(L$3,2)) -> #VALUE! | M22: =IF(I22-J22+K22-L22>0,I22-J22+K22-L22,0) -> #VALUE! | N22: =IF(J22-I22+L22-K22>0,J22-I22+L22-K22,0) -> #VALUE! | O22: =SUMIFS([1]记账凭证簿!$L$1:$L$65536,[1]记账凭证簿!$J$1:$J$65536,$C22,[1]记账凭证簿!$E$1:$E$65536,LEFTB(O$3,2)) -> #VALUE! | P22: =SUMIFS([1]记账凭证簿!$M$1:$M$65536,[1]记账凭证簿!$J$1:$J$65536,$C22,[1]记账凭证簿!$E$1:$E$65536,LEFTB(P$3,2)) -> #VALUE! | Q22: =IF(M22-N22+O22-P22>0,M22-N22+O22-P22,0) -> #VALUE! | R22: =IF(N22-M22+P22-O22>0,N22-M22+P22-O22,0) -> #VALUE! | S22: =SUMIFS([1]记账凭证簿!$L$1:$L$65536,[1]记账凭证簿!$J$1:$J$65536,$C22,[1]记账凭证簿!$E$1:$E$65536,LEFTB(S$3,2)) -> #VALUE! | T22: =SUMIFS([1]记账凭证簿!$M$1:$M$65536,[1]记账凭证簿!$J$1:$J$65536,$C22,[1]记账凭证簿!$E$1:$E$65536,LEFTB(T$3,2)) -> #VALUE! | U22: =IF(Q22-R22+S22-T22>0,Q22-R22+S22-T22,0) -> #VALUE! | V22: =IF(R22-Q22+T22-S22>0,R22-Q22+T22-S22,0) -> #VALUE! | W22: =SUMIFS([1]记账凭证簿!$L$1:$L$65536,[1]记账凭证簿!$J$1:$J$65536,$C22,[1]记账凭证簿!$E$1:$E$65536,LEFTB(W$3,2)) -> #VALUE! | X22: =SUMIFS([1]记账凭证簿!$M$1:$M$65536,[1]记账凭证簿!$J$1:$J$65536,$C22,[1]记账凭证簿!$E$1:$E$65536,LEFTB(X$3,2)) -> #VALUE! | Y22: =IF(U22-V22+W22-X22>0,U22-V22+W22-X22,0) -> #VALUE! | Z22: =IF(V22-U22+X22-W22>0,V22-U22+X22-W22,0) -> #VALUE! | AA22: =SUMIFS([1]记账凭证簿!$L$1:$L$65536,[1]记账凭证簿!$J$1:$J$65536,$C22,[1]记账凭证簿!$E$1:$E$65536,LEFTB(AA$3,2)) -> #VALUE! | AB22: =SUMIFS([1]记账凭证簿!$M$1:$M$65536,[1]记账凭证簿!$J$1:$J$65536,$C22,[1]记账凭证簿!$E$1:$E$65536,LEFTB(AB$3,2)) -> #VALUE! | AC22: =IF(Y22-Z22+AA22-AB22>0,Y22-Z22+AA22-AB22,0) -> #VALUE! | AD22: =IF(Z22-Y22+AB22-AA22>0,Z22-Y22+AB22-AA22,0) -> #VALUE! | AE22: =SUMIFS([1]记账凭证簿!$L$1:$L$65536,[1]记账凭证簿!$J$1:$J$65536,$C22,[1]记账凭证簿!$E$1:$E$65536,LEFTB(AE$3,2)) -> #VALUE! | AF22: =SUMIFS([1]记账凭证簿!$M$1:$M$65536,[1]记账凭证簿!$J$1:$J$65536,$C22,[1]记账凭证簿!$E$1:$E$65536,LEFTB(AF$3,2)) -> #VALUE! | AG22: =IF(AC22-AD22+AE22-AF22>0,AC22-AD22+AE22-AF22,0) -> #VALUE! | AH22: =IF(AD22-AC22+AF22-AE22>0,AD22-AC22+AF22-AE22,0) -> #VALUE! | AI22: =SUMIFS([1]记账凭证簿!$L$1:$L$65536,[1]记账凭证簿!$J$1:$J$65536,$C22,[1]记账凭证簿!$E$1:$E$65536,LEFTB(AI$3,2)) -> #VALUE! | AJ22: =SUMIFS([1]记账凭证簿!$M$1:$M$65536,[1]记账凭证簿!$J$1:$J$65536,$C22,[1]记账凭证簿!$E$1:$E$65536,LEFTB(AJ$3,2)) -> #VALUE! | AK22: =IF(AG22-AH22+AI22-AJ22>0,AG22-AH22+AI22-AJ22,0) -> #VALUE! | AL22: =IF(AH22-AG22+AJ22-AI22>0,AH22-AG22+AJ22-AI22,0) -> #VALUE! | AM22: =SUMIFS([1]记账凭证簿!$L$1:$L$65536,[1]记账凭证簿!$J$1:$J$65536,$C22,[1]记账凭证簿!$E$1:$E$65536,LEFTB(AM$3,2)) -> #VALUE! | AN22: =SUMIFS([1]记账凭证簿!$M$1:$M$65536,[1]记账凭证簿!$J$1:$J$65536,$C22,[1]记账凭证簿!$E$1:$E$65536,LEFTB(AN$3,2)) -> #VALUE! | AO22: =IF(AK22-AL22+AM22-AN22>0,AK22-AL22+AM22-AN22,0) -> #VALUE! | AP22: =IF(AL22-AK22+AN22-AM22>0,AL22-AK22+AN22-AM22,0) -> #VALUE! | AQ22: =SUMIFS([1]记账凭证簿!$L$1:$L$65536,[1]记账凭证簿!$J$1:$J$65536,$C22,[1]记账凭证簿!$E$1:$E$65536,LEFTB(AQ$3,2)) -> #VALUE! | AR22: =SUMIFS([1]记账凭证簿!$M$1:$M$65536,[1]记账凭证簿!$J$1:$J$65536,$C22,[1]记账凭证簿!$E$1:$E$65536,LEFTB(AR$3,2)) -> #VALUE! | AS22: =IF(AO22-AP22+AQ22-AR22>0,AO22-AP22+AQ22-AR22,0) -> #VALUE! | AT22: =IF(AP22-AO22+AR22-AQ22>0,AP22-AO22+AR22-AQ22,0) -> #VALUE! | AU22: =SUMIFS([1]记账凭证簿!$L$1:$L$65536,[1]记账凭证簿!$J$1:$J$65536,$C22,[1]记账凭证簿!$E$1:$E$65536,LEFTB(AU$3,2)) -> #VALUE! | AV22: =SUMIFS([1]记账凭证簿!$M$1:$M$65536,[1]记账凭证簿!$J$1:$J$65536,$C22,[1]记账凭证簿!$E$1:$E$65536,LEFTB(AV$3,2)) -> #VALUE! | AW22: =IF(AS22-AT22+AU22-AV22>0,AS22-AT22+AU22-AV22,0) -> #VALUE! | AX22: =IF(AT22-AS22+AV22-AU22>0,AT22-AS22+AV22-AU22,0) -> #VALUE! | AY22: =SUMIFS([1]记账凭证簿!$L$1:$L$65536,[1]记账凭证簿!$J$1:$J$65536,$C22,[1]记账凭证簿!$E$1:$E$65536,LEFTB(AY$3,2)) -> #VALUE! | AZ22: =SUMIFS([1]记账凭证簿!$M$1:$M$65536,[1]记账凭证簿!$J$1:$J$65536,$C22,[1]记账凭证簿!$E$1:$E$65536,LEFTB(AZ$3,2)) -> #VALUE! | BA22: =IF(AW22-AX22+AY22-AZ22>0,AW22-AX22+AY22-AZ22,0) -> #VALUE! | BB22: =IF(AX22-AW22+AZ22-AY22>0,AX22-AW22+AZ22-AY22,0) -> #VALUE!
B23: 1506 | C23: 债权投资减值准备 | E23: 0 | F23: 0 | G23: =SUMIFS([1]记账凭证簿!$L$1:$L$65536,[1]记账凭证簿!$J$1:$J$65536,$C23,[1]记账凭证簿!$E$1:$E$65536,LEFTB(G$3,2)) -> #VALUE! | H23: =SUMIFS([1]记账凭证簿!$M$1:$M$65536,[1]记账凭证簿!$J$1:$J$65536,$C23,[1]记账凭证簿!$E$1:$E$65536,LEFTB(H$3,2)) -> #VALUE! | I23: =IF(E23-F23+G23-H23>0,E23-F23+G23-H23,0) -> #VALUE! | J23: =IF(F23-E23+H23-G23>0,F23-E23+H23-G23,0) -> #VALUE! | K23: =SUMIFS([1]记账凭证簿!$L$1:$L$65536,[1]记账凭证簿!$J$1:$J$65536,$C23,[1]记账凭证簿!$E$1:$E$65536,LEFTB(K$3,2)) -> #VALUE! | L23: =SUMIFS([1]记账凭证簿!$M$1:$M$65536,[1]记账凭证簿!$J$1:$J$65536,$C23,[1]记账凭证簿!$E$1:$E$65536,LEFTB(L$3,2)) -> #VALUE! | M23: =IF(I23-J23+K23-L23>0,I23-J23+K23-L23,0) -> #VALUE! | N23: =IF(J23-I23+L23-K23>0,J23-I23+L23-K23,0) -> #VALUE! | O23: =SUMIFS([1]记账凭证簿!$L$1:$L$65536,[1]记账凭证簿!$J$1:$J$65536,$C23,[1]记账凭证簿!$E$1:$E$65536,LEFTB(O$3,2)) -> #VALUE! | P23: =SUMIFS([1]记账凭证簿!$M$1:$M$65536,[1]记账凭证簿!$J$1:$J$65536,$C23,[1]记账凭证簿!$E$1:$E$65536,LEFTB(P$3,2)) -> #VALUE! | Q23: =IF(M23-N23+O23-P23>0,M23-N23+O23-P23,0) -> #VALUE! | R23: =IF(N23-M23+P23-O23>0,N23-M23+P23-O23,0) -> #VALUE! | S23: =SUMIFS([1]记账凭证簿!$L$1:$L$65536,[1]记账凭证簿!$J$1:$J$65536,$C23,[1]记账凭证簿!$E$1:$E$65536,LEFTB(S$3,2)) -> #VALUE! | T23: =SUMIFS([1]记账凭证簿!$M$1:$M$65536,[1]记账凭证簿!$J$1:$J$65536,$C23,[1]记账凭证簿!$E$1:$E$65536,LEFTB(T$3,2)) -> #VALUE! | U23: =IF(Q23-R23+S23-T23>0,Q23-R23+S23-T23,0) -> #VALUE! | V23: =IF(R23-Q23+T23-S23>0,R23-Q23+T23-S23,0) -> #VALUE! | W23: =SUMIFS([1]记账凭证簿!$L$1:$L$65536,[1]记账凭证簿!$J$1:$J$65536,$C23,[1]记账凭证簿!$E$1:$E$65536,LEFTB(W$3,2)) -> #VALUE! | X23: =SUMIFS([1]记账凭证簿!$M$1:$M$65536,[1]记账凭证簿!$J$1:$J$65536,$C23,[1]记账凭证簿!$E$1:$E$65536,LEFTB(X$3,2)) -> #VALUE! | Y23: =IF(U23-V23+W23-X23>0,U23-V23+W23-X23,0) -> #VALUE! | Z23: =IF(V23-U23+X23-W23>0,V23-U23+X23-W23,0) -> #VALUE! | AA23: =SUMIFS([1]记账凭证簿!$L$1:$L$65536,[1]记账凭证簿!$J$1:$J$65536,$C23,[1]记账凭证簿!$E$1:$E$65536,LEFTB(AA$3,2)) -> #VALUE! | AB23: =SUMIFS([1]记账凭证簿!$M$1:$M$65536,[1]记账凭证簿!$J$1:$J$65536,$C23,[1]记账凭证簿!$E$1:$E$65536,LEFTB(AB$3,2)) -> #VALUE! | AC23: =IF(Y23-Z23+AA23-AB23>0,Y23-Z23+AA23-AB23,0) -> #VALUE! | AD23: =IF(Z23-Y23+AB23-AA23>0,Z23-Y23+AB23-AA23,0) -> #VALUE! | AE23: =SUMIFS([1]记账凭证簿!$L$1:$L$65536,[1]记账凭证簿!$J$1:$J$65536,$C23,[1]记账凭证簿!$E$1:$E$65536,LEFTB(AE$3,2)) -> #VALUE! | AF23: =SUMIFS([1]记账凭证簿!$M$1:$M$65536,[1]记账凭证簿!$J$1:$J$65536,$C23,[1]记账凭证簿!$E$1:$E$65536,LEFTB(AF$3,2)) -> #VALUE! | AG23: =IF(AC23-AD23+AE23-AF23>0,AC23-AD23+AE23-AF23,0) -> #VALUE! | AH23: =IF(AD23-AC23+AF23-AE23>0,AD23-AC23+AF23-AE23,0) -> #VALUE! | AI23: =SUMIFS([1]记账凭证簿!$L$1:$L$65536,[1]记账凭证簿!$J$1:$J$65536,$C23,[1]记账凭证簿!$E$1:$E$65536,LEFTB(AI$3,2)) -> #VALUE! | AJ23: =SUMIFS([1]记账凭证簿!$M$1:$M$65536,[1]记账凭证簿!$J$1:$J$65536,$C23,[1]记账凭证簿!$E$1:$E$65536,LEFTB(AJ$3,2)) -> #VALUE! | AK23: =IF(AG23-AH23+AI23-AJ23>0,AG23-AH23+AI23-AJ23,0) -> #VALUE! | AL23: =IF(AH23-AG23+AJ23-AI23>0,AH23-AG23+AJ23-AI23,0) -> #VALUE! | AM23: =SUMIFS([1]记账凭证簿!$L$1:$L$65536,[1]记账凭证簿!$J$1:$J$65536,$C23,[1]记账凭证簿!$E$1:$E$65536,LEFTB(AM$3,2)) -> #VALUE! | AN23: =SUMIFS([1]记账凭证簿!$M$1:$M$65536,[1]记账凭证簿!$J$1:$J$65536,$C23,[1]记账凭证簿!$E$1:$E$65536,LEFTB(AN$3,2)) -> #VALUE! | AO23: =IF(AK23-AL23+AM23-AN23>0,AK23-AL23+AM23-AN23,0) -> #VALUE! | AP23: =IF(AL23-AK23+AN23-AM23>0,AL23-AK23+AN23-AM23,0) -> #VALUE! | AQ23: =SUMIFS([1]记账凭证簿!$L$1:$L$65536,[1]记账凭证簿!$J$1:$J$65536,$C23,[1]记账凭证簿!$E$1:$E$65536,LEFTB(AQ$3,2)) -> #VALUE! | AR23: =SUMIFS([1]记账凭证簿!$M$1:$M$65536,[1]记账凭证簿!$J$1:$J$65536,$C23,[1]记账凭证簿!$E$1:$E$65536,LEFTB(AR$3,2)) -> #VALUE! | AS23: =IF(AO23-AP23+AQ23-AR23>0,AO23-AP23+AQ23-AR23,0) -> #VALUE! | AT23: =IF(AP23-AO23+AR23-AQ23>0,AP23-AO23+AR23-AQ23,0) -> #VALUE! | AU23: =SUMIFS([1]记账凭证簿!$L$1:$L$65536,[1]记账凭证簿!$J$1:$J$65536,$C23,[1]记账凭证簿!$E$1:$E$65536,LEFTB(AU$3,2)) -> #VALUE! | AV23: =SUMIFS([1]记账凭证簿!$M$1:$M$65536,[1]记账凭证簿!$J$1:$J$65536,$C23,[1]记账凭证簿!$E$1:$E$65536,LEFTB(AV$3,2)) -> #VALUE! | AW23: =IF(AS23-AT23+AU23-AV23>0,AS23-AT23+AU23-AV23,0) -> #VALUE! | AX23: =IF(AT23-AS23+AV23-AU23>0,AT23-AS23+AV23-AU23,0) -> #VALUE! | AY23: =SUMIFS([1]记账凭证簿!$L$1:$L$65536,[1]记账凭证簿!$J$1:$J$65536,$C23,[1]记账凭证簿!$E$1:$E$65536,LEFTB(AY$3,2)) -> #VALUE! | AZ23: =SUMIFS([1]记账凭证簿!$M$1:$M$65536,[1]记账凭证簿!$J$1:$J$65536,$C23,[1]记账凭证簿!$E$1:$E$65536,LEFTB(AZ$3,2)) -> #VALUE! | BA23: =IF(AW23-AX23+AY23-AZ23>0,AW23-AX23+AY23-AZ23,0) -> #VALUE! | BB23: =IF(AX23-AW23+AZ23-AY23>0,AX23-AW23+AZ23-AY23,0) -> #VALUE!
B24: 1507 | C24: 其他债权投资 | E24: 0 | F24: 0 | G24: =SUMIFS([1]记账凭证簿!$L$1:$L$65536,[1]记账凭证簿!$J$1:$J$65536,$C24,[1]记账凭证簿!$E$1:$E$65536,LEFTB(G$3,2)) -> #VALUE! | H24: =SUMIFS([1]记账凭证簿!$M$1:$M$65536,[1]记账凭证簿!$J$1:$J$65536,$C24,[1]记账凭证簿!$E$1:$E$65536,LEFTB(H$3,2)) -> #VALUE! | I24: =IF(E24-F24+G24-H24>0,E24-F24+G24-H24,0) -> #VALUE! | J24: =IF(F24-E24+H24-G24>0,F24-E24+H24-G24,0) -> #VALUE! | K24: =SUMIFS([1]记账凭证簿!$L$1:$L$65536,[1]记账凭证簿!$J$1:$J$65536,$C24,[1]记账凭证簿!$E$1:$E$65536,LEFTB(K$3,2)) -> #VALUE! | L24: =SUMIFS([1]记账凭证簿!$M$1:$M$65536,[1]记账凭证簿!$J$1:$J$65536,$C24,[1]记账凭证簿!$E$1:$E$65536,LEFTB(L$3,2)) -> #VALUE! | M24: =IF(I24-J24+K24-L24>0,I24-J24+K24-L24,0) -> #VALUE! | N24: =IF(J24-I24+L24-K24>0,J24-I24+L24-K24,0) -> #VALUE! | O24: =SUMIFS([1]记账凭证簿!$L$1:$L$65536,[1]记账凭证簿!$J$1:$J$65536,$C24,[1]记账凭证簿!$E$1:$E$65536,LEFTB(O$3,2)) -> #VALUE! | P24: =SUMIFS([1]记账凭证簿!$M$1:$M$65536,[1]记账凭证簿!$J$1:$J$65536,$C24,[1]记账凭证簿!$E$1:$E$65536,LEFTB(P$3,2)) -> #VALUE! | Q24: =IF(M24-N24+O24-P24>0,M24-N24+O24-P24,0) -> #VALUE! | R24: =IF(N24-M24+P24-O24>0,N24-M24+P24-O24,0) -> #VALUE! | S24: =SUMIFS([1]记账凭证簿!$L$1:$L$65536,[1]记账凭证簿!$J$1:$J$65536,$C24,[1]记账凭证簿!$E$1:$E$65536,LEFTB(S$3,2)) -> #VALUE! | T24: =SUMIFS([1]记账凭证簿!$M$1:$M$65536,[1]记账凭证簿!$J$1:$J$65536,$C24,[1]记账凭证簿!$E$1:$E$65536,LEFTB(T$3,2)) -> #VALUE! | U24: =IF(Q24-R24+S24-T24>0,Q24-R24+S24-T24,0) -> #VALUE! | V24: =IF(R24-Q24+T24-S24>0,R24-Q24+T24-S24,0) -> #VALUE! | W24: =SUMIFS([1]记账凭证簿!$L$1:$L$65536,[1]记账凭证簿!$J$1:$J$65536,$C24,[1]记账凭证簿!$E$1:$E$65536,LEFTB(W$3,2)) -> #VALUE! | X24: =SUMIFS([1]记账凭证簿!$M$1:$M$65536,[1]记账凭证簿!$J$1:$J$65536,$C24,[1]记账凭证簿!$E$1:$E$65536,LEFTB(X$3,2)) -> #VALUE! | Y24: =IF(U24-V24+W24-X24>0,U24-V24+W24-X24,0) -> #VALUE! | Z24: =IF(V24-U24+X24-W24>0,V24-U24+X24-W24,0) -> #VALUE! | AA24: =SUMIFS([1]记账凭证簿!$L$1:$L$65536,[1]记账凭证簿!$J$1:$J$65536,$C24,[1]记账凭证簿!$E$1:$E$65536,LEFTB(AA$3,2)) -> #VALUE! | AB24: =SUMIFS([1]记账凭证簿!$M$1:$M$65536,[1]记账凭证簿!$J$1:$J$65536,$C24,[1]记账凭证簿!$E$1:$E$65536,LEFTB(AB$3,2)) -> #VALUE! | AC24: =IF(Y24-Z24+AA24-AB24>0,Y24-Z24+AA24-AB24,0) -> #VALUE! | AD24: =IF(Z24-Y24+AB24-AA24>0,Z24-Y24+AB24-AA24,0) -> #VALUE! | AE24: =SUMIFS([1]记账凭证簿!$L$1:$L$65536,[1]记账凭证簿!$J$1:$J$65536,$C24,[1]记账凭证簿!$E$1:$E$65536,LEFTB(AE$3,2)) -> #VALUE! | AF24: =SUMIFS([1]记账凭证簿!$M$1:$M$65536,[1]记账凭证簿!$J$1:$J$65536,$C24,[1]记账凭证簿!$E$1:$E$65536,LEFTB(AF$3,2)) -> #VALUE! | AG24: =IF(AC24-AD24+AE24-AF24>0,AC24-AD24+AE24-AF24,0) -> #VALUE! | AH24: =IF(AD24-AC24+AF24-AE24>0,AD24-AC24+AF24-AE24,0) -> #VALUE! | AI24: =SUMIFS([1]记账凭证簿!$L$1:$L$65536,[1]记账凭证簿!$J$1:$J$65536,$C24,[1]记账凭证簿!$E$1:$E$65536,LEFTB(AI$3,2)) -> #VALUE! | AJ24: =SUMIFS([1]记账凭证簿!$M$1:$M$65536,[1]记账凭证簿!$J$1:$J$65536,$C24,[1]记账凭证簿!$E$1:$E$65536,LEFTB(AJ$3,2)) -> #VALUE! | AK24: =IF(AG24-AH24+AI24-AJ24>0,AG24-AH24+AI24-AJ24,0) -> #VALUE! | AL24: =IF(AH24-AG24+AJ24-AI24>0,AH24-AG24+AJ24-AI24,0) -> #VALUE! | AM24: =SUMIFS([1]记账凭证簿!$L$1:$L$65536,[1]记账凭证簿!$J$1:$J$65536,$C24,[1]记账凭证簿!$E$1:$E$65536,LEFTB(AM$3,2)) -> #VALUE! | AN24: =SUMIFS([1]记账凭证簿!$M$1:$M$65536,[1]记账凭证簿!$J$1:$J$65536,$C24,[1]记账凭证簿!$E$1:$E$65536,LEFTB(AN$3,2)) -> #VALUE! | AO24: =IF(AK24-AL24+AM24-AN24>0,AK24-AL24+AM24-AN24,0) -> #VALUE! | AP24: =IF(AL24-AK24+AN24-AM24>0,AL24-AK24+AN24-AM24,0) -> #VALUE! | AQ24: =SUMIFS([1]记账凭证簿!$L$1:$L$65536,[1]记账凭证簿!$J$1:$J$65536,$C24,[1]记账凭证簿!$E$1:$E$65536,LEFTB(AQ$3,2)) -> #VALUE! | AR24: =SUMIFS([1]记账凭证簿!$M$1:$M$65536,[1]记账凭证簿!$J$1:$J$65536,$C24,[1]记账凭证簿!$E$1:$E$65536,LEFTB(AR$3,2)) -> #VALUE! | AS24: =IF(AO24-AP24+AQ24-AR24>0,AO24-AP24+AQ24-AR24,0) -> #VALUE! | AT24: =IF(AP24-AO24+AR24-AQ24>0,AP24-AO24+AR24-AQ24,0) -> #VALUE! | AU24: =SUMIFS([1]记账凭证簿!$L$1:$L$65536,[1]记账凭证簿!$J$1:$J$65536,$C24,[1]记账凭证簿!$E$1:$E$65536,LEFTB(AU$3,2)) -> #VALUE! | AV24: =SUMIFS([1]记账凭证簿!$M$1:$M$65536,[1]记账凭证簿!$J$1:$J$65536,$C24,[1]记账凭证簿!$E$1:$E$65536,LEFTB(AV$3,2)) -> #VALUE! | AW24: =IF(AS24-AT24+AU24-AV24>0,AS24-AT24+AU24-AV24,0) -> #VALUE! | AX24: =IF(AT24-AS24+AV24-AU24>0,AT24-AS24+AV24-AU24,0) -> #VALUE! | AY24: =SUMIFS([1]记账凭证簿!$L$1:$L$65536,[1]记账凭证簿!$J$1:$J$65536,$C24,[1]记账凭证簿!$E$1:$E$65536,LEFTB(AY$3,2)) -> #VALUE! | AZ24: =SUMIFS([1]记账凭证簿!$M$1:$M$65536,[1]记账凭证簿!$J$1:$J$65536,$C24,[1]记账凭证簿!$E$1:$E$65536,LEFTB(AZ$3,2)) -> #VALUE! | BA24: =IF(AW24-AX24+AY24-AZ24>0,AW24-AX24+AY24-AZ24,0) -> #VALUE! | BB24: =IF(AX24-AW24+AZ24-AY24>0,AX24-AW24+AZ24-AY24,0) -> #VALUE!
B25: 1511 | C25: 长期股权投资 | E25: 300000 | G25: =SUMIFS([1]记账凭证簿!$L$1:$L$65536,[1]记账凭证簿!$J$1:$J$65536,$C25,[1]记账凭证簿!$E$1:$E$65536,LEFTB(G$3,2)) -> #VALUE! | H25: =SUMIFS([1]记账凭证簿!$M$1:$M$65536,[1]记账凭证簿!$J$1:$J$65536,$C25,[1]记账凭证簿!$E$1:$E$65536,LEFTB(H$3,2)) -> #VALUE! | I25: =IF(E25-F25+G25-H25>0,E25-F25+G25-H25,0) -> #VALUE! | J25: =IF(F25-E25+H25-G25>0,F25-E25+H25-G25,0) -> #VALUE! | K25: =SUMIFS([1]记账凭证簿!$L$1:$L$65536,[1]记账凭证簿!$J$1:$J$65536,$C25,[1]记账凭证簿!$E$1:$E$65536,LEFTB(K$3,2)) -> #VALUE! | L25: =SUMIFS([1]记账凭证簿!$M$1:$M$65536,[1]记账凭证簿!$J$1:$J$65536,$C25,[1]记账凭证簿!$E$1:$E$65536,LEFTB(L$3,2)) -> #VALUE! | M25: =IF(I25-J25+K25-L25>0,I25-J25+K25-L25,0) -> #VALUE! | N25: =IF(J25-I25+L25-K25>0,J25-I25+L25-K25,0) -> #VALUE! | O25: =SUMIFS([1]记账凭证簿!$L$1:$L$65536,[1]记账凭证簿!$J$1:$J$65536,$C25,[1]记账凭证簿!$E$1:$E$65536,LEFTB(O$3,2)) -> #VALUE! | P25: =SUMIFS([1]记账凭证簿!$M$1:$M$65536,[1]记账凭证簿!$J$1:$J$65536,$C25,[1]记账凭证簿!$E$1:$E$65536,LEFTB(P$3,2)) -> #VALUE! | Q25: =IF(M25-N25+O25-P25>0,M25-N25+O25-P25,0) -> #VALUE! | R25: =IF(N25-M25+P25-O25>0,N25-M25+P25-O25,0) -> #VALUE! | S25: =SUMIFS([1]记账凭证簿!$L$1:$L$65536,[1]记账凭证簿!$J$1:$J$65536,$C25,[1]记账凭证簿!$E$1:$E$65536,LEFTB(S$3,2)) -> #VALUE! | T25: =SUMIFS([1]记账凭证簿!$M$1:$M$65536,[1]记账凭证簿!$J$1:$J$65536,$C25,[1]记账凭证簿!$E$1:$E$65536,LEFTB(T$3,2)) -> #VALUE! | U25: =IF(Q25-R25+S25-T25>0,Q25-R25+S25-T25,0) -> #VALUE! | V25: =IF(R25-Q25+T25-S25>0,R25-Q25+T25-S25,0) -> #VALUE! | W25: =SUMIFS([1]记账凭证簿!$L$1:$L$65536,[1]记账凭证簿!$J$1:$J$65536,$C25,[1]记账凭证簿!$E$1:$E$65536,LEFTB(W$3,2)) -> #VALUE! | X25: =SUMIFS([1]记账凭证簿!$M$1:$M$65536,[1]记账凭证簿!$J$1:$J$65536,$C25,[1]记账凭证簿!$E$1:$E$65536,LEFTB(X$3,2)) -> #VALUE! | Y25: =IF(U25-V25+W25-X25>0,U25-V25+W25-X25,0) -> #VALUE! | Z25: =IF(V25-U25+X25-W25>0,V25-U25+X25-W25,0) -> #VALUE! | AA25: =SUMIFS([1]记账凭证簿!$L$1:$L$65536,[1]记账凭证簿!$J$1:$J$65536,$C25,[1]记账凭证簿!$E$1:$E$65536,LEFTB(AA$3,2)) -> #VALUE! | AB25: =SUMIFS([1]记账凭证簿!$M$1:$M$65536,[1]记账凭证簿!$J$1:$J$65536,$C25,[1]记账凭证簿!$E$1:$E$65536,LEFTB(AB$3,2)) -> #VALUE! | AC25: =IF(Y25-Z25+AA25-AB25>0,Y25-Z25+AA25-AB25,0) -> #VALUE! | AD25: =IF(Z25-Y25+AB25-AA25>0,Z25-Y25+AB25-AA25,0) -> #VALUE! | AE25: =SUMIFS([1]记账凭证簿!$L$1:$L$65536,[1]记账凭证簿!$J$1:$J$65536,$C25,[1]记账凭证簿!$E$1:$E$65536,LEFTB(AE$3,2)) -> #VALUE! | AF25: =SUMIFS([1]记账凭证簿!$M$1:$M$65536,[1]记账凭证簿!$J$1:$J$65536,$C25,[1]记账凭证簿!$E$1:$E$65536,LEFTB(AF$3,2)) -> #VALUE! | AG25: =IF(AC25-AD25+AE25-AF25>0,AC25-AD25+AE25-AF25,0) -> #VALUE! | AH25: =IF(AD25-AC25+AF25-AE25>0,AD25-AC25+AF25-AE25,0) -> #VALUE! | AI25: =SUMIFS([1]记账凭证簿!$L$1:$L$65536,[1]记账凭证簿!$J$1:$J$65536,$C25,[1]记账凭证簿!$E$1:$E$65536,LEFTB(AI$3,2)) -> #VALUE! | AJ25: =SUMIFS([1]记账凭证簿!$M$1:$M$65536,[1]记账凭证簿!$J$1:$J$65536,$C25,[1]记账凭证簿!$E$1:$E$65536,LEFTB(AJ$3,2)) -> #VALUE! | AK25: =IF(AG25-AH25+AI25-AJ25>0,AG25-AH25+AI25-AJ25,0) -> #VALUE! | AL25: =IF(AH25-AG25+AJ25-AI25>0,AH25-AG25+AJ25-AI25,0) -> #VALUE! | AM25: =SUMIFS([1]记账凭证簿!$L$1:$L$65536,[1]记账凭证簿!$J$1:$J$65536,$C25,[1]记账凭证簿!$E$1:$E$65536,LEFTB(AM$3,2)) -> #VALUE! | AN25: =SUMIFS([1]记账凭证簿!$M$1:$M$65536,[1]记账凭证簿!$J$1:$J$65536,$C25,[1]记账凭证簿!$E$1:$E$65536,LEFTB(AN$3,2)) -> #VALUE! | AO25: =IF(AK25-AL25+AM25-AN25>0,AK25-AL25+AM25-AN25,0) -> #VALUE! | AP25: =IF(AL25-AK25+AN25-AM25>0,AL25-AK25+AN25-AM25,0) -> #VALUE! | AQ25: =SUMIFS([1]记账凭证簿!$L$1:$L$65536,[1]记账凭证簿!$J$1:$J$65536,$C25,[1]记账凭证簿!$E$1:$E$65536,LEFTB(AQ$3,2)) -> #VALUE! | AR25: =SUMIFS([1]记账凭证簿!$M$1:$M$65536,[1]记账凭证簿!$J$1:$J$65536,$C25,[1]记账凭证簿!$E$1:$E$65536,LEFTB(AR$3,2)) -> #VALUE! | AS25: =IF(AO25-AP25+AQ25-AR25>0,AO25-AP25+AQ25-AR25,0) -> #VALUE! | AT25: =IF(AP25-AO25+AR25-AQ25>0,AP25-AO25+AR25-AQ25,0) -> #VALUE! | AU25: =SUMIFS([1]记账凭证簿!$L$1:$L$65536,[1]记账凭证簿!$J$1:$J$65536,$C25,[1]记账凭证簿!$E$1:$E$65536,LEFTB(AU$3,2)) -> #VALUE! | AV25: =SUMIFS([1]记账凭证簿!$M$1:$M$65536,[1]记账凭证簿!$J$1:$J$65536,$C25,[1]记账凭证簿!$E$1:$E$65536,LEFTB(AV$3,2)) -> #VALUE! | AW25: =IF(AS25-AT25+AU25-AV25>0,AS25-AT25+AU25-AV25,0) -> #VALUE! | AX25: =IF(AT25-AS25+AV25-AU25>0,AT25-AS25+AV25-AU25,0) -> #VALUE! | AY25: =SUMIFS([1]记账凭证簿!$L$1:$L$65536,[1]记账凭证簿!$J$1:$J$65536,$C25,[1]记账凭证簿!$E$1:$E$65536,LEFTB(AY$3,2)) -> #VALUE! | AZ25: =SUMIFS([1]记账凭证簿!$M$1:$M$65536,[1]记账凭证簿!$J$1:$J$65536,$C25,[1]记账凭证簿!$E$1:$E$65536,LEFTB(AZ$3,2)) -> #VALUE! | BA25: =IF(AW25-AX25+AY25-AZ25>0,AW25-AX25+AY25-AZ25,0) -> #VALUE! | BB25: =IF(AX25-AW25+AZ25-AY25>0,AX25-AW25+AZ25-AY25,0) -> #VALUE!
B26: 1528 | C26: 其他权益工具投资 | E26: 0 | F26: 0 | G26: =SUMIFS([1]记账凭证簿!$L$1:$L$65536,[1]记账凭证簿!$J$1:$J$65536,$C26,[1]记账凭证簿!$E$1:$E$65536,LEFTB(G$3,2)) -> #VALUE! | H26: =SUMIFS([1]记账凭证簿!$M$1:$M$65536,[1]记账凭证簿!$J$1:$J$65536,$C26,[1]记账凭证簿!$E$1:$E$65536,LEFTB(H$3,2)) -> #VALUE! | I26: =IF(E26-F26+G26-H26>0,E26-F26+G26-H26,0) -> #VALUE! | J26: =IF(F26-E26+H26-G26>0,F26-E26+H26-G26,0) -> #VALUE! | K26: =SUMIFS([1]记账凭证簿!$L$1:$L$65536,[1]记账凭证簿!$J$1:$J$65536,$C26,[1]记账凭证簿!$E$1:$E$65536,LEFTB(K$3,2)) -> #VALUE! | L26: =SUMIFS([1]记账凭证簿!$M$1:$M$65536,[1]记账凭证簿!$J$1:$J$65536,$C26,[1]记账凭证簿!$E$1:$E$65536,LEFTB(L$3,2)) -> #VALUE! | M26: =IF(I26-J26+K26-L26>0,I26-J26+K26-L26,0) -> #VALUE! | N26: =IF(J26-I26+L26-K26>0,J26-I26+L26-K26,0) -> #VALUE! | O26: =SUMIFS([1]记账凭证簿!$L$1:$L$65536,[1]记账凭证簿!$J$1:$J$65536,$C26,[1]记账凭证簿!$E$1:$E$65536,LEFTB(O$3,2)) -> #VALUE! | P26: =SUMIFS([1]记账凭证簿!$M$1:$M$65536,[1]记账凭证簿!$J$1:$J$65536,$C26,[1]记账凭证簿!$E$1:$E$65536,LEFTB(P$3,2)) -> #VALUE! | Q26: =IF(M26-N26+O26-P26>0,M26-N26+O26-P26,0) -> #VALUE! | R26: =IF(N26-M26+P26-O26>0,N26-M26+P26-O26,0) -> #VALUE! | S26: =SUMIFS([1]记账凭证簿!$L$1:$L$65536,[1]记账凭证簿!$J$1:$J$65536,$C26,[1]记账凭证簿!$E$1:$E$65536,LEFTB(S$3,2)) -> #VALUE! | T26: =SUMIFS([1]记账凭证簿!$M$1:$M$65536,[1]记账凭证簿!$J$1:$J$65536,$C26,[1]记账凭证簿!$E$1:$E$65536,LEFTB(T$3,2)) -> #VALUE! | U26: =IF(Q26-R26+S26-T26>0,Q26-R26+S26-T26,0) -> #VALUE! | V26: =IF(R26-Q26+T26-S26>0,R26-Q26+T26-S26,0) -> #VALUE! | W26: =SUMIFS([1]记账凭证簿!$L$1:$L$65536,[1]记账凭证簿!$J$1:$J$65536,$C26,[1]记账凭证簿!$E$1:$E$65536,LEFTB(W$3,2)) -> #VALUE! | X26: =SUMIFS([1]记账凭证簿!$M$1:$M$65536,[1]记账凭证簿!$J$1:$J$65536,$C26,[1]记账凭证簿!$E$1:$E$65536,LEFTB(X$3,2)) -> #VALUE! | Y26: =IF(U26-V26+W26-X26>0,U26-V26+W26-X26,0) -> #VALUE! | Z26: =IF(V26-U26+X26-W26>0,V26-U26+X26-W26,0) -> #VALUE! | AA26: =SUMIFS([1]记账凭证簿!$L$1:$L$65536,[1]记账凭证簿!$J$1:$J$65536,$C26,[1]记账凭证簿!$E$1:$E$65536,LEFTB(AA$3,2)) -> #VALUE! | AB26: =SUMIFS([1]记账凭证簿!$M$1:$M$65536,[1]记账凭证簿!$J$1:$J$65536,$C26,[1]记账凭证簿!$E$1:$E$65536,LEFTB(AB$3,2)) -> #VALUE! | AC26: =IF(Y26-Z26+AA26-AB26>0,Y26-Z26+AA26-AB26,0) -> #VALUE! | AD26: =IF(Z26-Y26+AB26-AA26>0,Z26-Y26+AB26-AA26,0) -> #VALUE! | AE26: =SUMIFS([1]记账凭证簿!$L$1:$L$65536,[1]记账凭证簿!$J$1:$J$65536,$C26,[1]记账凭证簿!$E$1:$E$65536,LEFTB(AE$3,2)) -> #VALUE! | AF26: =SUMIFS([1]记账凭证簿!$M$1:$M$65536,[1]记账凭证簿!$J$1:$J$65536,$C26,[1]记账凭证簿!$E$1:$E$65536,LEFTB(AF$3,2)) -> #VALUE! | AG26: =IF(AC26-AD26+AE26-AF26>0,AC26-AD26+AE26-AF26,0) -> #VALUE! | AH26: =IF(AD26-AC26+AF26-AE26>0,AD26-AC26+AF26-AE26,0) -> #VALUE! | AI26: =SUMIFS([1]记账凭证簿!$L$1:$L$65536,[1]记账凭证簿!$J$1:$J$65536,$C26,[1]记账凭证簿!$E$1:$E$65536,LEFTB(AI$3,2)) -> #VALUE! | AJ26: =SUMIFS([1]记账凭证簿!$M$1:$M$65536,[1]记账凭证簿!$J$1:$J$65536,$C26,[1]记账凭证簿!$E$1:$E$65536,LEFTB(AJ$3,2)) -> #VALUE! | AK26: =IF(AG26-AH26+AI26-AJ26>0,AG26-AH26+AI26-AJ26,0) -> #VALUE! | AL26: =IF(AH26-AG26+AJ26-AI26>0,AH26-AG26+AJ26-AI26,0) -> #VALUE! | AM26: =SUMIFS([1]记账凭证簿!$L$1:$L$65536,[1]记账凭证簿!$J$1:$J$65536,$C26,[1]记账凭证簿!$E$1:$E$65536,LEFTB(AM$3,2)) -> #VALUE! | AN26: =SUMIFS([1]记账凭证簿!$M$1:$M$65536,[1]记账凭证簿!$J$1:$J$65536,$C26,[1]记账凭证簿!$E$1:$E$65536,LEFTB(AN$3,2)) -> #VALUE! | AO26: =IF(AK26-AL26+AM26-AN26>0,AK26-AL26+AM26-AN26,0) -> #VALUE! | AP26: =IF(AL26-AK26+AN26-AM26>0,AL26-AK26+AN26-AM26,0) -> #VALUE! | AQ26: =SUMIFS([1]记账凭证簿!$L$1:$L$65536,[1]记账凭证簿!$J$1:$J$65536,$C26,[1]记账凭证簿!$E$1:$E$65536,LEFTB(AQ$3,2)) -> #VALUE! | AR26: =SUMIFS([1]记账凭证簿!$M$1:$M$65536,[1]记账凭证簿!$J$1:$J$65536,$C26,[1]记账凭证簿!$E$1:$E$65536,LEFTB(AR$3,2)) -> #VALUE! | AS26: =IF(AO26-AP26+AQ26-AR26>0,AO26-AP26+AQ26-AR26,0) -> #VALUE! | AT26: =IF(AP26-AO26+AR26-AQ26>0,AP26-AO26+AR26-AQ26,0) -> #VALUE! | AU26: =SUMIFS([1]记账凭证簿!$L$1:$L$65536,[1]记账凭证簿!$J$1:$J$65536,$C26,[1]记账凭证簿!$E$1:$E$65536,LEFTB(AU$3,2)) -> #VALUE! | AV26: =SUMIFS([1]记账凭证簿!$M$1:$M$65536,[1]记账凭证簿!$J$1:$J$65536,$C26,[1]记账凭证簿!$E$1:$E$65536,LEFTB(AV$3,2)) -> #VALUE! | AW26: =IF(AS26-AT26+AU26-AV26>0,AS26-AT26+AU26-AV26,0) -> #VALUE! | AX26: =IF(AT26-AS26+AV26-AU26>0,AT26-AS26+AV26-AU26,0) -> #VALUE! | AY26: =SUMIFS([1]记账凭证簿!$L$1:$L$65536,[1]记账凭证簿!$J$1:$J$65536,$C26,[1]记账凭证簿!$E$1:$E$65536,LEFTB(AY$3,2)) -> #VALUE! | AZ26: =SUMIFS([1]记账凭证簿!$M$1:$M$65536,[1]记账凭证簿!$J$1:$J$65536,$C26,[1]记账凭证簿!$E$1:$E$65536,LEFTB(AZ$3,2)) -> #VALUE! | BA26: =IF(AW26-AX26+AY26-AZ26>0,AW26-AX26+AY26-AZ26,0) -> #VALUE! | BB26: =IF(AX26-AW26+AZ26-AY26>0,AX26-AW26+AZ26-AY26,0) -> #VALUE!
B27: 1601 | C27: 固定资产 | E27: 23028050 | G27: =SUMIFS([1]记账凭证簿!$L$1:$L$65536,[1]记账凭证簿!$J$1:$J$65536,$C27,[1]记账凭证簿!$E$1:$E$65536,LEFTB(G$3,2)) -> #VALUE! | H27: =SUMIFS([1]记账凭证簿!$M$1:$M$65536,[1]记账凭证簿!$J$1:$J$65536,$C27,[1]记账凭证簿!$E$1:$E$65536,LEFTB(H$3,2)) -> #VALUE! | I27: =IF(E27-F27+G27-H27>0,E27-F27+G27-H27,0) -> #VALUE! | J27: =IF(F27-E27+H27-G27>0,F27-E27+H27-G27,0) -> #VALUE! | K27: =SUMIFS([1]记账凭证簿!$L$1:$L$65536,[1]记账凭证簿!$J$1:$J$65536,$C27,[1]记账凭证簿!$E$1:$E$65536,LEFTB(K$3,2)) -> #VALUE! | L27: =SUMIFS([1]记账凭证簿!$M$1:$M$65536,[1]记账凭证簿!$J$1:$J$65536,$C27,[1]记账凭证簿!$E$1:$E$65536,LEFTB(L$3,2)) -> #VALUE! | M27: =IF(I27-J27+K27-L27>0,I27-J27+K27-L27,0) -> #VALUE! | N27: =IF(J27-I27+L27-K27>0,J27-I27+L27-K27,0) -> #VALUE! | O27: =SUMIFS([1]记账凭证簿!$L$1:$L$65536,[1]记账凭证簿!$J$1:$J$65536,$C27,[1]记账凭证簿!$E$1:$E$65536,LEFTB(O$3,2)) -> #VALUE! | P27: =SUMIFS([1]记账凭证簿!$M$1:$M$65536,[1]记账凭证簿!$J$1:$J$65536,$C27,[1]记账凭证簿!$E$1:$E$65536,LEFTB(P$3,2)) -> #VALUE! | Q27: =IF(M27-N27+O27-P27>0,M27-N27+O27-P27,0) -> #VALUE! | R27: =IF(N27-M27+P27-O27>0,N27-M27+P27-O27,0) -> #VALUE! | S27: =SUMIFS([1]记账凭证簿!$L$1:$L$65536,[1]记账凭证簿!$J$1:$J$65536,$C27,[1]记账凭证簿!$E$1:$E$65536,LEFTB(S$3,2)) -> #VALUE! | T27: =SUMIFS([1]记账凭证簿!$M$1:$M$65536,[1]记账凭证簿!$J$1:$J$65536,$C27,[1]记账凭证簿!$E$1:$E$65536,LEFTB(T$3,2)) -> #VALUE! | U27: =IF(Q27-R27+S27-T27>0,Q27-R27+S27-T27,0) -> #VALUE! | V27: =IF(R27-Q27+T27-S27>0,R27-Q27+T27-S27,0) -> #VALUE! | W27: =SUMIFS([1]记账凭证簿!$L$1:$L$65536,[1]记账凭证簿!$J$1:$J$65536,$C27,[1]记账凭证簿!$E$1:$E$65536,LEFTB(W$3,2)) -> #VALUE! | X27: =SUMIFS([1]记账凭证簿!$M$1:$M$65536,[1]记账凭证簿!$J$1:$J$65536,$C27,[1]记账凭证簿!$E$1:$E$65536,LEFTB(X$3,2)) -> #VALUE! | Y27: =IF(U27-V27+W27-X27>0,U27-V27+W27-X27,0) -> #VALUE! | Z27: =IF(V27-U27+X27-W27>0,V27-U27+X27-W27,0) -> #VALUE! | AA27: =SUMIFS([1]记账凭证簿!$L$1:$L$65536,[1]记账凭证簿!$J$1:$J$65536,$C27,[1]记账凭证簿!$E$1:$E$65536,LEFTB(AA$3,2)) -> #VALUE! | AB27: =SUMIFS([1]记账凭证簿!$M$1:$M$65536,[1]记账凭证簿!$J$1:$J$65536,$C27,[1]记账凭证簿!$E$1:$E$65536,LEFTB(AB$3,2)) -> #VALUE! | AC27: =IF(Y27-Z27+AA27-AB27>0,Y27-Z27+AA27-AB27,0) -> #VALUE! | AD27: =IF(Z27-Y27+AB27-AA27>0,Z27-Y27+AB27-AA27,0) -> #VALUE! | AE27: =SUMIFS([1]记账凭证簿!$L$1:$L$65536,[1]记账凭证簿!$J$1:$J$65536,$C27,[1]记账凭证簿!$E$1:$E$65536,LEFTB(AE$3,2)) -> #VALUE! | AF27: =SUMIFS([1]记账凭证簿!$M$1:$M$65536,[1]记账凭证簿!$J$1:$J$65536,$C27,[1]记账凭证簿!$E$1:$E$65536,LEFTB(AF$3,2)) -> #VALUE! | AG27: =IF(AC27-AD27+AE27-AF27>0,AC27-AD27+AE27-AF27,0) -> #VALUE! | AH27: =IF(AD27-AC27+AF27-AE27>0,AD27-AC27+AF27-AE27,0) -> #VALUE! | AI27: =SUMIFS([1]记账凭证簿!$L$1:$L$65536,[1]记账凭证簿!$J$1:$J$65536,$C27,[1]记账凭证簿!$E$1:$E$65536,LEFTB(AI$3,2)) -> #VALUE! | AJ27: =SUMIFS([1]记账凭证簿!$M$1:$M$65536,[1]记账凭证簿!$J$1:$J$65536,$C27,[1]记账凭证簿!$E$1:$E$65536,LEFTB(AJ$3,2)) -> #VALUE! | AK27: =IF(AG27-AH27+AI27-AJ27>0,AG27-AH27+AI27-AJ27,0) -> #VALUE! | AL27: =IF(AH27-AG27+AJ27-AI27>0,AH27-AG27+AJ27-AI27,0) -> #VALUE! | AM27: =SUMIFS([1]记账凭证簿!$L$1:$L$65536,[1]记账凭证簿!$J$1:$J$65536,$C27,[1]记账凭证簿!$E$1:$E$65536,LEFTB(AM$3,2)) -> #VALUE! | AN27: =SUMIFS([1]记账凭证簿!$M$1:$M$65536,[1]记账凭证簿!$J$1:$J$65536,$C27,[1]记账凭证簿!$E$1:$E$65536,LEFTB(AN$3,2)) -> #VALUE! | AO27: =IF(AK27-AL27+AM27-AN27>0,AK27-AL27+AM27-AN27,0) -> #VALUE! | AP27: =IF(AL27-AK27+AN27-AM27>0,AL27-AK27+AN27-AM27,0) -> #VALUE! | AQ27: =SUMIFS([1]记账凭证簿!$L$1:$L$65536,[1]记账凭证簿!$J$1:$J$65536,$C27,[1]记账凭证簿!$E$1:$E$65536,LEFTB(AQ$3,2)) -> #VALUE! | AR27: =SUMIFS([1]记账凭证簿!$M$1:$M$65536,[1]记账凭证簿!$J$1:$J$65536,$C27,[1]记账凭证簿!$E$1:$E$65536,LEFTB(AR$3,2)) -> #VALUE! | AS27: =IF(AO27-AP27+AQ27-AR27>0,AO27-AP27+AQ27-AR27,0) -> #VALUE! | AT27: =IF(AP27-AO27+AR27-AQ27>0,AP27-AO27+AR27-AQ27,0) -> #VALUE! | AU27: =SUMIFS([1]记账凭证簿!$L$1:$L$65536,[1]记账凭证簿!$J$1:$J$65536,$C27,[1]记账凭证簿!$E$1:$E$65536,LEFTB(AU$3,2)) -> #VALUE! | AV27: =SUMIFS([1]记账凭证簿!$M$1:$M$65536,[1]记账凭证簿!$J$1:$J$65536,$C27,[1]记账凭证簿!$E$1:$E$65536,LEFTB(AV$3,2)) -> #VALUE! | AW27: =IF(AS27-AT27+AU27-AV27>0,AS27-AT27+AU27-AV27,0) -> #VALUE! | AX27: =IF(AT27-AS27+AV27-AU27>0,AT27-AS27+AV27-AU27,0) -> #VALUE! | AY27: =SUMIFS([1]记账凭证簿!$L$1:$L$65536,[1]记账凭证簿!$J$1:$J$65536,$C27,[1]记账凭证簿!$E$1:$E$65536,LEFTB(AY$3,2)) -> #VALUE! | AZ27: =SUMIFS([1]记账凭证簿!$M$1:$M$65536,[1]记账凭证簿!$J$1:$J$65536,$C27,[1]记账凭证簿!$E$1:$E$65536,LEFTB(AZ$3,2)) -> #VALUE! | BA27: =IF(AW27-AX27+AY27-AZ27>0,AW27-AX27+AY27-AZ27,0) -> #VALUE! | BB27: =IF(AX27-AW27+AZ27-AY27>0,AX27-AW27+AZ27-AY27,0) -> #VALUE!
B28: 1602 | C28: 累计折旧 | F28: 5099949 | G28: =SUMIFS([1]记账凭证簿!$L$1:$L$65536,[1]记账凭证簿!$J$1:$J$65536,$C28,[1]记账凭证簿!$E$1:$E$65536,LEFTB(G$3,2)) -> #VALUE! | H28: =SUMIFS([1]记账凭证簿!$M$1:$M$65536,[1]记账凭证簿!$J$1:$J$65536,$C28,[1]记账凭证簿!$E$1:$E$65536,LEFTB(H$3,2)) -> #VALUE! | I28: =IF(E28-F28+G28-H28>0,E28-F28+G28-H28,0) -> #VALUE! | J28: =IF(F28-E28+H28-G28>0,F28-E28+H28-G28,0) -> #VALUE! | K28: =SUMIFS([1]记账凭证簿!$L$1:$L$65536,[1]记账凭证簿!$J$1:$J$65536,$C28,[1]记账凭证簿!$E$1:$E$65536,LEFTB(K$3,2)) -> #VALUE! | L28: =SUMIFS([1]记账凭证簿!$M$1:$M$65536,[1]记账凭证簿!$J$1:$J$65536,$C28,[1]记账凭证簿!$E$1:$E$65536,LEFTB(L$3,2)) -> #VALUE! | M28: =IF(I28-J28+K28-L28>0,I28-J28+K28-L28,0) -> #VALUE! | N28: =IF(J28-I28+L28-K28>0,J28-I28+L28-K28,0) -> #VALUE! | O28: =SUMIFS([1]记账凭证簿!$L$1:$L$65536,[1]记账凭证簿!$J$1:$J$65536,$C28,[1]记账凭证簿!$E$1:$E$65536,LEFTB(O$3,2)) -> #VALUE! | P28: =SUMIFS([1]记账凭证簿!$M$1:$M$65536,[1]记账凭证簿!$J$1:$J$65536,$C28,[1]记账凭证簿!$E$1:$E$65536,LEFTB(P$3,2)) -> #VALUE! | Q28: =IF(M28-N28+O28-P28>0,M28-N28+O28-P28,0) -> #VALUE! | R28: =IF(N28-M28+P28-O28>0,N28-M28+P28-O28,0) -> #VALUE! | S28: =SUMIFS([1]记账凭证簿!$L$1:$L$65536,[1]记账凭证簿!$J$1:$J$65536,$C28,[1]记账凭证簿!$E$1:$E$65536,LEFTB(S$3,2)) -> #VALUE! | T28: =SUMIFS([1]记账凭证簿!$M$1:$M$65536,[1]记账凭证簿!$J$1:$J$65536,$C28,[1]记账凭证簿!$E$1:$E$65536,LEFTB(T$3,2)) -> #VALUE! | U28: =IF(Q28-R28+S28-T28>0,Q28-R28+S28-T28,0) -> #VALUE! | V28: =IF(R28-Q28+T28-S28>0,R28-Q28+T28-S28,0) -> #VALUE! | W28: =SUMIFS([1]记账凭证簿!$L$1:$L$65536,[1]记账凭证簿!$J$1:$J$65536,$C28,[1]记账凭证簿!$E$1:$E$65536,LEFTB(W$3,2)) -> #VALUE! | X28: =SUMIFS([1]记账凭证簿!$M$1:$M$65536,[1]记账凭证簿!$J$1:$J$65536,$C28,[1]记账凭证簿!$E$1:$E$65536,LEFTB(X$3,2)) -> #VALUE! | Y28: =IF(U28-V28+W28-X28>0,U28-V28+W28-X28,0) -> #VALUE! | Z28: =IF(V28-U28+X28-W28>0,V28-U28+X28-W28,0) -> #VALUE! | AA28: =SUMIFS([1]记账凭证簿!$L$1:$L$65536,[1]记账凭证簿!$J$1:$J$65536,$C28,[1]记账凭证簿!$E$1:$E$65536,LEFTB(AA$3,2)) -> #VALUE! | AB28: =SUMIFS([1]记账凭证簿!$M$1:$M$65536,[1]记账凭证簿!$J$1:$J$65536,$C28,[1]记账凭证簿!$E$1:$E$65536,LEFTB(AB$3,2)) -> #VALUE! | AC28: =IF(Y28-Z28+AA28-AB28>0,Y28-Z28+AA28-AB28,0) -> #VALUE! | AD28: =IF(Z28-Y28+AB28-AA28>0,Z28-Y28+AB28-AA28,0) -> #VALUE! | AE28: =SUMIFS([1]记账凭证簿!$L$1:$L$65536,[1]记账凭证簿!$J$1:$J$65536,$C28,[1]记账凭证簿!$E$1:$E$65536,LEFTB(AE$3,2)) -> #VALUE! | AF28: =SUMIFS([1]记账凭证簿!$M$1:$M$65536,[1]记账凭证簿!$J$1:$J$65536,$C28,[1]记账凭证簿!$E$1:$E$65536,LEFTB(AF$3,2)) -> #VALUE! | AG28: =IF(AC28-AD28+AE28-AF28>0,AC28-AD28+AE28-AF28,0) -> #VALUE! | AH28: =IF(AD28-AC28+AF28-AE28>0,AD28-AC28+AF28-AE28,0) -> #VALUE! | AI28: =SUMIFS([1]记账凭证簿!$L$1:$L$65536,[1]记账凭证簿!$J$1:$J$65536,$C28,[1]记账凭证簿!$E$1:$E$65536,LEFTB(AI$3,2)) -> #VALUE! | AJ28: =SUMIFS([1]记账凭证簿!$M$1:$M$65536,[1]记账凭证簿!$J$1:$J$65536,$C28,[1]记账凭证簿!$E$1:$E$65536,LEFTB(AJ$3,2)) -> #VALUE! | AK28: =IF(AG28-AH28+AI28-AJ28>0,AG28-AH28+AI28-AJ28,0) -> #VALUE! | AL28: =IF(AH28-AG28+AJ28-AI28>0,AH28-AG28+AJ28-AI28,0) -> #VALUE! | AM28: =SUMIFS([1]记账凭证簿!$L$1:$L$65536,[1]记账凭证簿!$J$1:$J$65536,$C28,[1]记账凭证簿!$E$1:$E$65536,LEFTB(AM$3,2)) -> #VALUE! | AN28: =SUMIFS([1]记账凭证簿!$M$1:$M$65536,[1]记账凭证簿!$J$1:$J$65536,$C28,[1]记账凭证簿!$E$1:$E$65536,LEFTB(AN$3,2)) -> #VALUE! | AO28: =IF(AK28-AL28+AM28-AN28>0,AK28-AL28+AM28-AN28,0) -> #VALUE! | AP28: =IF(AL28-AK28+AN28-AM28>0,AL28-AK28+AN28-AM28,0) -> #VALUE! | AQ28: =SUMIFS([1]记账凭证簿!$L$1:$L$65536,[1]记账凭证簿!$J$1:$J$65536,$C28,[1]记账凭证簿!$E$1:$E$65536,LEFTB(AQ$3,2)) -> #VALUE! | AR28: =SUMIFS([1]记账凭证簿!$M$1:$M$65536,[1]记账凭证簿!$J$1:$J$65536,$C28,[1]记账凭证簿!$E$1:$E$65536,LEFTB(AR$3,2)) -> #VALUE! | AS28: =IF(AO28-AP28+AQ28-AR28>0,AO28-AP28+AQ28-AR28,0) -> #VALUE! | AT28: =IF(AP28-AO28+AR28-AQ28>0,AP28-AO28+AR28-AQ28,0) -> #VALUE! | AU28: =SUMIFS([1]记账凭证簿!$L$1:$L$65536,[1]记账凭证簿!$J$1:$J$65536,$C28,[1]记账凭证簿!$E$1:$E$65536,LEFTB(AU$3,2)) -> #VALUE! | AV28: =SUMIFS([1]记账凭证簿!$M$1:$M$65536,[1]记账凭证簿!$J$1:$J$65536,$C28,[1]记账凭证簿!$E$1:$E$65536,LEFTB(AV$3,2)) -> #VALUE! | AW28: =IF(AS28-AT28+AU28-AV28>0,AS28-AT28+AU28-AV28,0) -> #VALUE! | AX28: =IF(AT28-AS28+AV28-AU28>0,AT28-AS28+AV28-AU28,0) -> #VALUE! | AY28: =SUMIFS([1]记账凭证簿!$L$1:$L$65536,[1]记账凭证簿!$J$1:$J$65536,$C28,[1]记账凭证簿!$E$1:$E$65536,LEFTB(AY$3,2)) -> #VALUE! | AZ28: =SUMIFS([1]记账凭证簿!$M$1:$M$65536,[1]记账凭证簿!$J$1:$J$65536,$C28,[1]记账凭证簿!$E$1:$E$65536,LEFTB(AZ$3,2)) -> #VALUE! | BA28: =IF(AW28-AX28+AY28-AZ28>0,AW28-AX28+AY28-AZ28,0) -> #VALUE! | BB28: =IF(AX28-AW28+AZ28-AY28>0,AX28-AW28+AZ28-AY28,0) -> #VALUE!
B29: 1606 | C29: 固定资产清理 | E29: 0 | F29: 0 | G29: =SUMIFS([1]记账凭证簿!$L$1:$L$65536,[1]记账凭证簿!$J$1:$J$65536,$C29,[1]记账凭证簿!$E$1:$E$65536,LEFTB(G$3,2)) -> #VALUE! | H29: =SUMIFS([1]记账凭证簿!$M$1:$M$65536,[1]记账凭证簿!$J$1:$J$65536,$C29,[1]记账凭证簿!$E$1:$E$65536,LEFTB(H$3,2)) -> #VALUE! | I29: =IF(E29-F29+G29-H29>0,E29-F29+G29-H29,0) -> #VALUE! | J29: =IF(F29-E29+H29-G29>0,F29-E29+H29-G29,0) -> #VALUE! | K29: =SUMIFS([1]记账凭证簿!$L$1:$L$65536,[1]记账凭证簿!$J$1:$J$65536,$C29,[1]记账凭证簿!$E$1:$E$65536,LEFTB(K$3,2)) -> #VALUE! | L29: =SUMIFS([1]记账凭证簿!$M$1:$M$65536,[1]记账凭证簿!$J$1:$J$65536,$C29,[1]记账凭证簿!$E$1:$E$65536,LEFTB(L$3,2)) -> #VALUE! | M29: =IF(I29-J29+K29-L29>0,I29-J29+K29-L29,0) -> #VALUE! | N29: =IF(J29-I29+L29-K29>0,J29-I29+L29-K29,0) -> #VALUE! | O29: =SUMIFS([1]记账凭证簿!$L$1:$L$65536,[1]记账凭证簿!$J$1:$J$65536,$C29,[1]记账凭证簿!$E$1:$E$65536,LEFTB(O$3,2)) -> #VALUE! | P29: =SUMIFS([1]记账凭证簿!$M$1:$M$65536,[1]记账凭证簿!$J$1:$J$65536,$C29,[1]记账凭证簿!$E$1:$E$65536,LEFTB(P$3,2)) -> #VALUE! | Q29: =IF(M29-N29+O29-P29>0,M29-N29+O29-P29,0) -> #VALUE! | R29: =IF(N29-M29+P29-O29>0,N29-M29+P29-O29,0) -> #VALUE! | S29: =SUMIFS([1]记账凭证簿!$L$1:$L$65536,[1]记账凭证簿!$J$1:$J$65536,$C29,[1]记账凭证簿!$E$1:$E$65536,LEFTB(S$3,2)) -> #VALUE! | T29: =SUMIFS([1]记账凭证簿!$M$1:$M$65536,[1]记账凭证簿!$J$1:$J$65536,$C29,[1]记账凭证簿!$E$1:$E$65536,LEFTB(T$3,2)) -> #VALUE! | U29: =IF(Q29-R29+S29-T29>0,Q29-R29+S29-T29,0) -> #VALUE! | V29: =IF(R29-Q29+T29-S29>0,R29-Q29+T29-S29,0) -> #VALUE! | W29: =SUMIFS([1]记账凭证簿!$L$1:$L$65536,[1]记账凭证簿!$J$1:$J$65536,$C29,[1]记账凭证簿!$E$1:$E$65536,LEFTB(W$3,2)) -> #VALUE! | X29: =SUMIFS([1]记账凭证簿!$M$1:$M$65536,[1]记账凭证簿!$J$1:$J$65536,$C29,[1]记账凭证簿!$E$1:$E$65536,LEFTB(X$3,2)) -> #VALUE! | Y29: =IF(U29-V29+W29-X29>0,U29-V29+W29-X29,0) -> #VALUE! | Z29: =IF(V29-U29+X29-W29>0,V29-U29+X29-W29,0) -> #VALUE! | AA29: =SUMIFS([1]记账凭证簿!$L$1:$L$65536,[1]记账凭证簿!$J$1:$J$65536,$C29,[1]记账凭证簿!$E$1:$E$65536,LEFTB(AA$3,2)) -> #VALUE! | AB29: =SUMIFS([1]记账凭证簿!$M$1:$M$65536,[1]记账凭证簿!$J$1:$J$65536,$C29,[1]记账凭证簿!$E$1:$E$65536,LEFTB(AB$3,2)) -> #VALUE! | AC29: =IF(Y29-Z29+AA29-AB29>0,Y29-Z29+AA29-AB29,0) -> #VALUE! | AD29: =IF(Z29-Y29+AB29-AA29>0,Z29-Y29+AB29-AA29,0) -> #VALUE! | AE29: =SUMIFS([1]记账凭证簿!$L$1:$L$65536,[1]记账凭证簿!$J$1:$J$65536,$C29,[1]记账凭证簿!$E$1:$E$65536,LEFTB(AE$3,2)) -> #VALUE! | AF29: =SUMIFS([1]记账凭证簿!$M$1:$M$65536,[1]记账凭证簿!$J$1:$J$65536,$C29,[1]记账凭证簿!$E$1:$E$65536,LEFTB(AF$3,2)) -> #VALUE! | AG29: =IF(AC29-AD29+AE29-AF29>0,AC29-AD29+AE29-AF29,0) -> #VALUE! | AH29: =IF(AD29-AC29+AF29-AE29>0,AD29-AC29+AF29-AE29,0) -> #VALUE! | AI29: =SUMIFS([1]记账凭证簿!$L$1:$L$65536,[1]记账凭证簿!$J$1:$J$65536,$C29,[1]记账凭证簿!$E$1:$E$65536,LEFTB(AI$3,2)) -> #VALUE! | AJ29: =SUMIFS([1]记账凭证簿!$M$1:$M$65536,[1]记账凭证簿!$J$1:$J$65536,$C29,[1]记账凭证簿!$E$1:$E$65536,LEFTB(AJ$3,2)) -> #VALUE! | AK29: =IF(AG29-AH29+AI29-AJ29>0,AG29-AH29+AI29-AJ29,0) -> #VALUE! | AL29: =IF(AH29-AG29+AJ29-AI29>0,AH29-AG29+AJ29-AI29,0) -> #VALUE! | AM29: =SUMIFS([1]记账凭证簿!$L$1:$L$65536,[1]记账凭证簿!$J$1:$J$65536,$C29,[1]记账凭证簿!$E$1:$E$65536,LEFTB(AM$3,2)) -> #VALUE! | AN29: =SUMIFS([1]记账凭证簿!$M$1:$M$65536,[1]记账凭证簿!$J$1:$J$65536,$C29,[1]记账凭证簿!$E$1:$E$65536,LEFTB(AN$3,2)) -> #VALUE! | AO29: =IF(AK29-AL29+AM29-AN29>0,AK29-AL29+AM29-AN29,0) -> #VALUE! | AP29: =IF(AL29-AK29+AN29-AM29>0,AL29-AK29+AN29-AM29,0) -> #VALUE! | AQ29: =SUMIFS([1]记账凭证簿!$L$1:$L$65536,[1]记账凭证簿!$J$1:$J$65536,$C29,[1]记账凭证簿!$E$1:$E$65536,LEFTB(AQ$3,2)) -> #VALUE! | AR29: =SUMIFS([1]记账凭证簿!$M$1:$M$65536,[1]记账凭证簿!$J$1:$J$65536,$C29,[1]记账凭证簿!$E$1:$E$65536,LEFTB(AR$3,2)) -> #VALUE! | AS29: =IF(AO29-AP29+AQ29-AR29>0,AO29-AP29+AQ29-AR29,0) -> #VALUE! | AT29: =IF(AP29-AO29+AR29-AQ29>0,AP29-AO29+AR29-AQ29,0) -> #VALUE! | AU29: =SUMIFS([1]记账凭证簿!$L$1:$L$65536,[1]记账凭证簿!$J$1:$J$65536,$C29,[1]记账凭证簿!$E$1:$E$65536,LEFTB(AU$3,2)) -> #VALUE! | AV29: =SUMIFS([1]记账凭证簿!$M$1:$M$65536,[1]记账凭证簿!$J$1:$J$65536,$C29,[1]记账凭证簿!$E$1:$E$65536,LEFTB(AV$3,2)) -> #VALUE! | AW29: =IF(AS29-AT29+AU29-AV29>0,AS29-AT29+AU29-AV29,0) -> #VALUE! | AX29: =IF(AT29-AS29+AV29-AU29>0,AT29-AS29+AV29-AU29,0) -> #VALUE! | AY29: =SUMIFS([1]记账凭证簿!$L$1:$L$65536,[1]记账凭证簿!$J$1:$J$65536,$C29,[1]记账凭证簿!$E$1:$E$65536,LEFTB(AY$3,2)) -> #VALUE! | AZ29: =SUMIFS([1]记账凭证簿!$M$1:$M$65536,[1]记账凭证簿!$J$1:$J$65536,$C29,[1]记账凭证簿!$E$1:$E$65536,LEFTB(AZ$3,2)) -> #VALUE! | BA29: =IF(AW29-AX29+AY29-AZ29>0,AW29-AX29+AY29-AZ29,0) -> #VALUE! | BB29: =IF(AX29-AW29+AZ29-AY29>0,AX29-AW29+AZ29-AY29,0) -> #VALUE!
B30: 1701 | C30: 无形资产 | E30: 1200000 | F30: 0 | G30: =SUMIFS([1]记账凭证簿!$L$1:$L$65536,[1]记账凭证簿!$J$1:$J$65536,$C30,[1]记账凭证簿!$E$1:$E$65536,LEFTB(G$3,2)) -> #VALUE! | H30: =SUMIFS([1]记账凭证簿!$M$1:$M$65536,[1]记账凭证簿!$J$1:$J$65536,$C30,[1]记账凭证簿!$E$1:$E$65536,LEFTB(H$3,2)) -> #VALUE! | I30: =IF(E30-F30+G30-H30>0,E30-F30+G30-H30,0) -> #VALUE! | J30: =IF(F30-E30+H30-G30>0,F30-E30+H30-G30,0) -> #VALUE! | K30: =SUMIFS([1]记账凭证簿!$L$1:$L$65536,[1]记账凭证簿!$J$1:$J$65536,$C30,[1]记账凭证簿!$E$1:$E$65536,LEFTB(K$3,2)) -> #VALUE! | L30: =SUMIFS([1]记账凭证簿!$M$1:$M$65536,[1]记账凭证簿!$J$1:$J$65536,$C30,[1]记账凭证簿!$E$1:$E$65536,LEFTB(L$3,2)) -> #VALUE! | M30: =IF(I30-J30+K30-L30>0,I30-J30+K30-L30,0) -> #VALUE! | N30: =IF(J30-I30+L30-K30>0,J30-I30+L30-K30,0) -> #VALUE! | O30: =SUMIFS([1]记账凭证簿!$L$1:$L$65536,[1]记账凭证簿!$J$1:$J$65536,$C30,[1]记账凭证簿!$E$1:$E$65536,LEFTB(O$3,2)) -> #VALUE! | P30: =SUMIFS([1]记账凭证簿!$M$1:$M$65536,[1]记账凭证簿!$J$1:$J$65536,$C30,[1]记账凭证簿!$E$1:$E$65536,LEFTB(P$3,2)) -> #VALUE! | Q30: =IF(M30-N30+O30-P30>0,M30-N30+O30-P30,0) -> #VALUE! | R30: =IF(N30-M30+P30-O30>0,N30-M30+P30-O30,0) -> #VALUE! | S30: =SUMIFS([1]记账凭证簿!$L$1:$L$65536,[1]记账凭证簿!$J$1:$J$65536,$C30,[1]记账凭证簿!$E$1:$E$65536,LEFTB(S$3,2)) -> #VALUE! | T30: =SUMIFS([1]记账凭证簿!$M$1:$M$65536,[1]记账凭证簿!$J$1:$J$65536,$C30,[1]记账凭证簿!$E$1:$E$65536,LEFTB(T$3,2)) -> #VALUE! | U30: =IF(Q30-R30+S30-T30>0,Q30-R30+S30-T30,0) -> #VALUE! | V30: =IF(R30-Q30+T30-S30>0,R30-Q30+T30-S30,0) -> #VALUE! | W30: =SUMIFS([1]记账凭证簿!$L$1:$L$65536,[1]记账凭证簿!$J$1:$J$65536,$C30,[1]记账凭证簿!$E$1:$E$65536,LEFTB(W$3,2)) -> #VALUE! | X30: =SUMIFS([1]记账凭证簿!$M$1:$M$65536,[1]记账凭证簿!$J$1:$J$65536,$C30,[1]记账凭证簿!$E$1:$E$65536,LEFTB(X$3,2)) -> #VALUE! | Y30: =IF(U30-V30+W30-X30>0,U30-V30+W30-X30,0) -> #VALUE! | Z30: =IF(V30-U30+X30-W30>0,V30-U30+X30-W30,0) -> #VALUE! | AA30: =SUMIFS([1]记账凭证簿!$L$1:$L$65536,[1]记账凭证簿!$J$1:$J$65536,$C30,[1]记账凭证簿!$E$1:$E$65536,LEFTB(AA$3,2)) -> #VALUE! | AB30: =SUMIFS([1]记账凭证簿!$M$1:$M$65536,[1]记账凭证簿!$J$1:$J$65536,$C30,[1]记账凭证簿!$E$1:$E$65536,LEFTB(AB$3,2)) -> #VALUE! | AC30: =IF(Y30-Z30+AA30-AB30>0,Y30-Z30+AA30-AB30,0) -> #VALUE! | AD30: =IF(Z30-Y30+AB30-AA30>0,Z30-Y30+AB30-AA30,0) -> #VALUE! | AE30: =SUMIFS([1]记账凭证簿!$L$1:$L$65536,[1]记账凭证簿!$J$1:$J$65536,$C30,[1]记账凭证簿!$E$1:$E$65536,LEFTB(AE$3,2)) -> #VALUE! | AF30: =SUMIFS([1]记账凭证簿!$M$1:$M$65536,[1]记账凭证簿!$J$1:$J$65536,$C30,[1]记账凭证簿!$E$1:$E$65536,LEFTB(AF$3,2)) -> #VALUE! | AG30: =IF(AC30-AD30+AE30-AF30>0,AC30-AD30+AE30-AF30,0) -> #VALUE! | AH30: =IF(AD30-AC30+AF30-AE30>0,AD30-AC30+AF30-AE30,0) -> #VALUE! | AI30: =SUMIFS([1]记账凭证簿!$L$1:$L$65536,[1]记账凭证簿!$J$1:$J$65536,$C30,[1]记账凭证簿!$E$1:$E$65536,LEFTB(AI$3,2)) -> #VALUE! | AJ30: =SUMIFS([1]记账凭证簿!$M$1:$M$65536,[1]记账凭证簿!$J$1:$J$65536,$C30,[1]记账凭证簿!$E$1:$E$65536,LEFTB(AJ$3,2)) -> #VALUE! | AK30: =IF(AG30-AH30+AI30-AJ30>0,AG30-AH30+AI30-AJ30,0) -> #VALUE! | AL30: =IF(AH30-AG30+AJ30-AI30>0,AH30-AG30+AJ30-AI30,0) -> #VALUE! | AM30: =SUMIFS([1]记账凭证簿!$L$1:$L$65536,[1]记账凭证簿!$J$1:$J$65536,$C30,[1]记账凭证簿!$E$1:$E$65536,LEFTB(AM$3,2)) -> #VALUE! | AN30: =SUMIFS([1]记账凭证簿!$M$1:$M$65536,[1]记账凭证簿!$J$1:$J$65536,$C30,[1]记账凭证簿!$E$1:$E$65536,LEFTB(AN$3,2)) -> #VALUE! | AO30: =IF(AK30-AL30+AM30-AN30>0,AK30-AL30+AM30-AN30,0) -> #VALUE! | AP30: =IF(AL30-AK30+AN30-AM30>0,AL30-AK30+AN30-AM30,0) -> #VALUE! | AQ30: =SUMIFS([1]记账凭证簿!$L$1:$L$65536,[1]记账凭证簿!$J$1:$J$65536,$C30,[1]记账凭证簿!$E$1:$E$65536,LEFTB(AQ$3,2)) -> #VALUE! | AR30: =SUMIFS([1]记账凭证簿!$M$1:$M$65536,[1]记账凭证簿!$J$1:$J$65536,$C30,[1]记账凭证簿!$E$1:$E$65536,LEFTB(AR$3,2)) -> #VALUE! | AS30: =IF(AO30-AP30+AQ30-AR30>0,AO30-AP30+AQ30-AR30,0) -> #VALUE! | AT30: =IF(AP30-AO30+AR30-AQ30>0,AP30-AO30+AR30-AQ30,0) -> #VALUE! | AU30: =SUMIFS([1]记账凭证簿!$L$1:$L$65536,[1]记账凭证簿!$J$1:$J$65536,$C30,[1]记账凭证簿!$E$1:$E$65536,LEFTB(AU$3,2)) -> #VALUE! | AV30: =SUMIFS([1]记账凭证簿!$M$1:$M$65536,[1]记账凭证簿!$J$1:$J$65536,$C30,[1]记账凭证簿!$E$1:$E$65536,LEFTB(AV$3,2)) -> #VALUE! | AW30: =IF(AS30-AT30+AU30-AV30>0,AS30-AT30+AU30-AV30,0) -> #VALUE! | AX30: =IF(AT30-AS30+AV30-AU30>0,AT30-AS30+AV30-AU30,0) -> #VALUE! | AY30: =SUMIFS([1]记账凭证簿!$L$1:$L$65536,[1]记账凭证簿!$J$1:$J$65536,$C30,[1]记账凭证簿!$E$1:$E$65536,LEFTB(AY$3,2)) -> #VALUE! | AZ30: =SUMIFS([1]记账凭证簿!$M$1:$M$65536,[1]记账凭证簿!$J$1:$J$65536,$C30,[1]记账凭证簿!$E$1:$E$65536,LEFTB(AZ$3,2)) -> #VALUE! | BA30: =IF(AW30-AX30+AY30-AZ30>0,AW30-AX30+AY30-AZ30,0) -> #VALUE! | BB30: =IF(AX30-AW30+AZ30-AY30>0,AX30-AW30+AZ30-AY30,0) -> #VALUE!
B31: 1702 | C31: 累计摊销 | F31: 80000 | G31: =SUMIFS([1]记账凭证簿!$L$1:$L$65536,[1]记账凭证簿!$J$1:$J$65536,$C31,[1]记账凭证簿!$E$1:$E$65536,LEFTB(G$3,2)) -> #VALUE! | H31: =SUMIFS([1]记账凭证簿!$M$1:$M$65536,[1]记账凭证簿!$J$1:$J$65536,$C31,[1]记账凭证簿!$E$1:$E$65536,LEFTB(H$3,2)) -> #VALUE! | I31: =IF(E31-F31+G31-H31>0,E31-F31+G31-H31,0) -> #VALUE! | J31: =IF(F31-E31+H31-G31>0,F31-E31+H31-G31,0) -> #VALUE! | K31: =SUMIFS([1]记账凭证簿!$L$1:$L$65536,[1]记账凭证簿!$J$1:$J$65536,$C31,[1]记账凭证簿!$E$1:$E$65536,LEFTB(K$3,2)) -> #VALUE! | L31: =SUMIFS([1]记账凭证簿!$M$1:$M$65536,[1]记账凭证簿!$J$1:$J$65536,$C31,[1]记账凭证簿!$E$1:$E$65536,LEFTB(L$3,2)) -> #VALUE! | M31: =IF(I31-J31+K31-L31>0,I31-J31+K31-L31,0) -> #VALUE! | N31: =IF(J31-I31+L31-K31>0,J31-I31+L31-K31,0) -> #VALUE! | O31: =SUMIFS([1]记账凭证簿!$L$1:$L$65536,[1]记账凭证簿!$J$1:$J$65536,$C31,[1]记账凭证簿!$E$1:$E$65536,LEFTB(O$3,2)) -> #VALUE! | P31: =SUMIFS([1]记账凭证簿!$M$1:$M$65536,[1]记账凭证簿!$J$1:$J$65536,$C31,[1]记账凭证簿!$E$1:$E$65536,LEFTB(P$3,2)) -> #VALUE! | Q31: =IF(M31-N31+O31-P31>0,M31-N31+O31-P31,0) -> #VALUE! | R31: =IF(N31-M31+P31-O31>0,N31-M31+P31-O31,0) -> #VALUE! | S31: =SUMIFS([1]记账凭证簿!$L$1:$L$65536,[1]记账凭证簿!$J$1:$J$65536,$C31,[1]记账凭证簿!$E$1:$E$65536,LEFTB(S$3,2)) -> #VALUE! | T31: =SUMIFS([1]记账凭证簿!$M$1:$M$65536,[1]记账凭证簿!$J$1:$J$65536,$C31,[1]记账凭证簿!$E$1:$E$65536,LEFTB(T$3,2)) -> #VALUE! | U31: =IF(Q31-R31+S31-T31>0,Q31-R31+S31-T31,0) -> #VALUE! | V31: =IF(R31-Q31+T31-S31>0,R31-Q31+T31-S31,0) -> #VALUE! | W31: =SUMIFS([1]记账凭证簿!$L$1:$L$65536,[1]记账凭证簿!$J$1:$J$65536,$C31,[1]记账凭证簿!$E$1:$E$65536,LEFTB(W$3,2)) -> #VALUE! | X31: =SUMIFS([1]记账凭证簿!$M$1:$M$65536,[1]记账凭证簿!$J$1:$J$65536,$C31,[1]记账凭证簿!$E$1:$E$65536,LEFTB(X$3,2)) -> #VALUE! | Y31: =IF(U31-V31+W31-X31>0,U31-V31+W31-X31,0) -> #VALUE! | Z31: =IF(V31-U31+X31-W31>0,V31-U31+X31-W31,0) -> #VALUE! | AA31: =SUMIFS([1]记账凭证簿!$L$1:$L$65536,[1]记账凭证簿!$J$1:$J$65536,$C31,[1]记账凭证簿!$E$1:$E$65536,LEFTB(AA$3,2)) -> #VALUE! | AB31: =SUMIFS([1]记账凭证簿!$M$1:$M$65536,[1]记账凭证簿!$J$1:$J$65536,$C31,[1]记账凭证簿!$E$1:$E$65536,LEFTB(AB$3,2)) -> #VALUE! | AC31: =IF(Y31-Z31+AA31-AB31>0,Y31-Z31+AA31-AB31,0) -> #VALUE! | AD31: =IF(Z31-Y31+AB31-AA31>0,Z31-Y31+AB31-AA31,0) -> #VALUE! | AE31: =SUMIFS([1]记账凭证簿!$L$1:$L$65536,[1]记账凭证簿!$J$1:$J$65536,$C31,[1]记账凭证簿!$E$1:$E$65536,LEFTB(AE$3,2)) -> #VALUE! | AF31: =SUMIFS([1]记账凭证簿!$M$1:$M$65536,[1]记账凭证簿!$J$1:$J$65536,$C31,[1]记账凭证簿!$E$1:$E$65536,LEFTB(AF$3,2)) -> #VALUE! | AG31: =IF(AC31-AD31+AE31-AF31>0,AC31-AD31+AE31-AF31,0) -> #VALUE! | AH31: =IF(AD31-AC31+AF31-AE31>0,AD31-AC31+AF31-AE31,0) -> #VALUE! | AI31: =SUMIFS([1]记账凭证簿!$L$1:$L$65536,[1]记账凭证簿!$J$1:$J$65536,$C31,[1]记账凭证簿!$E$1:$E$65536,LEFTB(AI$3,2)) -> #VALUE! | AJ31: =SUMIFS([1]记账凭证簿!$M$1:$M$65536,[1]记账凭证簿!$J$1:$J$65536,$C31,[1]记账凭证簿!$E$1:$E$65536,LEFTB(AJ$3,2)) -> #VALUE! | AK31: =IF(AG31-AH31+AI31-AJ31>0,AG31-AH31+AI31-AJ31,0) -> #VALUE! | AL31: =IF(AH31-AG31+AJ31-AI31>0,AH31-AG31+AJ31-AI31,0) -> #VALUE! | AM31: =SUMIFS([1]记账凭证簿!$L$1:$L$65536,[1]记账凭证簿!$J$1:$J$65536,$C31,[1]记账凭证簿!$E$1:$E$65536,LEFTB(AM$3,2)) -> #VALUE! | AN31: =SUMIFS([1]记账凭证簿!$M$1:$M$65536,[1]记账凭证簿!$J$1:$J$65536,$C31,[1]记账凭证簿!$E$1:$E$65536,LEFTB(AN$3,2)) -> #VALUE! | AO31: =IF(AK31-AL31+AM31-AN31>0,AK31-AL31+AM31-AN31,0) -> #VALUE! | AP31: =IF(AL31-AK31+AN31-AM31>0,AL31-AK31+AN31-AM31,0) -> #VALUE! | AQ31: =SUMIFS([1]记账凭证簿!$L$1:$L$65536,[1]记账凭证簿!$J$1:$J$65536,$C31,[1]记账凭证簿!$E$1:$E$65536,LEFTB(AQ$3,2)) -> #VALUE! | AR31: =SUMIFS([1]记账凭证簿!$M$1:$M$65536,[1]记账凭证簿!$J$1:$J$65536,$C31,[1]记账凭证簿!$E$1:$E$65536,LEFTB(AR$3,2)) -> #VALUE! | AS31: =IF(AO31-AP31+AQ31-AR31>0,AO31-AP31+AQ31-AR31,0) -> #VALUE! | AT31: =IF(AP31-AO31+AR31-AQ31>0,AP31-AO31+AR31-AQ31,0) -> #VALUE! | AU31: =SUMIFS([1]记账凭证簿!$L$1:$L$65536,[1]记账凭证簿!$J$1:$J$65536,$C31,[1]记账凭证簿!$E$1:$E$65536,LEFTB(AU$3,2)) -> #VALUE! | AV31: =SUMIFS([1]记账凭证簿!$M$1:$M$65536,[1]记账凭证簿!$J$1:$J$65536,$C31,[1]记账凭证簿!$E$1:$E$65536,LEFTB(AV$3,2)) -> #VALUE! | AW31: =IF(AS31-AT31+AU31-AV31>0,AS31-AT31+AU31-AV31,0) -> #VALUE! | AX31: =IF(AT31-AS31+AV31-AU31>0,AT31-AS31+AV31-AU31,0) -> #VALUE! | AY31: =SUMIFS([1]记账凭证簿!$L$1:$L$65536,[1]记账凭证簿!$J$1:$J$65536,$C31,[1]记账凭证簿!$E$1:$E$65536,LEFTB(AY$3,2)) -> #VALUE! | AZ31: =SUMIFS([1]记账凭证簿!$M$1:$M$65536,[1]记账凭证簿!$J$1:$J$65536,$C31,[1]记账凭证簿!$E$1:$E$65536,LEFTB(AZ$3,2)) -> #VALUE! | BA31: =IF(AW31-AX31+AY31-AZ31>0,AW31-AX31+AY31-AZ31,0) -> #VALUE! | BB31: =IF(AX31-AW31+AZ31-AY31>0,AX31-AW31+AZ31-AY31,0) -> #VALUE!
B32: 1801 | C32: 长期待摊费用 | E32: 90045 | G32: =SUMIFS([1]记账凭证簿!$L$1:$L$65536,[1]记账凭证簿!$J$1:$J$65536,$C32,[1]记账凭证簿!$E$1:$E$65536,LEFTB(G$3,2)) -> #VALUE! | H32: =SUMIFS([1]记账凭证簿!$M$1:$M$65536,[1]记账凭证簿!$J$1:$J$65536,$C32,[1]记账凭证簿!$E$1:$E$65536,LEFTB(H$3,2)) -> #VALUE! | I32: =IF(E32-F32+G32-H32>0,E32-F32+G32-H32,0) -> #VALUE! | J32: =IF(F32-E32+H32-G32>0,F32-E32+H32-G32,0) -> #VALUE! | K32: =SUMIFS([1]记账凭证簿!$L$1:$L$65536,[1]记账凭证簿!$J$1:$J$65536,$C32,[1]记账凭证簿!$E$1:$E$65536,LEFTB(K$3,2)) -> #VALUE! | L32: =SUMIFS([1]记账凭证簿!$M$1:$M$65536,[1]记账凭证簿!$J$1:$J$65536,$C32,[1]记账凭证簿!$E$1:$E$65536,LEFTB(L$3,2)) -> #VALUE! | M32: =IF(I32-J32+K32-L32>0,I32-J32+K32-L32,0) -> #VALUE! | N32: =IF(J32-I32+L32-K32>0,J32-I32+L32-K32,0) -> #VALUE! | O32: =SUMIFS([1]记账凭证簿!$L$1:$L$65536,[1]记账凭证簿!$J$1:$J$65536,$C32,[1]记账凭证簿!$E$1:$E$65536,LEFTB(O$3,2)) -> #VALUE! | P32: =SUMIFS([1]记账凭证簿!$M$1:$M$65536,[1]记账凭证簿!$J$1:$J$65536,$C32,[1]记账凭证簿!$E$1:$E$65536,LEFTB(P$3,2)) -> #VALUE! | Q32: =IF(M32-N32+O32-P32>0,M32-N32+O32-P32,0) -> #VALUE! | R32: =IF(N32-M32+P32-O32>0,N32-M32+P32-O32,0) -> #VALUE! | S32: =SUMIFS([1]记账凭证簿!$L$1:$L$65536,[1]记账凭证簿!$J$1:$J$65536,$C32,[1]记账凭证簿!$E$1:$E$65536,LEFTB(S$3,2)) -> #VALUE! | T32: =SUMIFS([1]记账凭证簿!$M$1:$M$65536,[1]记账凭证簿!$J$1:$J$65536,$C32,[1]记账凭证簿!$E$1:$E$65536,LEFTB(T$3,2)) -> #VALUE! | U32: =IF(Q32-R32+S32-T32>0,Q32-R32+S32-T32,0) -> #VALUE! | V32: =IF(R32-Q32+T32-S32>0,R32-Q32+T32-S32,0) -> #VALUE! | W32: =SUMIFS([1]记账凭证簿!$L$1:$L$65536,[1]记账凭证簿!$J$1:$J$65536,$C32,[1]记账凭证簿!$E$1:$E$65536,LEFTB(W$3,2)) -> #VALUE! | X32: =SUMIFS([1]记账凭证簿!$M$1:$M$65536,[1]记账凭证簿!$J$1:$J$65536,$C32,[1]记账凭证簿!$E$1:$E$65536,LEFTB(X$3,2)) -> #VALUE! | Y32: =IF(U32-V32+W32-X32>0,U32-V32+W32-X32,0) -> #VALUE! | Z32: =IF(V32-U32+X32-W32>0,V32-U32+X32-W32,0) -> #VALUE! | AA32: =SUMIFS([1]记账凭证簿!$L$1:$L$65536,[1]记账凭证簿!$J$1:$J$65536,$C32,[1]记账凭证簿!$E$1:$E$65536,LEFTB(AA$3,2)) -> #VALUE! | AB32: =SUMIFS([1]记账凭证簿!$M$1:$M$65536,[1]记账凭证簿!$J$1:$J$65536,$C32,[1]记账凭证簿!$E$1:$E$65536,LEFTB(AB$3,2)) -> #VALUE! | AC32: =IF(Y32-Z32+AA32-AB32>0,Y32-Z32+AA32-AB32,0) -> #VALUE! | AD32: =IF(Z32-Y32+AB32-AA32>0,Z32-Y32+AB32-AA32,0) -> #VALUE! | AE32: =SUMIFS([1]记账凭证簿!$L$1:$L$65536,[1]记账凭证簿!$J$1:$J$65536,$C32,[1]记账凭证簿!$E$1:$E$65536,LEFTB(AE$3,2)) -> #VALUE! | AF32: =SUMIFS([1]记账凭证簿!$M$1:$M$65536,[1]记账凭证簿!$J$1:$J$65536,$C32,[1]记账凭证簿!$E$1:$E$65536,LEFTB(AF$3,2)) -> #VALUE! | AG32: =IF(AC32-AD32+AE32-AF32>0,AC32-AD32+AE32-AF32,0) -> #VALUE! | AH32: =IF(AD32-AC32+AF32-AE32>0,AD32-AC32+AF32-AE32,0) -> #VALUE! | AI32: =SUMIFS([1]记账凭证簿!$L$1:$L$65536,[1]记账凭证簿!$J$1:$J$65536,$C32,[1]记账凭证簿!$E$1:$E$65536,LEFTB(AI$3,2)) -> #VALUE! | AJ32: =SUMIFS([1]记账凭证簿!$M$1:$M$65536,[1]记账凭证簿!$J$1:$J$65536,$C32,[1]记账凭证簿!$E$1:$E$65536,LEFTB(AJ$3,2)) -> #VALUE! | AK32: =IF(AG32-AH32+AI32-AJ32>0,AG32-AH32+AI32-AJ32,0) -> #VALUE! | AL32: =IF(AH32-AG32+AJ32-AI32>0,AH32-AG32+AJ32-AI32,0) -> #VALUE! | AM32: =SUMIFS([1]记账凭证簿!$L$1:$L$65536,[1]记账凭证簿!$J$1:$J$65536,$C32,[1]记账凭证簿!$E$1:$E$65536,LEFTB(AM$3,2)) -> #VALUE! | AN32: =SUMIFS([1]记账凭证簿!$M$1:$M$65536,[1]记账凭证簿!$J$1:$J$65536,$C32,[1]记账凭证簿!$E$1:$E$65536,LEFTB(AN$3,2)) -> #VALUE! | AO32: =IF(AK32-AL32+AM32-AN32>0,AK32-AL32+AM32-AN32,0) -> #VALUE! | AP32: =IF(AL32-AK32+AN32-AM32>0,AL32-AK32+AN32-AM32,0) -> #VALUE! | AQ32: =SUMIFS([1]记账凭证簿!$L$1:$L$65536,[1]记账凭证簿!$J$1:$J$65536,$C32,[1]记账凭证簿!$E$1:$E$65536,LEFTB(AQ$3,2)) -> #VALUE! | AR32: =SUMIFS([1]记账凭证簿!$M$1:$M$65536,[1]记账凭证簿!$J$1:$J$65536,$C32,[1]记账凭证簿!$E$1:$E$65536,LEFTB(AR$3,2)) -> #VALUE! | AS32: =IF(AO32-AP32+AQ32-AR32>0,AO32-AP32+AQ32-AR32,0) -> #VALUE! | AT32: =IF(AP32-AO32+AR32-AQ32>0,AP32-AO32+AR32-AQ32,0) -> #VALUE! | AU32: =SUMIFS([1]记账凭证簿!$L$1:$L$65536,[1]记账凭证簿!$J$1:$J$65536,$C32,[1]记账凭证簿!$E$1:$E$65536,LEFTB(AU$3,2)) -> #VALUE! | AV32: =SUMIFS([1]记账凭证簿!$M$1:$M$65536,[1]记账凭证簿!$J$1:$J$65536,$C32,[1]记账凭证簿!$E$1:$E$65536,LEFTB(AV$3,2)) -> #VALUE! | AW32: =IF(AS32-AT32+AU32-AV32>0,AS32-AT32+AU32-AV32,0) -> #VALUE! | AX32: =IF(AT32-AS32+AV32-AU32>0,AT32-AS32+AV32-AU32,0) -> #VALUE! | AY32: =SUMIFS([1]记账凭证簿!$L$1:$L$65536,[1]记账凭证簿!$J$1:$J$65536,$C32,[1]记账凭证簿!$E$1:$E$65536,LEFTB(AY$3,2)) -> #VALUE! | AZ32: =SUMIFS([1]记账凭证簿!$M$1:$M$65536,[1]记账凭证簿!$J$1:$J$65536,$C32,[1]记账凭证簿!$E$1:$E$65536,LEFTB(AZ$3,2)) -> #VALUE! | BA32: =IF(AW32-AX32+AY32-AZ32>0,AW32-AX32+AY32-AZ32,0) -> #VALUE! | BB32: =IF(AX32-AW32+AZ32-AY32>0,AX32-AW32+AZ32-AY32,0) -> #VALUE!
B33: 1811 | C33: 递延所得税资产 | E33: 0 | F33: 0 | G33: =SUMIFS([1]记账凭证簿!$L$1:$L$65536,[1]记账凭证簿!$J$1:$J$65536,$C33,[1]记账凭证簿!$E$1:$E$65536,LEFTB(G$3,2)) -> #VALUE! | H33: =SUMIFS([1]记账凭证簿!$M$1:$M$65536,[1]记账凭证簿!$J$1:$J$65536,$C33,[1]记账凭证簿!$E$1:$E$65536,LEFTB(H$3,2)) -> #VALUE! | I33: 0 | J33: 0 | K33: 0 | L33: 0 | M33: 0 | N33: 0 | O33: 0 | P33: 0 | Q33: 0 | R33: 0 | S33: 0 | T33: 0 | U33: 0 | V33: 0 | W33: 0 | X33: 0 | Y33: 0 | Z33: 0 | AA33: 0 | AB33: 0 | AC33: 0 | AD33: 0 | AE33: 0 | AF33: 0 | AG33: 0 | AH33: 0 | AI33: 0 | AJ33: 0 | AK33: 0 | AL33: 0 | AM33: 0 | AN33: 0 | AO33: 0 | AP33: 0 | AQ33: 0 | AR33: 0 | AS33: 0 | AT33: 0 | AU33: 0 | AV33: 0 | AW33: 0 | AX33: 0 | AY33: 0 | AZ33: 0 | BA33: 0 | BB33: 0
B34: 1901 | C34: 待处理财产损益 | E34: 0 | G34: =SUMIFS([1]记账凭证簿!$L$1:$L$65536,[1]记账凭证簿!$J$1:$J$65536,$C34,[1]记账凭证簿!$E$1:$E$65536,LEFTB(G$3,2)) -> #VALUE! | H34: =SUMIFS([1]记账凭证簿!$M$1:$M$65536,[1]记账凭证簿!$J$1:$J$65536,$C34,[1]记账凭证簿!$E$1:$E$65536,LEFTB(H$3,2)) -> #VALUE! | I34: =IF(E34-F34+G34-H34>0,E34-F34+G34-H34,0) -> #VALUE! | J34: =IF(F34-E34+H34-G34>0,F34-E34+H34-G34,0) -> #VALUE! | K34: =SUMIFS([1]记账凭证簿!$L$1:$L$65536,[1]记账凭证簿!$J$1:$J$65536,$C34,[1]记账凭证簿!$E$1:$E$65536,LEFTB(K$3,2)) -> #VALUE! | L34: =SUMIFS([1]记账凭证簿!$M$1:$M$65536,[1]记账凭证簿!$J$1:$J$65536,$C34,[1]记账凭证簿!$E$1:$E$65536,LEFTB(L$3,2)) -> #VALUE! | M34: =IF(I34-J34+K34-L34>0,I34-J34+K34-L34,0) -> #VALUE! | N34: =IF(J34-I34+L34-K34>0,J34-I34+L34-K34,0) -> #VALUE! | O34: =SUMIFS([1]记账凭证簿!$L$1:$L$65536,[1]记账凭证簿!$J$1:$J$65536,$C34,[1]记账凭证簿!$E$1:$E$65536,LEFTB(O$3,2)) -> #VALUE! | P34: =SUMIFS([1]记账凭证簿!$M$1:$M$65536,[1]记账凭证簿!$J$1:$J$65536,$C34,[1]记账凭证簿!$E$1:$E$65536,LEFTB(P$3,2)) -> #VALUE! | Q34: =IF(M34-N34+O34-P34>0,M34-N34+O34-P34,0) -> #VALUE! | R34: =IF(N34-M34+P34-O34>0,N34-M34+P34-O34,0) -> #VALUE! | S34: =SUMIFS([1]记账凭证簿!$L$1:$L$65536,[1]记账凭证簿!$J$1:$J$65536,$C34,[1]记账凭证簿!$E$1:$E$65536,LEFTB(S$3,2)) -> #VALUE! | T34: =SUMIFS([1]记账凭证簿!$M$1:$M$65536,[1]记账凭证簿!$J$1:$J$65536,$C34,[1]记账凭证簿!$E$1:$E$65536,LEFTB(T$3,2)) -> #VALUE! | U34: =IF(Q34-R34+S34-T34>0,Q34-R34+S34-T34,0) -> #VALUE! | V34: =IF(R34-Q34+T34-S34>0,R34-Q34+T34-S34,0) -> #VALUE! | W34: =SUMIFS([1]记账凭证簿!$L$1:$L$65536,[1]记账凭证簿!$J$1:$J$65536,$C34,[1]记账凭证簿!$E$1:$E$65536,LEFTB(W$3,2)) -> #VALUE! | X34: =SUMIFS([1]记账凭证簿!$M$1:$M$65536,[1]记账凭证簿!$J$1:$J$65536,$C34,[1]记账凭证簿!$E$1:$E$65536,LEFTB(X$3,2)) -> #VALUE! | Y34: =IF(U34-V34+W34-X34>0,U34-V34+W34-X34,0) -> #VALUE! | Z34: =IF(V34-U34+X34-W34>0,V34-U34+X34-W34,0) -> #VALUE! | AA34: =SUMIFS([1]记账凭证簿!$L$1:$L$65536,[1]记账凭证簿!$J$1:$J$65536,$C34,[1]记账凭证簿!$E$1:$E$65536,LEFTB(AA$3,2)) -> #VALUE! | AB34: =SUMIFS([1]记账凭证簿!$M$1:$M$65536,[1]记账凭证簿!$J$1:$J$65536,$C34,[1]记账凭证簿!$E$1:$E$65536,LEFTB(AB$3,2)) -> #VALUE! | AC34: =IF(Y34-Z34+AA34-AB34>0,Y34-Z34+AA34-AB34,0) -> #VALUE! | AD34: =IF(Z34-Y34+AB34-AA34>0,Z34-Y34+AB34-AA34,0) -> #VALUE! | AE34: =SUMIFS([1]记账凭证簿!$L$1:$L$65536,[1]记账凭证簿!$J$1:$J$65536,$C34,[1]记账凭证簿!$E$1:$E$65536,LEFTB(AE$3,2)) -> #VALUE! | AF34: =SUMIFS([1]记账凭证簿!$M$1:$M$65536,[1]记账凭证簿!$J$1:$J$65536,$C34,[1]记账凭证簿!$E$1:$E$65536,LEFTB(AF$3,2)) -> #VALUE! | AG34: =IF(AC34-AD34+AE34-AF34>0,AC34-AD34+AE34-AF34,0) -> #VALUE! | AH34: =IF(AD34-AC34+AF34-AE34>0,AD34-AC34+AF34-AE34,0) -> #VALUE! | AI34: =SUMIFS([1]记账凭证簿!$L$1:$L$65536,[1]记账凭证簿!$J$1:$J$65536,$C34,[1]记账凭证簿!$E$1:$E$65536,LEFTB(AI$3,2)) -> #VALUE! | AJ34: =SUMIFS([1]记账凭证簿!$M$1:$M$65536,[1]记账凭证簿!$J$1:$J$65536,$C34,[1]记账凭证簿!$E$1:$E$65536,LEFTB(AJ$3,2)) -> #VALUE! | AK34: =IF(AG34-AH34+AI34-AJ34>0,AG34-AH34+AI34-AJ34,0) -> #VALUE! | AL34: =IF(AH34-AG34+AJ34-AI34>0,AH34-AG34+AJ34-AI34,0) -> #VALUE! | AM34: =SUMIFS([1]记账凭证簿!$L$1:$L$65536,[1]记账凭证簿!$J$1:$J$65536,$C34,[1]记账凭证簿!$E$1:$E$65536,LEFTB(AM$3,2)) -> #VALUE! | AN34: =SUMIFS([1]记账凭证簿!$M$1:$M$65536,[1]记账凭证簿!$J$1:$J$65536,$C34,[1]记账凭证簿!$E$1:$E$65536,LEFTB(AN$3,2)) -> #VALUE! | AO34: =IF(AK34-AL34+AM34-AN34>0,AK34-AL34+AM34-AN34,0) -> #VALUE! | AP34: =IF(AL34-AK34+AN34-AM34>0,AL34-AK34+AN34-AM34,0) -> #VALUE! | AQ34: =SUMIFS([1]记账凭证簿!$L$1:$L$65536,[1]记账凭证簿!$J$1:$J$65536,$C34,[1]记账凭证簿!$E$1:$E$65536,LEFTB(AQ$3,2)) -> #VALUE! | AR34: =SUMIFS([1]记账凭证簿!$M$1:$M$65536,[1]记账凭证簿!$J$1:$J$65536,$C34,[1]记账凭证簿!$E$1:$E$65536,LEFTB(AR$3,2)) -> #VALUE! | AS34: =IF(AO34-AP34+AQ34-AR34>0,AO34-AP34+AQ34-AR34,0) -> #VALUE! | AT34: =IF(AP34-AO34+AR34-AQ34>0,AP34-AO34+AR34-AQ34,0) -> #VALUE! | AU34: =SUMIFS([1]记账凭证簿!$L$1:$L$65536,[1]记账凭证簿!$J$1:$J$65536,$C34,[1]记账凭证簿!$E$1:$E$65536,LEFTB(AU$3,2)) -> #VALUE! | AV34: =SUMIFS([1]记账凭证簿!$M$1:$M$65536,[1]记账凭证簿!$J$1:$J$65536,$C34,[1]记账凭证簿!$E$1:$E$65536,LEFTB(AV$3,2)) -> #VALUE! | AW34: =IF(AS34-AT34+AU34-AV34>0,AS34-AT34+AU34-AV34,0) -> #VALUE! | AX34: =IF(AT34-AS34+AV34-AU34>0,AT34-AS34+AV34-AU34,0) -> #VALUE! | AY34: =SUMIFS([1]记账凭证簿!$L$1:$L$65536,[1]记账凭证簿!$J$1:$J$65536,$C34,[1]记账凭证簿!$E$1:$E$65536,LEFTB(AY$3,2)) -> #VALUE! | AZ34: =SUMIFS([1]记账凭证簿!$M$1:$M$65536,[1]记账凭证簿!$J$1:$J$65536,$C34,[1]记账凭证簿!$E$1:$E$65536,LEFTB(AZ$3,2)) -> #VALUE! | BA34: =IF(AW34-AX34+AY34-AZ34>0,AW34-AX34+AY34-AZ34,0) -> #VALUE! | BB34: =IF(AX34-AW34+AZ34-AY34>0,AX34-AW34+AZ34-AY34,0) -> #VALUE!
B35: 2001 | C35: 短期借款 | F35: 100000 | G35: =SUMIFS([1]记账凭证簿!$L$1:$L$65536,[1]记账凭证簿!$J$1:$J$65536,$C35,[1]记账凭证簿!$E$1:$E$65536,LEFTB(G$3,2)) -> #VALUE! | H35: =SUMIFS([1]记账凭证簿!$M$1:$M$65536,[1]记账凭证簿!$J$1:$J$65536,$C35,[1]记账凭证簿!$E$1:$E$65536,LEFTB(H$3,2)) -> #VALUE! | I35: =IF(E35-F35+G35-H35>0,E35-F35+G35-H35,0) -> #VALUE! | J35: =IF(F35-E35+H35-G35>0,F35-E35+H35-G35,0) -> #VALUE! | K35: =SUMIFS([1]记账凭证簿!$L$1:$L$65536,[1]记账凭证簿!$J$1:$J$65536,$C35,[1]记账凭证簿!$E$1:$E$65536,LEFTB(K$3,2)) -> #VALUE! | L35: =SUMIFS([1]记账凭证簿!$M$1:$M$65536,[1]记账凭证簿!$J$1:$J$65536,$C35,[1]记账凭证簿!$E$1:$E$65536,LEFTB(L$3,2)) -> #VALUE! | M35: =IF(I35-J35+K35-L35>0,I35-J35+K35-L35,0) -> #VALUE! | N35: =IF(J35-I35+L35-K35>0,J35-I35+L35-K35,0) -> #VALUE! | O35: =SUMIFS([1]记账凭证簿!$L$1:$L$65536,[1]记账凭证簿!$J$1:$J$65536,$C35,[1]记账凭证簿!$E$1:$E$65536,LEFTB(O$3,2)) -> #VALUE! | P35: =SUMIFS([1]记账凭证簿!$M$1:$M$65536,[1]记账凭证簿!$J$1:$J$65536,$C35,[1]记账凭证簿!$E$1:$E$65536,LEFTB(P$3,2)) -> #VALUE! | Q35: =IF(M35-N35+O35-P35>0,M35-N35+O35-P35,0) -> #VALUE! | R35: =IF(N35-M35+P35-O35>0,N35-M35+P35-O35,0) -> #VALUE! | S35: =SUMIFS([1]记账凭证簿!$L$1:$L$65536,[1]记账凭证簿!$J$1:$J$65536,$C35,[1]记账凭证簿!$E$1:$E$65536,LEFTB(S$3,2)) -> #VALUE! | T35: =SUMIFS([1]记账凭证簿!$M$1:$M$65536,[1]记账凭证簿!$J$1:$J$65536,$C35,[1]记账凭证簿!$E$1:$E$65536,LEFTB(T$3,2)) -> #VALUE! | U35: =IF(Q35-R35+S35-T35>0,Q35-R35+S35-T35,0) -> #VALUE! | V35: =IF(R35-Q35+T35-S35>0,R35-Q35+T35-S35,0) -> #VALUE! | W35: =SUMIFS([1]记账凭证簿!$L$1:$L$65536,[1]记账凭证簿!$J$1:$J$65536,$C35,[1]记账凭证簿!$E$1:$E$65536,LEFTB(W$3,2)) -> #VALUE! | X35: =SUMIFS([1]记账凭证簿!$M$1:$M$65536,[1]记账凭证簿!$J$1:$J$65536,$C35,[1]记账凭证簿!$E$1:$E$65536,LEFTB(X$3,2)) -> #VALUE! | Y35: =IF(U35-V35+W35-X35>0,U35-V35+W35-X35,0) -> #VALUE! | Z35: =IF(V35-U35+X35-W35>0,V35-U35+X35-W35,0) -> #VALUE! | AA35: =SUMIFS([1]记账凭证簿!$L$1:$L$65536,[1]记账凭证簿!$J$1:$J$65536,$C35,[1]记账凭证簿!$E$1:$E$65536,LEFTB(AA$3,2)) -> #VALUE! | AB35: =SUMIFS([1]记账凭证簿!$M$1:$M$65536,[1]记账凭证簿!$J$1:$J$65536,$C35,[1]记账凭证簿!$E$1:$E$65536,LEFTB(AB$3,2)) -> #VALUE! | AC35: =IF(Y35-Z35+AA35-AB35>0,Y35-Z35+AA35-AB35,0) -> #VALUE! | AD35: =IF(Z35-Y35+AB35-AA35>0,Z35-Y35+AB35-AA35,0) -> #VALUE! | AE35: =SUMIFS([1]记账凭证簿!$L$1:$L$65536,[1]记账凭证簿!$J$1:$J$65536,$C35,[1]记账凭证簿!$E$1:$E$65536,LEFTB(AE$3,2)) -> #VALUE! | AF35: =SUMIFS([1]记账凭证簿!$M$1:$M$65536,[1]记账凭证簿!$J$1:$J$65536,$C35,[1]记账凭证簿!$E$1:$E$65536,LEFTB(AF$3,2)) -> #VALUE! | AG35: =IF(AC35-AD35+AE35-AF35>0,AC35-AD35+AE35-AF35,0) -> #VALUE! | AH35: =IF(AD35-AC35+AF35-AE35>0,AD35-AC35+AF35-AE35,0) -> #VALUE! | AI35: =SUMIFS([1]记账凭证簿!$L$1:$L$65536,[1]记账凭证簿!$J$1:$J$65536,$C35,[1]记账凭证簿!$E$1:$E$65536,LEFTB(AI$3,2)) -> #VALUE! | AJ35: =SUMIFS([1]记账凭证簿!$M$1:$M$65536,[1]记账凭证簿!$J$1:$J$65536,$C35,[1]记账凭证簿!$E$1:$E$65536,LEFTB(AJ$3,2)) -> #VALUE! | AK35: =IF(AG35-AH35+AI35-AJ35>0,AG35-AH35+AI35-AJ35,0) -> #VALUE! | AL35: =IF(AH35-AG35+AJ35-AI35>0,AH35-AG35+AJ35-AI35,0) -> #VALUE! | AM35: =SUMIFS([1]记账凭证簿!$L$1:$L$65536,[1]记账凭证簿!$J$1:$J$65536,$C35,[1]记账凭证簿!$E$1:$E$65536,LEFTB(AM$3,2)) -> #VALUE! | AN35: =SUMIFS([1]记账凭证簿!$M$1:$M$65536,[1]记账凭证簿!$J$1:$J$65536,$C35,[1]记账凭证簿!$E$1:$E$65536,LEFTB(AN$3,2)) -> #VALUE! | AO35: =IF(AK35-AL35+AM35-AN35>0,AK35-AL35+AM35-AN35,0) -> #VALUE! | AP35: =IF(AL35-AK35+AN35-AM35>0,AL35-AK35+AN35-AM35,0) -> #VALUE! | AQ35: =SUMIFS([1]记账凭证簿!$L$1:$L$65536,[1]记账凭证簿!$J$1:$J$65536,$C35,[1]记账凭证簿!$E$1:$E$65536,LEFTB(AQ$3,2)) -> #VALUE! | AR35: =SUMIFS([1]记账凭证簿!$M$1:$M$65536,[1]记账凭证簿!$J$1:$J$65536,$C35,[1]记账凭证簿!$E$1:$E$65536,LEFTB(AR$3,2)) -> #VALUE! | AS35: =IF(AO35-AP35+AQ35-AR35>0,AO35-AP35+AQ35-AR35,0) -> #VALUE! | AT35: =IF(AP35-AO35+AR35-AQ35>0,AP35-AO35+AR35-AQ35,0) -> #VALUE! | AU35: =SUMIFS([1]记账凭证簿!$L$1:$L$65536,[1]记账凭证簿!$J$1:$J$65536,$C35,[1]记账凭证簿!$E$1:$E$65536,LEFTB(AU$3,2)) -> #VALUE! | AV35: =SUMIFS([1]记账凭证簿!$M$1:$M$65536,[1]记账凭证簿!$J$1:$J$65536,$C35,[1]记账凭证簿!$E$1:$E$65536,LEFTB(AV$3,2)) -> #VALUE! | AW35: =IF(AS35-AT35+AU35-AV35>0,AS35-AT35+AU35-AV35,0) -> #VALUE! | AX35: =IF(AT35-AS35+AV35-AU35>0,AT35-AS35+AV35-AU35,0) -> #VALUE! | AY35: =SUMIFS([1]记账凭证簿!$L$1:$L$65536,[1]记账凭证簿!$J$1:$J$65536,$C35,[1]记账凭证簿!$E$1:$E$65536,LEFTB(AY$3,2)) -> #VALUE! | AZ35: =SUMIFS([1]记账凭证簿!$M$1:$M$65536,[1]记账凭证簿!$J$1:$J$65536,$C35,[1]记账凭证簿!$E$1:$E$65536,LEFTB(AZ$3,2)) -> #VALUE! | BA35: =IF(AW35-AX35+AY35-AZ35>0,AW35-AX35+AY35-AZ35,0) -> #VALUE! | BB35: =IF(AX35-AW35+AZ35-AY35>0,AX35-AW35+AZ35-AY35,0) -> #VALUE!
B36: 2201 | C36: 应付票据 | F36: 50000 | G36: =SUMIFS([1]记账凭证簿!$L$1:$L$65536,[1]记账凭证簿!$J$1:$J$65536,$C36,[1]记账凭证簿!$E$1:$E$65536,LEFTB(G$3,2)) -> #VALUE! | H36: =SUMIFS([1]记账凭证簿!$M$1:$M$65536,[1]记账凭证簿!$J$1:$J$65536,$C36,[1]记账凭证簿!$E$1:$E$65536,LEFTB(H$3,2)) -> #VALUE! | I36: =IF(E36-F36+G36-H36>0,E36-F36+G36-H36,0) -> #VALUE! | J36: =IF(F36-E36+H36-G36>0,F36-E36+H36-G36,0) -> #VALUE! | K36: =SUMIFS([1]记账凭证簿!$L$1:$L$65536,[1]记账凭证簿!$J$1:$J$65536,$C36,[1]记账凭证簿!$E$1:$E$65536,LEFTB(K$3,2)) -> #VALUE! | L36: =SUMIFS([1]记账凭证簿!$M$1:$M$65536,[1]记账凭证簿!$J$1:$J$65536,$C36,[1]记账凭证簿!$E$1:$E$65536,LEFTB(L$3,2)) -> #VALUE! | M36: =IF(I36-J36+K36-L36>0,I36-J36+K36-L36,0) -> #VALUE! | N36: =IF(J36-I36+L36-K36>0,J36-I36+L36-K36,0) -> #VALUE! | O36: =SUMIFS([1]记账凭证簿!$L$1:$L$65536,[1]记账凭证簿!$J$1:$J$65536,$C36,[1]记账凭证簿!$E$1:$E$65536,LEFTB(O$3,2)) -> #VALUE! | P36: =SUMIFS([1]记账凭证簿!$M$1:$M$65536,[1]记账凭证簿!$J$1:$J$65536,$C36,[1]记账凭证簿!$E$1:$E$65536,LEFTB(P$3,2)) -> #VALUE! | Q36: =IF(M36-N36+O36-P36>0,M36-N36+O36-P36,0) -> #VALUE! | R36: =IF(N36-M36+P36-O36>0,N36-M36+P36-O36,0) -> #VALUE! | S36: =SUMIFS([1]记账凭证簿!$L$1:$L$65536,[1]记账凭证簿!$J$1:$J$65536,$C36,[1]记账凭证簿!$E$1:$E$65536,LEFTB(S$3,2)) -> #VALUE! | T36: =SUMIFS([1]记账凭证簿!$M$1:$M$65536,[1]记账凭证簿!$J$1:$J$65536,$C36,[1]记账凭证簿!$E$1:$E$65536,LEFTB(T$3,2)) -> #VALUE! | U36: =IF(Q36-R36+S36-T36>0,Q36-R36+S36-T36,0) -> #VALUE! | V36: =IF(R36-Q36+T36-S36>0,R36-Q36+T36-S36,0) -> #VALUE! | W36: =SUMIFS([1]记账凭证簿!$L$1:$L$65536,[1]记账凭证簿!$J$1:$J$65536,$C36,[1]记账凭证簿!$E$1:$E$65536,LEFTB(W$3,2)) -> #VALUE! | X36: =SUMIFS([1]记账凭证簿!$M$1:$M$65536,[1]记账凭证簿!$J$1:$J$65536,$C36,[1]记账凭证簿!$E$1:$E$65536,LEFTB(X$3,2)) -> #VALUE! | Y36: =IF(U36-V36+W36-X36>0,U36-V36+W36-X36,0) -> #VALUE! | Z36: =IF(V36-U36+X36-W36>0,V36-U36+X36-W36,0) -> #VALUE! | AA36: =SUMIFS([1]记账凭证簿!$L$1:$L$65536,[1]记账凭证簿!$J$1:$J$65536,$C36,[1]记账凭证簿!$E$1:$E$65536,LEFTB(AA$3,2)) -> #VALUE! | AB36: =SUMIFS([1]记账凭证簿!$M$1:$M$65536,[1]记账凭证簿!$J$1:$J$65536,$C36,[1]记账凭证簿!$E$1:$E$65536,LEFTB(AB$3,2)) -> #VALUE! | AC36: =IF(Y36-Z36+AA36-AB36>0,Y36-Z36+AA36-AB36,0) -> #VALUE! | AD36: =IF(Z36-Y36+AB36-AA36>0,Z36-Y36+AB36-AA36,0) -> #VALUE! | AE36: =SUMIFS([1]记账凭证簿!$L$1:$L$65536,[1]记账凭证簿!$J$1:$J$65536,$C36,[1]记账凭证簿!$E$1:$E$65536,LEFTB(AE$3,2)) -> #VALUE! | AF36: =SUMIFS([1]记账凭证簿!$M$1:$M$65536,[1]记账凭证簿!$J$1:$J$65536,$C36,[1]记账凭证簿!$E$1:$E$65536,LEFTB(AF$3,2)) -> #VALUE! | AG36: =IF(AC36-AD36+AE36-AF36>0,AC36-AD36+AE36-AF36,0) -> #VALUE! | AH36: =IF(AD36-AC36+AF36-AE36>0,AD36-AC36+AF36-AE36,0) -> #VALUE! | AI36: =SUMIFS([1]记账凭证簿!$L$1:$L$65536,[1]记账凭证簿!$J$1:$J$65536,$C36,[1]记账凭证簿!$E$1:$E$65536,LEFTB(AI$3,2)) -> #VALUE! | AJ36: =SUMIFS([1]记账凭证簿!$M$1:$M$65536,[1]记账凭证簿!$J$1:$J$65536,$C36,[1]记账凭证簿!$E$1:$E$65536,LEFTB(AJ$3,2)) -> #VALUE! | AK36: =IF(AG36-AH36+AI36-AJ36>0,AG36-AH36+AI36-AJ36,0) -> #VALUE! | AL36: =IF(AH36-AG36+AJ36-AI36>0,AH36-AG36+AJ36-AI36,0) -> #VALUE! | AM36: =SUMIFS([1]记账凭证簿!$L$1:$L$65536,[1]记账凭证簿!$J$1:$J$65536,$C36,[1]记账凭证簿!$E$1:$E$65536,LEFTB(AM$3,2)) -> #VALUE! | AN36: =SUMIFS([1]记账凭证簿!$M$1:$M$65536,[1]记账凭证簿!$J$1:$J$65536,$C36,[1]记账凭证簿!$E$1:$E$65536,LEFTB(AN$3,2)) -> #VALUE! | AO36: =IF(AK36-AL36+AM36-AN36>0,AK36-AL36+AM36-AN36,0) -> #VALUE! | AP36: =IF(AL36-AK36+AN36-AM36>0,AL36-AK36+AN36-AM36,0) -> #VALUE! | AQ36: =SUMIFS([1]记账凭证簿!$L$1:$L$65536,[1]记账凭证簿!$J$1:$J$65536,$C36,[1]记账凭证簿!$E$1:$E$65536,LEFTB(AQ$3,2)) -> #VALUE! | AR36: =SUMIFS([1]记账凭证簿!$M$1:$M$65536,[1]记账凭证簿!$J$1:$J$65536,$C36,[1]记账凭证簿!$E$1:$E$65536,LEFTB(AR$3,2)) -> #VALUE! | AS36: =IF(AO36-AP36+AQ36-AR36>0,AO36-AP36+AQ36-AR36,0) -> #VALUE! | AT36: =IF(AP36-AO36+AR36-AQ36>0,AP36-AO36+AR36-AQ36,0) -> #VALUE! | AU36: =SUMIFS([1]记账凭证簿!$L$1:$L$65536,[1]记账凭证簿!$J$1:$J$65536,$C36,[1]记账凭证簿!$E$1:$E$65536,LEFTB(AU$3,2)) -> #VALUE! | AV36: =SUMIFS([1]记账凭证簿!$M$1:$M$65536,[1]记账凭证簿!$J$1:$J$65536,$C36,[1]记账凭证簿!$E$1:$E$65536,LEFTB(AV$3,2)) -> #VALUE! | AW36: =IF(AS36-AT36+AU36-AV36>0,AS36-AT36+AU36-AV36,0) -> #VALUE! | AX36: =IF(AT36-AS36+AV36-AU36>0,AT36-AS36+AV36-AU36,0) -> #VALUE! | AY36: =SUMIFS([1]记账凭证簿!$L$1:$L$65536,[1]记账凭证簿!$J$1:$J$65536,$C36,[1]记账凭证簿!$E$1:$E$65536,LEFTB(AY$3,2)) -> #VALUE! | AZ36: =SUMIFS([1]记账凭证簿!$M$1:$M$65536,[1]记账凭证簿!$J$1:$J$65536,$C36,[1]记账凭证簿!$E$1:$E$65536,LEFTB(AZ$3,2)) -> #VALUE! | BA36: =IF(AW36-AX36+AY36-AZ36>0,AW36-AX36+AY36-AZ36,0) -> #VALUE! | BB36: =IF(AX36-AW36+AZ36-AY36>0,AX36-AW36+AZ36-AY36,0) -> #VALUE!
B37: 2202 | C37: 应付账款 | F37: 1461292 | G37: =SUMIFS([1]记账凭证簿!$L$1:$L$65536,[1]记账凭证簿!$J$1:$J$65536,$C37,[1]记账凭证簿!$E$1:$E$65536,LEFTB(G$3,2)) -> #VALUE! | H37: =SUMIFS([1]记账凭证簿!$M$1:$M$65536,[1]记账凭证簿!$J$1:$J$65536,$C37,[1]记账凭证簿!$E$1:$E$65536,LEFTB(H$3,2)) -> #VALUE! | I37: =IF(E37-F37+G37-H37>0,E37-F37+G37-H37,0) -> #VALUE! | J37: =IF(F37-E37+H37-G37>0,F37-E37+H37-G37,0) -> #VALUE! | K37: =SUMIFS([1]记账凭证簿!$L$1:$L$65536,[1]记账凭证簿!$J$1:$J$65536,$C37,[1]记账凭证簿!$E$1:$E$65536,LEFTB(K$3,2)) -> #VALUE! | L37: =SUMIFS([1]记账凭证簿!$M$1:$M$65536,[1]记账凭证簿!$J$1:$J$65536,$C37,[1]记账凭证簿!$E$1:$E$65536,LEFTB(L$3,2)) -> #VALUE! | M37: =IF(I37-J37+K37-L37>0,I37-J37+K37-L37,0) -> #VALUE! | N37: =IF(J37-I37+L37-K37>0,J37-I37+L37-K37,0) -> #VALUE! | O37: =SUMIFS([1]记账凭证簿!$L$1:$L$65536,[1]记账凭证簿!$J$1:$J$65536,$C37,[1]记账凭证簿!$E$1:$E$65536,LEFTB(O$3,2)) -> #VALUE! | P37: =SUMIFS([1]记账凭证簿!$M$1:$M$65536,[1]记账凭证簿!$J$1:$J$65536,$C37,[1]记账凭证簿!$E$1:$E$65536,LEFTB(P$3,2)) -> #VALUE! | Q37: =IF(M37-N37+O37-P37>0,M37-N37+O37-P37,0) -> #VALUE! | R37: =IF(N37-M37+P37-O37>0,N37-M37+P37-O37,0) -> #VALUE! | S37: =SUMIFS([1]记账凭证簿!$L$1:$L$65536,[1]记账凭证簿!$J$1:$J$65536,$C37,[1]记账凭证簿!$E$1:$E$65536,LEFTB(S$3,2)) -> #VALUE! | T37: =SUMIFS([1]记账凭证簿!$M$1:$M$65536,[1]记账凭证簿!$J$1:$J$65536,$C37,[1]记账凭证簿!$E$1:$E$65536,LEFTB(T$3,2)) -> #VALUE! | U37: =IF(Q37-R37+S37-T37>0,Q37-R37+S37-T37,0) -> #VALUE! | V37: =IF(R37-Q37+T37-S37>0,R37-Q37+T37-S37,0) -> #VALUE! | W37: =SUMIFS([1]记账凭证簿!$L$1:$L$65536,[1]记账凭证簿!$J$1:$J$65536,$C37,[1]记账凭证簿!$E$1:$E$65536,LEFTB(W$3,2)) -> #VALUE! | X37: =SUMIFS([1]记账凭证簿!$M$1:$M$65536,[1]记账凭证簿!$J$1:$J$65536,$C37,[1]记账凭证簿!$E$1:$E$65536,LEFTB(X$3,2)) -> #VALUE! | Y37: =IF(U37-V37+W37-X37>0,U37-V37+W37-X37,0) -> #VALUE! | Z37: =IF(V37-U37+X37-W37>0,V37-U37+X37-W37,0) -> #VALUE! | AA37: =SUMIFS([1]记账凭证簿!$L$1:$L$65536,[1]记账凭证簿!$J$1:$J$65536,$C37,[1]记账凭证簿!$E$1:$E$65536,LEFTB(AA$3,2)) -> #VALUE! | AB37: =SUMIFS([1]记账凭证簿!$M$1:$M$65536,[1]记账凭证簿!$J$1:$J$65536,$C37,[1]记账凭证簿!$E$1:$E$65536,LEFTB(AB$3,2)) -> #VALUE! | AC37: =IF(Y37-Z37+AA37-AB37>0,Y37-Z37+AA37-AB37,0) -> #VALUE! | AD37: =IF(Z37-Y37+AB37-AA37>0,Z37-Y37+AB37-AA37,0) -> #VALUE! | AE37: =SUMIFS([1]记账凭证簿!$L$1:$L$65536,[1]记账凭证簿!$J$1:$J$65536,$C37,[1]记账凭证簿!$E$1:$E$65536,LEFTB(AE$3,2)) -> #VALUE! | AF37: =SUMIFS([1]记账凭证簿!$M$1:$M$65536,[1]记账凭证簿!$J$1:$J$65536,$C37,[1]记账凭证簿!$E$1:$E$65536,LEFTB(AF$3,2)) -> #VALUE! | AG37: =IF(AC37-AD37+AE37-AF37>0,AC37-AD37+AE37-AF37,0) -> #VALUE! | AH37: =IF(AD37-AC37+AF37-AE37>0,AD37-AC37+AF37-AE37,0) -> #VALUE! | AI37: =SUMIFS([1]记账凭证簿!$L$1:$L$65536,[1]记账凭证簿!$J$1:$J$65536,$C37,[1]记账凭证簿!$E$1:$E$65536,LEFTB(AI$3,2)) -> #VALUE! | AJ37: =SUMIFS([1]记账凭证簿!$M$1:$M$65536,[1]记账凭证簿!$J$1:$J$65536,$C37,[1]记账凭证簿!$E$1:$E$65536,LEFTB(AJ$3,2)) -> #VALUE! | AK37: =IF(AG37-AH37+AI37-AJ37>0,AG37-AH37+AI37-AJ37,0) -> #VALUE! | AL37: =IF(AH37-AG37+AJ37-AI37>0,AH37-AG37+AJ37-AI37,0) -> #VALUE! | AM37: =SUMIFS([1]记账凭证簿!$L$1:$L$65536,[1]记账凭证簿!$J$1:$J$65536,$C37,[1]记账凭证簿!$E$1:$E$65536,LEFTB(AM$3,2)) -> #VALUE! | AN37: =SUMIFS([1]记账凭证簿!$M$1:$M$65536,[1]记账凭证簿!$J$1:$J$65536,$C37,[1]记账凭证簿!$E$1:$E$65536,LEFTB(AN$3,2)) -> #VALUE! | AO37: =IF(AK37-AL37+AM37-AN37>0,AK37-AL37+AM37-AN37,0) -> #VALUE! | AP37: =IF(AL37-AK37+AN37-AM37>0,AL37-AK37+AN37-AM37,0) -> #VALUE! | AQ37: =SUMIFS([1]记账凭证簿!$L$1:$L$65536,[1]记账凭证簿!$J$1:$J$65536,$C37,[1]记账凭证簿!$E$1:$E$65536,LEFTB(AQ$3,2)) -> #VALUE! | AR37: =SUMIFS([1]记账凭证簿!$M$1:$M$65536,[1]记账凭证簿!$J$1:$J$65536,$C37,[1]记账凭证簿!$E$1:$E$65536,LEFTB(AR$3,2)) -> #VALUE! | AS37: =IF(AO37-AP37+AQ37-AR37>0,AO37-AP37+AQ37-AR37,0) -> #VALUE! | AT37: =IF(AP37-AO37+AR37-AQ37>0,AP37-AO37+AR37-AQ37,0) -> #VALUE! | AU37: =SUMIFS([1]记账凭证簿!$L$1:$L$65536,[1]记账凭证簿!$J$1:$J$65536,$C37,[1]记账凭证簿!$E$1:$E$65536,LEFTB(AU$3,2)) -> #VALUE! | AV37: =SUMIFS([1]记账凭证簿!$M$1:$M$65536,[1]记账凭证簿!$J$1:$J$65536,$C37,[1]记账凭证簿!$E$1:$E$65536,LEFTB(AV$3,2)) -> #VALUE! | AW37: =IF(AS37-AT37+AU37-AV37>0,AS37-AT37+AU37-AV37,0) -> #VALUE! | AX37: =IF(AT37-AS37+AV37-AU37>0,AT37-AS37+AV37-AU37,0) -> #VALUE! | AY37: =SUMIFS([1]记账凭证簿!$L$1:$L$65536,[1]记账凭证簿!$J$1:$J$65536,$C37,[1]记账凭证簿!$E$1:$E$65536,LEFTB(AY$3,2)) -> #VALUE! | AZ37: =SUMIFS([1]记账凭证簿!$M$1:$M$65536,[1]记账凭证簿!$J$1:$J$65536,$C37,[1]记账凭证簿!$E$1:$E$65536,LEFTB(AZ$3,2)) -> #VALUE! | BA37: =IF(AW37-AX37+AY37-AZ37>0,AW37-AX37+AY37-AZ37,0) -> #VALUE! | BB37: =IF(AX37-AW37+AZ37-AY37>0,AX37-AW37+AZ37-AY37,0) -> #VALUE!
B38: 2205 | C38: 预收账款 | F38: 54000 | G38: =SUMIFS([1]记账凭证簿!$L$1:$L$65536,[1]记账凭证簿!$J$1:$J$65536,$C38,[1]记账凭证簿!$E$1:$E$65536,LEFTB(G$3,2)) -> #VALUE! | H38: =SUMIFS([1]记账凭证簿!$M$1:$M$65536,[1]记账凭证簿!$J$1:$J$65536,$C38,[1]记账凭证簿!$E$1:$E$65536,LEFTB(H$3,2)) -> #VALUE! | I38: =IF(E38-F38+G38-H38>0,E38-F38+G38-H38,0) -> #VALUE! | J38: =IF(F38-E38+H38-G38>0,F38-E38+H38-G38,0) -> #VALUE! | K38: =SUMIFS([1]记账凭证簿!$L$1:$L$65536,[1]记账凭证簿!$J$1:$J$65536,$C38,[1]记账凭证簿!$E$1:$E$65536,LEFTB(K$3,2)) -> #VALUE! | L38: =SUMIFS([1]记账凭证簿!$M$1:$M$65536,[1]记账凭证簿!$J$1:$J$65536,$C38,[1]记账凭证簿!$E$1:$E$65536,LEFTB(L$3,2)) -> #VALUE! | M38: =IF(I38-J38+K38-L38>0,I38-J38+K38-L38,0) -> #VALUE! | N38: =IF(J38-I38+L38-K38>0,J38-I38+L38-K38,0) -> #VALUE! | O38: =SUMIFS([1]记账凭证簿!$L$1:$L$65536,[1]记账凭证簿!$J$1:$J$65536,$C38,[1]记账凭证簿!$E$1:$E$65536,LEFTB(O$3,2)) -> #VALUE! | P38: =SUMIFS([1]记账凭证簿!$M$1:$M$65536,[1]记账凭证簿!$J$1:$J$65536,$C38,[1]记账凭证簿!$E$1:$E$65536,LEFTB(P$3,2)) -> #VALUE! | Q38: =IF(M38-N38+O38-P38>0,M38-N38+O38-P38,0) -> #VALUE! | R38: =IF(N38-M38+P38-O38>0,N38-M38+P38-O38,0) -> #VALUE! | S38: =SUMIFS([1]记账凭证簿!$L$1:$L$65536,[1]记账凭证簿!$J$1:$J$65536,$C38,[1]记账凭证簿!$E$1:$E$65536,LEFTB(S$3,2)) -> #VALUE! | T38: =SUMIFS([1]记账凭证簿!$M$1:$M$65536,[1]记账凭证簿!$J$1:$J$65536,$C38,[1]记账凭证簿!$E$1:$E$65536,LEFTB(T$3,2)) -> #VALUE! | U38: =IF(Q38-R38+S38-T38>0,Q38-R38+S38-T38,0) -> #VALUE! | V38: =IF(R38-Q38+T38-S38>0,R38-Q38+T38-S38,0) -> #VALUE! | W38: =SUMIFS([1]记账凭证簿!$L$1:$L$65536,[1]记账凭证簿!$J$1:$J$65536,$C38,[1]记账凭证簿!$E$1:$E$65536,LEFTB(W$3,2)) -> #VALUE! | X38: =SUMIFS([1]记账凭证簿!$M$1:$M$65536,[1]记账凭证簿!$J$1:$J$65536,$C38,[1]记账凭证簿!$E$1:$E$65536,LEFTB(X$3,2)) -> #VALUE! | Y38: =IF(U38-V38+W38-X38>0,U38-V38+W38-X38,0) -> #VALUE! | Z38: =IF(V38-U38+X38-W38>0,V38-U38+X38-W38,0) -> #VALUE! | AA38: =SUMIFS([1]记账凭证簿!$L$1:$L$65536,[1]记账凭证簿!$J$1:$J$65536,$C38,[1]记账凭证簿!$E$1:$E$65536,LEFTB(AA$3,2)) -> #VALUE! | AB38: =SUMIFS([1]记账凭证簿!$M$1:$M$65536,[1]记账凭证簿!$J$1:$J$65536,$C38,[1]记账凭证簿!$E$1:$E$65536,LEFTB(AB$3,2)) -> #VALUE! | AC38: =IF(Y38-Z38+AA38-AB38>0,Y38-Z38+AA38-AB38,0) -> #VALUE! | AD38: =IF(Z38-Y38+AB38-AA38>0,Z38-Y38+AB38-AA38,0) -> #VALUE! | AE38: =SUMIFS([1]记账凭证簿!$L$1:$L$65536,[1]记账凭证簿!$J$1:$J$65536,$C38,[1]记账凭证簿!$E$1:$E$65536,LEFTB(AE$3,2)) -> #VALUE! | AF38: =SUMIFS([1]记账凭证簿!$M$1:$M$65536,[1]记账凭证簿!$J$1:$J$65536,$C38,[1]记账凭证簿!$E$1:$E$65536,LEFTB(AF$3,2)) -> #VALUE! | AG38: =IF(AC38-AD38+AE38-AF38>0,AC38-AD38+AE38-AF38,0) -> #VALUE! | AH38: =IF(AD38-AC38+AF38-AE38>0,AD38-AC38+AF38-AE38,0) -> #VALUE! | AI38: =SUMIFS([1]记账凭证簿!$L$1:$L$65536,[1]记账凭证簿!$J$1:$J$65536,$C38,[1]记账凭证簿!$E$1:$E$65536,LEFTB(AI$3,2)) -> #VALUE! | AJ38: =SUMIFS([1]记账凭证簿!$M$1:$M$65536,[1]记账凭证簿!$J$1:$J$65536,$C38,[1]记账凭证簿!$E$1:$E$65536,LEFTB(AJ$3,2)) -> #VALUE! | AK38: =IF(AG38-AH38+AI38-AJ38>0,AG38-AH38+AI38-AJ38,0) -> #VALUE! | AL38: =IF(AH38-AG38+AJ38-AI38>0,AH38-AG38+AJ38-AI38,0) -> #VALUE! | AM38: =SUMIFS([1]记账凭证簿!$L$1:$L$65536,[1]记账凭证簿!$J$1:$J$65536,$C38,[1]记账凭证簿!$E$1:$E$65536,LEFTB(AM$3,2)) -> #VALUE! | AN38: =SUMIFS([1]记账凭证簿!$M$1:$M$65536,[1]记账凭证簿!$J$1:$J$65536,$C38,[1]记账凭证簿!$E$1:$E$65536,LEFTB(AN$3,2)) -> #VALUE! | AO38: =IF(AK38-AL38+AM38-AN38>0,AK38-AL38+AM38-AN38,0) -> #VALUE! | AP38: =IF(AL38-AK38+AN38-AM38>0,AL38-AK38+AN38-AM38,0) -> #VALUE! | AQ38: =SUMIFS([1]记账凭证簿!$L$1:$L$65536,[1]记账凭证簿!$J$1:$J$65536,$C38,[1]记账凭证簿!$E$1:$E$65536,LEFTB(AQ$3,2)) -> #VALUE! | AR38: =SUMIFS([1]记账凭证簿!$M$1:$M$65536,[1]记账凭证簿!$J$1:$J$65536,$C38,[1]记账凭证簿!$E$1:$E$65536,LEFTB(AR$3,2)) -> #VALUE! | AS38: =IF(AO38-AP38+AQ38-AR38>0,AO38-AP38+AQ38-AR38,0) -> #VALUE! | AT38: =IF(AP38-AO38+AR38-AQ38>0,AP38-AO38+AR38-AQ38,0) -> #VALUE! | AU38: =SUMIFS([1]记账凭证簿!$L$1:$L$65536,[1]记账凭证簿!$J$1:$J$65536,$C38,[1]记账凭证簿!$E$1:$E$65536,LEFTB(AU$3,2)) -> #VALUE! | AV38: =SUMIFS([1]记账凭证簿!$M$1:$M$65536,[1]记账凭证簿!$J$1:$J$65536,$C38,[1]记账凭证簿!$E$1:$E$65536,LEFTB(AV$3,2)) -> #VALUE! | AW38: =IF(AS38-AT38+AU38-AV38>0,AS38-AT38+AU38-AV38,0) -> #VALUE! | AX38: =IF(AT38-AS38+AV38-AU38>0,AT38-AS38+AV38-AU38,0) -> #VALUE! | AY38: =SUMIFS([1]记账凭证簿!$L$1:$L$65536,[1]记账凭证簿!$J$1:$J$65536,$C38,[1]记账凭证簿!$E$1:$E$65536,LEFTB(AY$3,2)) -> #VALUE! | AZ38: =SUMIFS([1]记账凭证簿!$M$1:$M$65536,[1]记账凭证簿!$J$1:$J$65536,$C38,[1]记账凭证簿!$E$1:$E$65536,LEFTB(AZ$3,2)) -> #VALUE! | BA38: =IF(AW38-AX38+AY38-AZ38>0,AW38-AX38+AY38-AZ38,0) -> #VALUE! | BB38: =IF(AX38-AW38+AZ38-AY38>0,AX38-AW38+AZ38-AY38,0) -> #VALUE!
B39: 2211 | C39: 应付职工薪酬 | F39: 18000 | G39: =SUMIFS([1]记账凭证簿!$L$1:$L$65536,[1]记账凭证簿!$J$1:$J$65536,$C39,[1]记账凭证簿!$E$1:$E$65536,LEFTB(G$3,2)) -> #VALUE! | H39: =SUMIFS([1]记账凭证簿!$M$1:$M$65536,[1]记账凭证簿!$J$1:$J$65536,$C39,[1]记账凭证簿!$E$1:$E$65536,LEFTB(H$3,2)) -> #VALUE! | I39: =IF(E39-F39+G39-H39>0,E39-F39+G39-H39,0) -> #VALUE! | J39: =IF(F39-E39+H39-G39>0,F39-E39+H39-G39,0) -> #VALUE! | K39: =SUMIFS([1]记账凭证簿!$L$1:$L$65536,[1]记账凭证簿!$J$1:$J$65536,$C39,[1]记账凭证簿!$E$1:$E$65536,LEFTB(K$3,2)) -> #VALUE! | L39: =SUMIFS([1]记账凭证簿!$M$1:$M$65536,[1]记账凭证簿!$J$1:$J$65536,$C39,[1]记账凭证簿!$E$1:$E$65536,LEFTB(L$3,2)) -> #VALUE! | M39: =IF(I39-J39+K39-L39>0,I39-J39+K39-L39,0) -> #VALUE! | N39: =IF(J39-I39+L39-K39>0,J39-I39+L39-K39,0) -> #VALUE! | O39: =SUMIFS([1]记账凭证簿!$L$1:$L$65536,[1]记账凭证簿!$J$1:$J$65536,$C39,[1]记账凭证簿!$E$1:$E$65536,LEFTB(O$3,2)) -> #VALUE! | P39: =SUMIFS([1]记账凭证簿!$M$1:$M$65536,[1]记账凭证簿!$J$1:$J$65536,$C39,[1]记账凭证簿!$E$1:$E$65536,LEFTB(P$3,2)) -> #VALUE! | Q39: =IF(M39-N39+O39-P39>0,M39-N39+O39-P39,0) -> #VALUE! | R39: =IF(N39-M39+P39-O39>0,N39-M39+P39-O39,0) -> #VALUE! | S39: =SUMIFS([1]记账凭证簿!$L$1:$L$65536,[1]记账凭证簿!$J$1:$J$65536,$C39,[1]记账凭证簿!$E$1:$E$65536,LEFTB(S$3,2)) -> #VALUE! | T39: =SUMIFS([1]记账凭证簿!$M$1:$M$65536,[1]记账凭证簿!$J$1:$J$65536,$C39,[1]记账凭证簿!$E$1:$E$65536,LEFTB(T$3,2)) -> #VALUE! | U39: =IF(Q39-R39+S39-T39>0,Q39-R39+S39-T39,0) -> #VALUE! | V39: =IF(R39-Q39+T39-S39>0,R39-Q39+T39-S39,0) -> #VALUE! | W39: =SUMIFS([1]记账凭证簿!$L$1:$L$65536,[1]记账凭证簿!$J$1:$J$65536,$C39,[1]记账凭证簿!$E$1:$E$65536,LEFTB(W$3,2)) -> #VALUE! | X39: =SUMIFS([1]记账凭证簿!$M$1:$M$65536,[1]记账凭证簿!$J$1:$J$65536,$C39,[1]记账凭证簿!$E$1:$E$65536,LEFTB(X$3,2)) -> #VALUE! | Y39: =IF(U39-V39+W39-X39>0,U39-V39+W39-X39,0) -> #VALUE! | Z39: =IF(V39-U39+X39-W39>0,V39-U39+X39-W39,0) -> #VALUE! | AA39: =SUMIFS([1]记账凭证簿!$L$1:$L$65536,[1]记账凭证簿!$J$1:$J$65536,$C39,[1]记账凭证簿!$E$1:$E$65536,LEFTB(AA$3,2)) -> #VALUE! | AB39: =SUMIFS([1]记账凭证簿!$M$1:$M$65536,[1]记账凭证簿!$J$1:$J$65536,$C39,[1]记账凭证簿!$E$1:$E$65536,LEFTB(AB$3,2)) -> #VALUE! | AC39: =IF(Y39-Z39+AA39-AB39>0,Y39-Z39+AA39-AB39,0) -> #VALUE! | AD39: =IF(Z39-Y39+AB39-AA39>0,Z39-Y39+AB39-AA39,0) -> #VALUE! | AE39: =SUMIFS([1]记账凭证簿!$L$1:$L$65536,[1]记账凭证簿!$J$1:$J$65536,$C39,[1]记账凭证簿!$E$1:$E$65536,LEFTB(AE$3,2)) -> #VALUE! | AF39: =SUMIFS([1]记账凭证簿!$M$1:$M$65536,[1]记账凭证簿!$J$1:$J$65536,$C39,[1]记账凭证簿!$E$1:$E$65536,LEFTB(AF$3,2)) -> #VALUE! | AG39: =IF(AC39-AD39+AE39-AF39>0,AC39-AD39+AE39-AF39,0) -> #VALUE! | AH39: =IF(AD39-AC39+AF39-AE39>0,AD39-AC39+AF39-AE39,0) -> #VALUE! | AI39: =SUMIFS([1]记账凭证簿!$L$1:$L$65536,[1]记账凭证簿!$J$1:$J$65536,$C39,[1]记账凭证簿!$E$1:$E$65536,LEFTB(AI$3,2)) -> #VALUE! | AJ39: =SUMIFS([1]记账凭证簿!$M$1:$M$65536,[1]记账凭证簿!$J$1:$J$65536,$C39,[1]记账凭证簿!$E$1:$E$65536,LEFTB(AJ$3,2)) -> #VALUE! | AK39: =IF(AG39-AH39+AI39-AJ39>0,AG39-AH39+AI39-AJ39,0) -> #VALUE! | AL39: =IF(AH39-AG39+AJ39-AI39>0,AH39-AG39+AJ39-AI39,0) -> #VALUE! | AM39: =SUMIFS([1]记账凭证簿!$L$1:$L$65536,[1]记账凭证簿!$J$1:$J$65536,$C39,[1]记账凭证簿!$E$1:$E$65536,LEFTB(AM$3,2)) -> #VALUE! | AN39: =SUMIFS([1]记账凭证簿!$M$1:$M$65536,[1]记账凭证簿!$J$1:$J$65536,$C39,[1]记账凭证簿!$E$1:$E$65536,LEFTB(AN$3,2)) -> #VALUE! | AO39: =IF(AK39-AL39+AM39-AN39>0,AK39-AL39+AM39-AN39,0) -> #VALUE! | AP39: =IF(AL39-AK39+AN39-AM39>0,AL39-AK39+AN39-AM39,0) -> #VALUE! | AQ39: =SUMIFS([1]记账凭证簿!$L$1:$L$65536,[1]记账凭证簿!$J$1:$J$65536,$C39,[1]记账凭证簿!$E$1:$E$65536,LEFTB(AQ$3,2)) -> #VALUE! | AR39: =SUMIFS([1]记账凭证簿!$M$1:$M$65536,[1]记账凭证簿!$J$1:$J$65536,$C39,[1]记账凭证簿!$E$1:$E$65536,LEFTB(AR$3,2)) -> #VALUE! | AS39: =IF(AO39-AP39+AQ39-AR39>0,AO39-AP39+AQ39-AR39,0) -> #VALUE! | AT39: =IF(AP39-AO39+AR39-AQ39>0,AP39-AO39+AR39-AQ39,0) -> #VALUE! | AU39: =SUMIFS([1]记账凭证簿!$L$1:$L$65536,[1]记账凭证簿!$J$1:$J$65536,$C39,[1]记账凭证簿!$E$1:$E$65536,LEFTB(AU$3,2)) -> #VALUE! | AV39: =SUMIFS([1]记账凭证簿!$M$1:$M$65536,[1]记账凭证簿!$J$1:$J$65536,$C39,[1]记账凭证簿!$E$1:$E$65536,LEFTB(AV$3,2)) -> #VALUE! | AW39: =IF(AS39-AT39+AU39-AV39>0,AS39-AT39+AU39-AV39,0) -> #VALUE! | AX39: =IF(AT39-AS39+AV39-AU39>0,AT39-AS39+AV39-AU39,0) -> #VALUE! | AY39: =SUMIFS([1]记账凭证簿!$L$1:$L$65536,[1]记账凭证簿!$J$1:$J$65536,$C39,[1]记账凭证簿!$E$1:$E$65536,LEFTB(AY$3,2)) -> #VALUE! | AZ39: =SUMIFS([1]记账凭证簿!$M$1:$M$65536,[1]记账凭证簿!$J$1:$J$65536,$C39,[1]记账凭证簿!$E$1:$E$65536,LEFTB(AZ$3,2)) -> #VALUE! | BA39: =IF(AW39-AX39+AY39-AZ39>0,AW39-AX39+AY39-AZ39,0) -> #VALUE! | BB39: =IF(AX39-AW39+AZ39-AY39>0,AX39-AW39+AZ39-AY39,0) -> #VALUE!
B40: 2221 | C40: 应交税费 | F40: 153356 | G40: =SUMIFS([1]记账凭证簿!$L$1:$L$65536,[1]记账凭证簿!$J$1:$J$65536,$C40,[1]记账凭证簿!$E$1:$E$65536,LEFTB(G$3,2)) -> #VALUE! | H40: =SUMIFS([1]记账凭证簿!$M$1:$M$65536,[1]记账凭证簿!$J$1:$J$65536,$C40,[1]记账凭证簿!$E$1:$E$65536,LEFTB(H$3,2)) -> #VALUE! | I40: =IF(E40-F40+G40-H40>0,E40-F40+G40-H40,0) -> #VALUE! | J40: =IF(F40-E40+H40-G40>0,F40-E40+H40-G40,0) -> #VALUE! | K40: =SUMIFS([1]记账凭证簿!$L$1:$L$65536,[1]记账凭证簿!$J$1:$J$65536,$C40,[1]记账凭证簿!$E$1:$E$65536,LEFTB(K$3,2)) -> #VALUE! | L40: =SUMIFS([1]记账凭证簿!$M$1:$M$65536,[1]记账凭证簿!$J$1:$J$65536,$C40,[1]记账凭证簿!$E$1:$E$65536,LEFTB(L$3,2)) -> #VALUE! | M40: =IF(I40-J40+K40-L40>0,I40-J40+K40-L40,0) -> #VALUE! | N40: =IF(J40-I40+L40-K40>0,J40-I40+L40-K40,0) -> #VALUE! | O40: =SUMIFS([1]记账凭证簿!$L$1:$L$65536,[1]记账凭证簿!$J$1:$J$65536,$C40,[1]记账凭证簿!$E$1:$E$65536,LEFTB(O$3,2)) -> #VALUE! | P40: =SUMIFS([1]记账凭证簿!$M$1:$M$65536,[1]记账凭证簿!$J$1:$J$65536,$C40,[1]记账凭证簿!$E$1:$E$65536,LEFTB(P$3,2)) -> #VALUE! | Q40: =IF(M40-N40+O40-P40>0,M40-N40+O40-P40,0) -> #VALUE! | R40: =IF(N40-M40+P40-O40>0,N40-M40+P40-O40,0) -> #VALUE! | S40: =SUMIFS([1]记账凭证簿!$L$1:$L$65536,[1]记账凭证簿!$J$1:$J$65536,$C40,[1]记账凭证簿!$E$1:$E$65536,LEFTB(S$3,2)) -> #VALUE! | T40: =SUMIFS([1]记账凭证簿!$M$1:$M$65536,[1]记账凭证簿!$J$1:$J$65536,$C40,[1]记账凭证簿!$E$1:$E$65536,LEFTB(T$3,2)) -> #VALUE! | U40: =IF(Q40-R40+S40-T40>0,Q40-R40+S40-T40,0) -> #VALUE! | V40: =IF(R40-Q40+T40-S40>0,R40-Q40+T40-S40,0) -> #VALUE! | W40: =SUMIFS([1]记账凭证簿!$L$1:$L$65536,[1]记账凭证簿!$J$1:$J$65536,$C40,[1]记账凭证簿!$E$1:$E$65536,LEFTB(W$3,2)) -> #VALUE! | X40: =SUMIFS([1]记账凭证簿!$M$1:$M$65536,[1]记账凭证簿!$J$1:$J$65536,$C40,[1]记账凭证簿!$E$1:$E$65536,LEFTB(X$3,2)) -> #VALUE! | Y40: =IF(U40-V40+W40-X40>0,U40-V40+W40-X40,0) -> #VALUE! | Z40: =IF(V40-U40+X40-W40>0,V40-U40+X40-W40,0) -> #VALUE! | AA40: =SUMIFS([1]记账凭证簿!$L$1:$L$65536,[1]记账凭证簿!$J$1:$J$65536,$C40,[1]记账凭证簿!$E$1:$E$65536,LEFTB(AA$3,2)) -> #VALUE! | AB40: =SUMIFS([1]记账凭证簿!$M$1:$M$65536,[1]记账凭证簿!$J$1:$J$65536,$C40,[1]记账凭证簿!$E$1:$E$65536,LEFTB(AB$3,2)) -> #VALUE! | AC40: =IF(Y40-Z40+AA40-AB40>0,Y40-Z40+AA40-AB40,0) -> #VALUE! | AD40: =IF(Z40-Y40+AB40-AA40>0,Z40-Y40+AB40-AA40,0) -> #VALUE! | AE40: =SUMIFS([1]记账凭证簿!$L$1:$L$65536,[1]记账凭证簿!$J$1:$J$65536,$C40,[1]记账凭证簿!$E$1:$E$65536,LEFTB(AE$3,2)) -> #VALUE! | AF40: =SUMIFS([1]记账凭证簿!$M$1:$M$65536,[1]记账凭证簿!$J$1:$J$65536,$C40,[1]记账凭证簿!$E$1:$E$65536,LEFTB(AF$3,2)) -> #VALUE! | AG40: =IF(AC40-AD40+AE40-AF40>0,AC40-AD40+AE40-AF40,0) -> #VALUE! | AH40: =IF(AD40-AC40+AF40-AE40>0,AD40-AC40+AF40-AE40,0) -> #VALUE! | AI40: =SUMIFS([1]记账凭证簿!$L$1:$L$65536,[1]记账凭证簿!$J$1:$J$65536,$C40,[1]记账凭证簿!$E$1:$E$65536,LEFTB(AI$3,2)) -> #VALUE! | AJ40: =SUMIFS([1]记账凭证簿!$M$1:$M$65536,[1]记账凭证簿!$J$1:$J$65536,$C40,[1]记账凭证簿!$E$1:$E$65536,LEFTB(AJ$3,2)) -> #VALUE! | AK40: =IF(AG40-AH40+AI40-AJ40>0,AG40-AH40+AI40-AJ40,0) -> #VALUE! | AL40: =IF(AH40-AG40+AJ40-AI40>0,AH40-AG40+AJ40-AI40,0) -> #VALUE! | AM40: =SUMIFS([1]记账凭证簿!$L$1:$L$65536,[1]记账凭证簿!$J$1:$J$65536,$C40,[1]记账凭证簿!$E$1:$E$65536,LEFTB(AM$3,2)) -> #VALUE! | AN40: =SUMIFS([1]记账凭证簿!$M$1:$M$65536,[1]记账凭证簿!$J$1:$J$65536,$C40,[1]记账凭证簿!$E$1:$E$65536,LEFTB(AN$3,2)) -> #VALUE! | AO40: =IF(AK40-AL40+AM40-AN40>0,AK40-AL40+AM40-AN40,0) -> #VALUE! | AP40: =IF(AL40-AK40+AN40-AM40>0,AL40-AK40+AN40-AM40,0) -> #VALUE! | AQ40: =SUMIFS([1]记账凭证簿!$L$1:$L$65536,[1]记账凭证簿!$J$1:$J$65536,$C40,[1]记账凭证簿!$E$1:$E$65536,LEFTB(AQ$3,2)) -> #VALUE! | AR40: =SUMIFS([1]记账凭证簿!$M$1:$M$65536,[1]记账凭证簿!$J$1:$J$65536,$C40,[1]记账凭证簿!$E$1:$E$65536,LEFTB(AR$3,2)) -> #VALUE! | AS40: =IF(AO40-AP40+AQ40-AR40>0,AO40-AP40+AQ40-AR40,0) -> #VALUE! | AT40: =IF(AP40-AO40+AR40-AQ40>0,AP40-AO40+AR40-AQ40,0) -> #VALUE! | AU40: =SUMIFS([1]记账凭证簿!$L$1:$L$65536,[1]记账凭证簿!$J$1:$J$65536,$C40,[1]记账凭证簿!$E$1:$E$65536,LEFTB(AU$3,2)) -> #VALUE! | AV40: =SUMIFS([1]记账凭证簿!$M$1:$M$65536,[1]记账凭证簿!$J$1:$J$65536,$C40,[1]记账凭证簿!$E$1:$E$65536,LEFTB(AV$3,2)) -> #VALUE! | AW40: =IF(AS40-AT40+AU40-AV40>0,AS40-AT40+AU40-AV40,0) -> #VALUE! | AX40: =IF(AT40-AS40+AV40-AU40>0,AT40-AS40+AV40-AU40,0) -> #VALUE! | AY40: =SUMIFS([1]记账凭证簿!$L$1:$L$65536,[1]记账凭证簿!$J$1:$J$65536,$C40,[1]记账凭证簿!$E$1:$E$65536,LEFTB(AY$3,2)) -> #VALUE! | AZ40: =SUMIFS([1]记账凭证簿!$M$1:$M$65536,[1]记账凭证簿!$J$1:$J$65536,$C40,[1]记账凭证簿!$E$1:$E$65536,LEFTB(AZ$3,2)) -> #VALUE! | BA40: =IF(AW40-AX40+AY40-AZ40>0,AW40-AX40+AY40-AZ40,0) -> #VALUE! | BB40: =IF(AX40-AW40+AZ40-AY40>0,AX40-AW40+AZ40-AY40,0) -> #VALUE!
B41: 2232 | C41: 应付利息 | F41: 0 | G41: =SUMIFS([1]记账凭证簿!$L$1:$L$65536,[1]记账凭证簿!$J$1:$J$65536,$C41,[1]记账凭证簿!$E$1:$E$65536,LEFTB(G$3,2)) -> #VALUE! | H41: =SUMIFS([1]记账凭证簿!$M$1:$M$65536,[1]记账凭证簿!$J$1:$J$65536,$C41,[1]记账凭证簿!$E$1:$E$65536,LEFTB(H$3,2)) -> #VALUE! | I41: =IF(E41-F41+G41-H41>0,E41-F41+G41-H41,0) -> #VALUE! | J41: =IF(F41-E41+H41-G41>0,F41-E41+H41-G41,0) -> #VALUE! | K41: =SUMIFS([1]记账凭证簿!$L$1:$L$65536,[1]记账凭证簿!$J$1:$J$65536,$C41,[1]记账凭证簿!$E$1:$E$65536,LEFTB(K$3,2)) -> #VALUE! | L41: =SUMIFS([1]记账凭证簿!$M$1:$M$65536,[1]记账凭证簿!$J$1:$J$65536,$C41,[1]记账凭证簿!$E$1:$E$65536,LEFTB(L$3,2)) -> #VALUE! | M41: =IF(I41-J41+K41-L41>0,I41-J41+K41-L41,0) -> #VALUE! | N41: =IF(J41-I41+L41-K41>0,J41-I41+L41-K41,0) -> #VALUE! | O41: =SUMIFS([1]记账凭证簿!$L$1:$L$65536,[1]记账凭证簿!$J$1:$J$65536,$C41,[1]记账凭证簿!$E$1:$E$65536,LEFTB(O$3,2)) -> #VALUE! | P41: =SUMIFS([1]记账凭证簿!$M$1:$M$65536,[1]记账凭证簿!$J$1:$J$65536,$C41,[1]记账凭证簿!$E$1:$E$65536,LEFTB(P$3,2)) -> #VALUE! | Q41: =IF(M41-N41+O41-P41>0,M41-N41+O41-P41,0) -> #VALUE! | R41: =IF(N41-M41+P41-O41>0,N41-M41+P41-O41,0) -> #VALUE! | S41: =SUMIFS([1]记账凭证簿!$L$1:$L$65536,[1]记账凭证簿!$J$1:$J$65536,$C41,[1]记账凭证簿!$E$1:$E$65536,LEFTB(S$3,2)) -> #VALUE! | T41: =SUMIFS([1]记账凭证簿!$M$1:$M$65536,[1]记账凭证簿!$J$1:$J$65536,$C41,[1]记账凭证簿!$E$1:$E$65536,LEFTB(T$3,2)) -> #VALUE! | U41: =IF(Q41-R41+S41-T41>0,Q41-R41+S41-T41,0) -> #VALUE! | V41: =IF(R41-Q41+T41-S41>0,R41-Q41+T41-S41,0) -> #VALUE! | W41: =SUMIFS([1]记账凭证簿!$L$1:$L$65536,[1]记账凭证簿!$J$1:$J$65536,$C41,[1]记账凭证簿!$E$1:$E$65536,LEFTB(W$3,2)) -> #VALUE! | X41: =SUMIFS([1]记账凭证簿!$M$1:$M$65536,[1]记账凭证簿!$J$1:$J$65536,$C41,[1]记账凭证簿!$E$1:$E$65536,LEFTB(X$3,2)) -> #VALUE! | Y41: =IF(U41-V41+W41-X41>0,U41-V41+W41-X41,0) -> #VALUE! | Z41: =IF(V41-U41+X41-W41>0,V41-U41+X41-W41,0) -> #VALUE! | AA41: =SUMIFS([1]记账凭证簿!$L$1:$L$65536,[1]记账凭证簿!$J$1:$J$65536,$C41,[1]记账凭证簿!$E$1:$E$65536,LEFTB(AA$3,2)) -> #VALUE! | AB41: =SUMIFS([1]记账凭证簿!$M$1:$M$65536,[1]记账凭证簿!$J$1:$J$65536,$C41,[1]记账凭证簿!$E$1:$E$65536,LEFTB(AB$3,2)) -> #VALUE! | AC41: =IF(Y41-Z41+AA41-AB41>0,Y41-Z41+AA41-AB41,0) -> #VALUE! | AD41: =IF(Z41-Y41+AB41-AA41>0,Z41-Y41+AB41-AA41,0) -> #VALUE! | AE41: =SUMIFS([1]记账凭证簿!$L$1:$L$65536,[1]记账凭证簿!$J$1:$J$65536,$C41,[1]记账凭证簿!$E$1:$E$65536,LEFTB(AE$3,2)) -> #VALUE! | AF41: =SUMIFS([1]记账凭证簿!$M$1:$M$65536,[1]记账凭证簿!$J$1:$J$65536,$C41,[1]记账凭证簿!$E$1:$E$65536,LEFTB(AF$3,2)) -> #VALUE! | AG41: =IF(AC41-AD41+AE41-AF41>0,AC41-AD41+AE41-AF41,0) -> #VALUE! | AH41: =IF(AD41-AC41+AF41-AE41>0,AD41-AC41+AF41-AE41,0) -> #VALUE! | AI41: =SUMIFS([1]记账凭证簿!$L$1:$L$65536,[1]记账凭证簿!$J$1:$J$65536,$C41,[1]记账凭证簿!$E$1:$E$65536,LEFTB(AI$3,2)) -> #VALUE! | AJ41: =SUMIFS([1]记账凭证簿!$M$1:$M$65536,[1]记账凭证簿!$J$1:$J$65536,$C41,[1]记账凭证簿!$E$1:$E$65536,LEFTB(AJ$3,2)) -> #VALUE! | AK41: =IF(AG41-AH41+AI41-AJ41>0,AG41-AH41+AI41-AJ41,0) -> #VALUE! | AL41: =IF(AH41-AG41+AJ41-AI41>0,AH41-AG41+AJ41-AI41,0) -> #VALUE! | AM41: =SUMIFS([1]记账凭证簿!$L$1:$L$65536,[1]记账凭证簿!$J$1:$J$65536,$C41,[1]记账凭证簿!$E$1:$E$65536,LEFTB(AM$3,2)) -> #VALUE! | AN41: =SUMIFS([1]记账凭证簿!$M$1:$M$65536,[1]记账凭证簿!$J$1:$J$65536,$C41,[1]记账凭证簿!$E$1:$E$65536,LEFTB(AN$3,2)) -> #VALUE! | AO41: =IF(AK41-AL41+AM41-AN41>0,AK41-AL41+AM41-AN41,0) -> #VALUE! | AP41: =IF(AL41-AK41+AN41-AM41>0,AL41-AK41+AN41-AM41,0) -> #VALUE! | AQ41: =SUMIFS([1]记账凭证簿!$L$1:$L$65536,[1]记账凭证簿!$J$1:$J$65536,$C41,[1]记账凭证簿!$E$1:$E$65536,LEFTB(AQ$3,2)) -> #VALUE! | AR41: =SUMIFS([1]记账凭证簿!$M$1:$M$65536,[1]记账凭证簿!$J$1:$J$65536,$C41,[1]记账凭证簿!$E$1:$E$65536,LEFTB(AR$3,2)) -> #VALUE! | AS41: =IF(AO41-AP41+AQ41-AR41>0,AO41-AP41+AQ41-AR41,0) -> #VALUE! | AT41: =IF(AP41-AO41+AR41-AQ41>0,AP41-AO41+AR41-AQ41,0) -> #VALUE! | AU41: =SUMIFS([1]记账凭证簿!$L$1:$L$65536,[1]记账凭证簿!$J$1:$J$65536,$C41,[1]记账凭证簿!$E$1:$E$65536,LEFTB(AU$3,2)) -> #VALUE! | AV41: =SUMIFS([1]记账凭证簿!$M$1:$M$65536,[1]记账凭证簿!$J$1:$J$65536,$C41,[1]记账凭证簿!$E$1:$E$65536,LEFTB(AV$3,2)) -> #VALUE! | AW41: =IF(AS41-AT41+AU41-AV41>0,AS41-AT41+AU41-AV41,0) -> #VALUE! | AX41: =IF(AT41-AS41+AV41-AU41>0,AT41-AS41+AV41-AU41,0) -> #VALUE! | AY41: =SUMIFS([1]记账凭证簿!$L$1:$L$65536,[1]记账凭证簿!$J$1:$J$65536,$C41,[1]记账凭证簿!$E$1:$E$65536,LEFTB(AY$3,2)) -> #VALUE! | AZ41: =SUMIFS([1]记账凭证簿!$M$1:$M$65536,[1]记账凭证簿!$J$1:$J$65536,$C41,[1]记账凭证簿!$E$1:$E$65536,LEFTB(AZ$3,2)) -> #VALUE! | BA41: =IF(AW41-AX41+AY41-AZ41>0,AW41-AX41+AY41-AZ41,0) -> #VALUE! | BB41: =IF(AX41-AW41+AZ41-AY41>0,AX41-AW41+AZ41-AY41,0) -> #VALUE!
B42: 2241 | C42: 其他应付款 | F42: 6800 | G42: =SUMIFS([1]记账凭证簿!$L$1:$L$65536,[1]记账凭证簿!$J$1:$J$65536,$C42,[1]记账凭证簿!$E$1:$E$65536,LEFTB(G$3,2)) -> #VALUE! | H42: =SUMIFS([1]记账凭证簿!$M$1:$M$65536,[1]记账凭证簿!$J$1:$J$65536,$C42,[1]记账凭证簿!$E$1:$E$65536,LEFTB(H$3,2)) -> #VALUE! | I42: =IF(E42-F42+G42-H42>0,E42-F42+G42-H42,0) -> #VALUE! | J42: =IF(F42-E42+H42-G42>0,F42-E42+H42-G42,0) -> #VALUE! | K42: =SUMIFS([1]记账凭证簿!$L$1:$L$65536,[1]记账凭证簿!$J$1:$J$65536,$C42,[1]记账凭证簿!$E$1:$E$65536,LEFTB(K$3,2)) -> #VALUE! | L42: =SUMIFS([1]记账凭证簿!$M$1:$M$65536,[1]记账凭证簿!$J$1:$J$65536,$C42,[1]记账凭证簿!$E$1:$E$65536,LEFTB(L$3,2)) -> #VALUE! | M42: =IF(I42-J42+K42-L42>0,I42-J42+K42-L42,0) -> #VALUE! | N42: =IF(J42-I42+L42-K42>0,J42-I42+L42-K42,0) -> #VALUE! | O42: =SUMIFS([1]记账凭证簿!$L$1:$L$65536,[1]记账凭证簿!$J$1:$J$65536,$C42,[1]记账凭证簿!$E$1:$E$65536,LEFTB(O$3,2)) -> #VALUE! | P42: =SUMIFS([1]记账凭证簿!$M$1:$M$65536,[1]记账凭证簿!$J$1:$J$65536,$C42,[1]记账凭证簿!$E$1:$E$65536,LEFTB(P$3,2)) -> #VALUE! | Q42: =IF(M42-N42+O42-P42>0,M42-N42+O42-P42,0) -> #VALUE! | R42: =IF(N42-M42+P42-O42>0,N42-M42+P42-O42,0) -> #VALUE! | S42: =SUMIFS([1]记账凭证簿!$L$1:$L$65536,[1]记账凭证簿!$J$1:$J$65536,$C42,[1]记账凭证簿!$E$1:$E$65536,LEFTB(S$3,2)) -> #VALUE! | T42: =SUMIFS([1]记账凭证簿!$M$1:$M$65536,[1]记账凭证簿!$J$1:$J$65536,$C42,[1]记账凭证簿!$E$1:$E$65536,LEFTB(T$3,2)) -> #VALUE! | U42: =IF(Q42-R42+S42-T42>0,Q42-R42+S42-T42,0) -> #VALUE! | V42: =IF(R42-Q42+T42-S42>0,R42-Q42+T42-S42,0) -> #VALUE! | W42: =SUMIFS([1]记账凭证簿!$L$1:$L$65536,[1]记账凭证簿!$J$1:$J$65536,$C42,[1]记账凭证簿!$E$1:$E$65536,LEFTB(W$3,2)) -> #VALUE! | X42: =SUMIFS([1]记账凭证簿!$M$1:$M$65536,[1]记账凭证簿!$J$1:$J$65536,$C42,[1]记账凭证簿!$E$1:$E$65536,LEFTB(X$3,2)) -> #VALUE! | Y42: =IF(U42-V42+W42-X42>0,U42-V42+W42-X42,0) -> #VALUE! | Z42: =IF(V42-U42+X42-W42>0,V42-U42+X42-W42,0) -> #VALUE! | AA42: =SUMIFS([1]记账凭证簿!$L$1:$L$65536,[1]记账凭证簿!$J$1:$J$65536,$C42,[1]记账凭证簿!$E$1:$E$65536,LEFTB(AA$3,2)) -> #VALUE! | AB42: =SUMIFS([1]记账凭证簿!$M$1:$M$65536,[1]记账凭证簿!$J$1:$J$65536,$C42,[1]记账凭证簿!$E$1:$E$65536,LEFTB(AB$3,2)) -> #VALUE! | AC42: =IF(Y42-Z42+AA42-AB42>0,Y42-Z42+AA42-AB42,0) -> #VALUE! | AD42: =IF(Z42-Y42+AB42-AA42>0,Z42-Y42+AB42-AA42,0) -> #VALUE! | AE42: =SUMIFS([1]记账凭证簿!$L$1:$L$65536,[1]记账凭证簿!$J$1:$J$65536,$C42,[1]记账凭证簿!$E$1:$E$65536,LEFTB(AE$3,2)) -> #VALUE! | AF42: =SUMIFS([1]记账凭证簿!$M$1:$M$65536,[1]记账凭证簿!$J$1:$J$65536,$C42,[1]记账凭证簿!$E$1:$E$65536,LEFTB(AF$3,2)) -> #VALUE! | AG42: =IF(AC42-AD42+AE42-AF42>0,AC42-AD42+AE42-AF42,0) -> #VALUE! | AH42: =IF(AD42-AC42+AF42-AE42>0,AD42-AC42+AF42-AE42,0) -> #VALUE! | AI42: =SUMIFS([1]记账凭证簿!$L$1:$L$65536,[1]记账凭证簿!$J$1:$J$65536,$C42,[1]记账凭证簿!$E$1:$E$65536,LEFTB(AI$3,2)) -> #VALUE! | AJ42: =SUMIFS([1]记账凭证簿!$M$1:$M$65536,[1]记账凭证簿!$J$1:$J$65536,$C42,[1]记账凭证簿!$E$1:$E$65536,LEFTB(AJ$3,2)) -> #VALUE! | AK42: =IF(AG42-AH42+AI42-AJ42>0,AG42-AH42+AI42-AJ42,0) -> #VALUE! | AL42: =IF(AH42-AG42+AJ42-AI42>0,AH42-AG42+AJ42-AI42,0) -> #VALUE! | AM42: =SUMIFS([1]记账凭证簿!$L$1:$L$65536,[1]记账凭证簿!$J$1:$J$65536,$C42,[1]记账凭证簿!$E$1:$E$65536,LEFTB(AM$3,2)) -> #VALUE! | AN42: =SUMIFS([1]记账凭证簿!$M$1:$M$65536,[1]记账凭证簿!$J$1:$J$65536,$C42,[1]记账凭证簿!$E$1:$E$65536,LEFTB(AN$3,2)) -> #VALUE! | AO42: =IF(AK42-AL42+AM42-AN42>0,AK42-AL42+AM42-AN42,0) -> #VALUE! | AP42: =IF(AL42-AK42+AN42-AM42>0,AL42-AK42+AN42-AM42,0) -> #VALUE! | AQ42: =SUMIFS([1]记账凭证簿!$L$1:$L$65536,[1]记账凭证簿!$J$1:$J$65536,$C42,[1]记账凭证簿!$E$1:$E$65536,LEFTB(AQ$3,2)) -> #VALUE! | AR42: =SUMIFS([1]记账凭证簿!$M$1:$M$65536,[1]记账凭证簿!$J$1:$J$65536,$C42,[1]记账凭证簿!$E$1:$E$65536,LEFTB(AR$3,2)) -> #VALUE! | AS42: =IF(AO42-AP42+AQ42-AR42>0,AO42-AP42+AQ42-AR42,0) -> #VALUE! | AT42: =IF(AP42-AO42+AR42-AQ42>0,AP42-AO42+AR42-AQ42,0) -> #VALUE! | AU42: =SUMIFS([1]记账凭证簿!$L$1:$L$65536,[1]记账凭证簿!$J$1:$J$65536,$C42,[1]记账凭证簿!$E$1:$E$65536,LEFTB(AU$3,2)) -> #VALUE! | AV42: =SUMIFS([1]记账凭证簿!$M$1:$M$65536,[1]记账凭证簿!$J$1:$J$65536,$C42,[1]记账凭证簿!$E$1:$E$65536,LEFTB(AV$3,2)) -> #VALUE! | AW42: =IF(AS42-AT42+AU42-AV42>0,AS42-AT42+AU42-AV42,0) -> #VALUE! | AX42: =IF(AT42-AS42+AV42-AU42>0,AT42-AS42+AV42-AU42,0) -> #VALUE! | AY42: =SUMIFS([1]记账凭证簿!$L$1:$L$65536,[1]记账凭证簿!$J$1:$J$65536,$C42,[1]记账凭证簿!$E$1:$E$65536,LEFTB(AY$3,2)) -> #VALUE! | AZ42: =SUMIFS([1]记账凭证簿!$M$1:$M$65536,[1]记账凭证簿!$J$1:$J$65536,$C42,[1]记账凭证簿!$E$1:$E$65536,LEFTB(AZ$3,2)) -> #VALUE! | BA42: =IF(AW42-AX42+AY42-AZ42>0,AW42-AX42+AY42-AZ42,0) -> #VALUE! | BB42: =IF(AX42-AW42+AZ42-AY42>0,AX42-AW42+AZ42-AY42,0) -> #VALUE!
B43: 2245 | C43: 持有待售负债 | G43: =SUMIFS([1]记账凭证簿!$L$1:$L$65536,[1]记账凭证簿!$J$1:$J$65536,$C43,[1]记账凭证簿!$E$1:$E$65536,LEFTB(G$3,2)) -> #VALUE! | H43: =SUMIFS([1]记账凭证簿!$M$1:$M$65536,[1]记账凭证簿!$J$1:$J$65536,$C43,[1]记账凭证簿!$E$1:$E$65536,LEFTB(H$3,2)) -> #VALUE! | I43: =IF(E43-F43+G43-H43>0,E43-F43+G43-H43,0) -> #VALUE! | J43: =IF(F43-E43+H43-G43>0,F43-E43+H43-G43,0) -> #VALUE! | K43: =SUMIFS([1]记账凭证簿!$L$1:$L$65536,[1]记账凭证簿!$J$1:$J$65536,$C43,[1]记账凭证簿!$E$1:$E$65536,LEFTB(K$3,2)) -> #VALUE! | L43: =SUMIFS([1]记账凭证簿!$M$1:$M$65536,[1]记账凭证簿!$J$1:$J$65536,$C43,[1]记账凭证簿!$E$1:$E$65536,LEFTB(L$3,2)) -> #VALUE! | M43: =IF(I43-J43+K43-L43>0,I43-J43+K43-L43,0) -> #VALUE! | N43: =IF(J43-I43+L43-K43>0,J43-I43+L43-K43,0) -> #VALUE! | O43: =SUMIFS([1]记账凭证簿!$L$1:$L$65536,[1]记账凭证簿!$J$1:$J$65536,$C43,[1]记账凭证簿!$E$1:$E$65536,LEFTB(O$3,2)) -> #VALUE! | P43: =SUMIFS([1]记账凭证簿!$M$1:$M$65536,[1]记账凭证簿!$J$1:$J$65536,$C43,[1]记账凭证簿!$E$1:$E$65536,LEFTB(P$3,2)) -> #VALUE! | Q43: =IF(M43-N43+O43-P43>0,M43-N43+O43-P43,0) -> #VALUE! | R43: =IF(N43-M43+P43-O43>0,N43-M43+P43-O43,0) -> #VALUE! | S43: =SUMIFS([1]记账凭证簿!$L$1:$L$65536,[1]记账凭证簿!$J$1:$J$65536,$C43,[1]记账凭证簿!$E$1:$E$65536,LEFTB(S$3,2)) -> #VALUE! | T43: =SUMIFS([1]记账凭证簿!$M$1:$M$65536,[1]记账凭证簿!$J$1:$J$65536,$C43,[1]记账凭证簿!$E$1:$E$65536,LEFTB(T$3,2)) -> #VALUE! | U43: =IF(Q43-R43+S43-T43>0,Q43-R43+S43-T43,0) -> #VALUE! | V43: =IF(R43-Q43+T43-S43>0,R43-Q43+T43-S43,0) -> #VALUE! | W43: =SUMIFS([1]记账凭证簿!$L$1:$L$65536,[1]记账凭证簿!$J$1:$J$65536,$C43,[1]记账凭证簿!$E$1:$E$65536,LEFTB(W$3,2)) -> #VALUE! | X43: =SUMIFS([1]记账凭证簿!$M$1:$M$65536,[1]记账凭证簿!$J$1:$J$65536,$C43,[1]记账凭证簿!$E$1:$E$65536,LEFTB(X$3,2)) -> #VALUE! | Y43: =IF(U43-V43+W43-X43>0,U43-V43+W43-X43,0) -> #VALUE! | Z43: =IF(V43-U43+X43-W43>0,V43-U43+X43-W43,0) -> #VALUE! | AA43: =SUMIFS([1]记账凭证簿!$L$1:$L$65536,[1]记账凭证簿!$J$1:$J$65536,$C43,[1]记账凭证簿!$E$1:$E$65536,LEFTB(AA$3,2)) -> #VALUE! | AB43: =SUMIFS([1]记账凭证簿!$M$1:$M$65536,[1]记账凭证簿!$J$1:$J$65536,$C43,[1]记账凭证簿!$E$1:$E$65536,LEFTB(AB$3,2)) -> #VALUE! | AC43: =IF(Y43-Z43+AA43-AB43>0,Y43-Z43+AA43-AB43,0) -> #VALUE! | AD43: =IF(Z43-Y43+AB43-AA43>0,Z43-Y43+AB43-AA43,0) -> #VALUE! | AE43: =SUMIFS([1]记账凭证簿!$L$1:$L$65536,[1]记账凭证簿!$J$1:$J$65536,$C43,[1]记账凭证簿!$E$1:$E$65536,LEFTB(AE$3,2)) -> #VALUE! | AF43: =SUMIFS([1]记账凭证簿!$M$1:$M$65536,[1]记账凭证簿!$J$1:$J$65536,$C43,[1]记账凭证簿!$E$1:$E$65536,LEFTB(AF$3,2)) -> #VALUE! | AG43: =IF(AC43-AD43+AE43-AF43>0,AC43-AD43+AE43-AF43,0) -> #VALUE! | AH43: =IF(AD43-AC43+AF43-AE43>0,AD43-AC43+AF43-AE43,0) -> #VALUE! | AI43: =SUMIFS([1]记账凭证簿!$L$1:$L$65536,[1]记账凭证簿!$J$1:$J$65536,$C43,[1]记账凭证簿!$E$1:$E$65536,LEFTB(AI$3,2)) -> #VALUE! | AJ43: =SUMIFS([1]记账凭证簿!$M$1:$M$65536,[1]记账凭证簿!$J$1:$J$65536,$C43,[1]记账凭证簿!$E$1:$E$65536,LEFTB(AJ$3,2)) -> #VALUE! | AK43: =IF(AG43-AH43+AI43-AJ43>0,AG43-AH43+AI43-AJ43,0) -> #VALUE! | AL43: =IF(AH43-AG43+AJ43-AI43>0,AH43-AG43+AJ43-AI43,0) -> #VALUE! | AM43: =SUMIFS([1]记账凭证簿!$L$1:$L$65536,[1]记账凭证簿!$J$1:$J$65536,$C43,[1]记账凭证簿!$E$1:$E$65536,LEFTB(AM$3,2)) -> #VALUE! | AN43: =SUMIFS([1]记账凭证簿!$M$1:$M$65536,[1]记账凭证簿!$J$1:$J$65536,$C43,[1]记账凭证簿!$E$1:$E$65536,LEFTB(AN$3,2)) -> #VALUE! | AO43: =IF(AK43-AL43+AM43-AN43>0,AK43-AL43+AM43-AN43,0) -> #VALUE! | AP43: =IF(AL43-AK43+AN43-AM43>0,AL43-AK43+AN43-AM43,0) -> #VALUE! | AQ43: =SUMIFS([1]记账凭证簿!$L$1:$L$65536,[1]记账凭证簿!$J$1:$J$65536,$C43,[1]记账凭证簿!$E$1:$E$65536,LEFTB(AQ$3,2)) -> #VALUE! | AR43: =SUMIFS([1]记账凭证簿!$M$1:$M$65536,[1]记账凭证簿!$J$1:$J$65536,$C43,[1]记账凭证簿!$E$1:$E$65536,LEFTB(AR$3,2)) -> #VALUE! | AS43: =IF(AO43-AP43+AQ43-AR43>0,AO43-AP43+AQ43-AR43,0) -> #VALUE! | AT43: =IF(AP43-AO43+AR43-AQ43>0,AP43-AO43+AR43-AQ43,0) -> #VALUE! | AU43: =SUMIFS([1]记账凭证簿!$L$1:$L$65536,[1]记账凭证簿!$J$1:$J$65536,$C43,[1]记账凭证簿!$E$1:$E$65536,LEFTB(AU$3,2)) -> #VALUE! | AV43: =SUMIFS([1]记账凭证簿!$M$1:$M$65536,[1]记账凭证簿!$J$1:$J$65536,$C43,[1]记账凭证簿!$E$1:$E$65536,LEFTB(AV$3,2)) -> #VALUE! | AW43: =IF(AS43-AT43+AU43-AV43>0,AS43-AT43+AU43-AV43,0) -> #VALUE! | AX43: =IF(AT43-AS43+AV43-AU43>0,AT43-AS43+AV43-AU43,0) -> #VALUE! | AY43: =SUMIFS([1]记账凭证簿!$L$1:$L$65536,[1]记账凭证簿!$J$1:$J$65536,$C43,[1]记账凭证簿!$E$1:$E$65536,LEFTB(AY$3,2)) -> #VALUE! | AZ43: =SUMIFS([1]记账凭证簿!$M$1:$M$65536,[1]记账凭证簿!$J$1:$J$65536,$C43,[1]记账凭证簿!$E$1:$E$65536,LEFTB(AZ$3,2)) -> #VALUE! | BA43: =IF(AW43-AX43+AY43-AZ43>0,AW43-AX43+AY43-AZ43,0) -> #VALUE! | BB43: =IF(AX43-AW43+AZ43-AY43>0,AX43-AW43+AZ43-AY43,0) -> #VALUE!
B44: 2601 | C44: 长期借款 | F44: 0 | G44: =SUMIFS([1]记账凭证簿!$L$1:$L$65536,[1]记账凭证簿!$J$1:$J$65536,$C44,[1]记账凭证簿!$E$1:$E$65536,LEFTB(G$3,2)) -> #VALUE! | H44: =SUMIFS([1]记账凭证簿!$M$1:$M$65536,[1]记账凭证簿!$J$1:$J$65536,$C44,[1]记账凭证簿!$E$1:$E$65536,LEFTB(H$3,2)) -> #VALUE! | I44: =IF(E44-F44+G44-H44>0,E44-F44+G44-H44,0) -> #VALUE! | J44: =IF(F44-E44+H44-G44>0,F44-E44+H44-G44,0) -> #VALUE! | K44: =SUMIFS([1]记账凭证簿!$L$1:$L$65536,[1]记账凭证簿!$J$1:$J$65536,$C44,[1]记账凭证簿!$E$1:$E$65536,LEFTB(K$3,2)) -> #VALUE! | L44: =SUMIFS([1]记账凭证簿!$M$1:$M$65536,[1]记账凭证簿!$J$1:$J$65536,$C44,[1]记账凭证簿!$E$1:$E$65536,LEFTB(L$3,2)) -> #VALUE! | M44: =IF(I44-J44+K44-L44>0,I44-J44+K44-L44,0) -> #VALUE! | N44: =IF(J44-I44+L44-K44>0,J44-I44+L44-K44,0) -> #VALUE! | O44: =SUMIFS([1]记账凭证簿!$L$1:$L$65536,[1]记账凭证簿!$J$1:$J$65536,$C44,[1]记账凭证簿!$E$1:$E$65536,LEFTB(O$3,2)) -> #VALUE! | P44: =SUMIFS([1]记账凭证簿!$M$1:$M$65536,[1]记账凭证簿!$J$1:$J$65536,$C44,[1]记账凭证簿!$E$1:$E$65536,LEFTB(P$3,2)) -> #VALUE! | Q44: =IF(M44-N44+O44-P44>0,M44-N44+O44-P44,0) -> #VALUE! | R44: =IF(N44-M44+P44-O44>0,N44-M44+P44-O44,0) -> #VALUE! | S44: =SUMIFS([1]记账凭证簿!$L$1:$L$65536,[1]记账凭证簿!$J$1:$J$65536,$C44,[1]记账凭证簿!$E$1:$E$65536,LEFTB(S$3,2)) -> #VALUE! | T44: =SUMIFS([1]记账凭证簿!$M$1:$M$65536,[1]记账凭证簿!$J$1:$J$65536,$C44,[1]记账凭证簿!$E$1:$E$65536,LEFTB(T$3,2)) -> #VALUE! | U44: =IF(Q44-R44+S44-T44>0,Q44-R44+S44-T44,0) -> #VALUE! | V44: =IF(R44-Q44+T44-S44>0,R44-Q44+T44-S44,0) -> #VALUE! | W44: =SUMIFS([1]记账凭证簿!$L$1:$L$65536,[1]记账凭证簿!$J$1:$J$65536,$C44,[1]记账凭证簿!$E$1:$E$65536,LEFTB(W$3,2)) -> #VALUE! | X44: =SUMIFS([1]记账凭证簿!$M$1:$M$65536,[1]记账凭证簿!$J$1:$J$65536,$C44,[1]记账凭证簿!$E$1:$E$65536,LEFTB(X$3,2)) -> #VALUE! | Y44: =IF(U44-V44+W44-X44>0,U44-V44+W44-X44,0) -> #VALUE! | Z44: =IF(V44-U44+X44-W44>0,V44-U44+X44-W44,0) -> #VALUE! | AA44: =SUMIFS([1]记账凭证簿!$L$1:$L$65536,[1]记账凭证簿!$J$1:$J$65536,$C44,[1]记账凭证簿!$E$1:$E$65536,LEFTB(AA$3,2)) -> #VALUE! | AB44: =SUMIFS([1]记账凭证簿!$M$1:$M$65536,[1]记账凭证簿!$J$1:$J$65536,$C44,[1]记账凭证簿!$E$1:$E$65536,LEFTB(AB$3,2)) -> #VALUE! | AC44: =IF(Y44-Z44+AA44-AB44>0,Y44-Z44+AA44-AB44,0) -> #VALUE! | AD44: =IF(Z44-Y44+AB44-AA44>0,Z44-Y44+AB44-AA44,0) -> #VALUE! | AE44: =SUMIFS([1]记账凭证簿!$L$1:$L$65536,[1]记账凭证簿!$J$1:$J$65536,$C44,[1]记账凭证簿!$E$1:$E$65536,LEFTB(AE$3,2)) -> #VALUE! | AF44: =SUMIFS([1]记账凭证簿!$M$1:$M$65536,[1]记账凭证簿!$J$1:$J$65536,$C44,[1]记账凭证簿!$E$1:$E$65536,LEFTB(AF$3,2)) -> #VALUE! | AG44: =IF(AC44-AD44+AE44-AF44>0,AC44-AD44+AE44-AF44,0) -> #VALUE! | AH44: =IF(AD44-AC44+AF44-AE44>0,AD44-AC44+AF44-AE44,0) -> #VALUE! | AI44: =SUMIFS([1]记账凭证簿!$L$1:$L$65536,[1]记账凭证簿!$J$1:$J$65536,$C44,[1]记账凭证簿!$E$1:$E$65536,LEFTB(AI$3,2)) -> #VALUE! | AJ44: =SUMIFS([1]记账凭证簿!$M$1:$M$65536,[1]记账凭证簿!$J$1:$J$65536,$C44,[1]记账凭证簿!$E$1:$E$65536,LEFTB(AJ$3,2)) -> #VALUE! | AK44: =IF(AG44-AH44+AI44-AJ44>0,AG44-AH44+AI44-AJ44,0) -> #VALUE! | AL44: =IF(AH44-AG44+AJ44-AI44>0,AH44-AG44+AJ44-AI44,0) -> #VALUE! | AM44: =SUMIFS([1]记账凭证簿!$L$1:$L$65536,[1]记账凭证簿!$J$1:$J$65536,$C44,[1]记账凭证簿!$E$1:$E$65536,LEFTB(AM$3,2)) -> #VALUE! | AN44: =SUMIFS([1]记账凭证簿!$M$1:$M$65536,[1]记账凭证簿!$J$1:$J$65536,$C44,[1]记账凭证簿!$E$1:$E$65536,LEFTB(AN$3,2)) -> #VALUE! | AO44: =IF(AK44-AL44+AM44-AN44>0,AK44-AL44+AM44-AN44,0) -> #VALUE! | AP44: =IF(AL44-AK44+AN44-AM44>0,AL44-AK44+AN44-AM44,0) -> #VALUE! | AQ44: =SUMIFS([1]记账凭证簿!$L$1:$L$65536,[1]记账凭证簿!$J$1:$J$65536,$C44,[1]记账凭证簿!$E$1:$E$65536,LEFTB(AQ$3,2)) -> #VALUE! | AR44: =SUMIFS([1]记账凭证簿!$M$1:$M$65536,[1]记账凭证簿!$J$1:$J$65536,$C44,[1]记账凭证簿!$E$1:$E$65536,LEFTB(AR$3,2)) -> #VALUE! | AS44: =IF(AO44-AP44+AQ44-AR44>0,AO44-AP44+AQ44-AR44,0) -> #VALUE! | AT44: =IF(AP44-AO44+AR44-AQ44>0,AP44-AO44+AR44-AQ44,0) -> #VALUE! | AU44: =SUMIFS([1]记账凭证簿!$L$1:$L$65536,[1]记账凭证簿!$J$1:$J$65536,$C44,[1]记账凭证簿!$E$1:$E$65536,LEFTB(AU$3,2)) -> #VALUE! | AV44: =SUMIFS([1]记账凭证簿!$M$1:$M$65536,[1]记账凭证簿!$J$1:$J$65536,$C44,[1]记账凭证簿!$E$1:$E$65536,LEFTB(AV$3,2)) -> #VALUE! | AW44: =IF(AS44-AT44+AU44-AV44>0,AS44-AT44+AU44-AV44,0) -> #VALUE! | AX44: =IF(AT44-AS44+AV44-AU44>0,AT44-AS44+AV44-AU44,0) -> #VALUE! | AY44: =SUMIFS([1]记账凭证簿!$L$1:$L$65536,[1]记账凭证簿!$J$1:$J$65536,$C44,[1]记账凭证簿!$E$1:$E$65536,LEFTB(AY$3,2)) -> #VALUE! | AZ44: =SUMIFS([1]记账凭证簿!$M$1:$M$65536,[1]记账凭证簿!$J$1:$J$65536,$C44,[1]记账凭证簿!$E$1:$E$65536,LEFTB(AZ$3,2)) -> #VALUE! | BA44: =IF(AW44-AX44+AY44-AZ44>0,AW44-AX44+AY44-AZ44,0) -> #VALUE! | BB44: =IF(AX44-AW44+AZ44-AY44>0,AX44-AW44+AZ44-AY44,0) -> #VALUE!
B45: 2602 | C45: 应付债券 | F45: 1200000 | G45: =SUMIFS([1]记账凭证簿!$L$1:$L$65536,[1]记账凭证簿!$J$1:$J$65536,$C45,[1]记账凭证簿!$E$1:$E$65536,LEFTB(G$3,2)) -> #VALUE! | H45: =SUMIFS([1]记账凭证簿!$M$1:$M$65536,[1]记账凭证簿!$J$1:$J$65536,$C45,[1]记账凭证簿!$E$1:$E$65536,LEFTB(H$3,2)) -> #VALUE! | I45: =IF(E45-F45+G45-H45>0,E45-F45+G45-H45,0) -> #VALUE! | J45: =IF(F45-E45+H45-G45>0,F45-E45+H45-G45,0) -> #VALUE! | K45: =SUMIFS([1]记账凭证簿!$L$1:$L$65536,[1]记账凭证簿!$J$1:$J$65536,$C45,[1]记账凭证簿!$E$1:$E$65536,LEFTB(K$3,2)) -> #VALUE! | L45: =SUMIFS([1]记账凭证簿!$M$1:$M$65536,[1]记账凭证簿!$J$1:$J$65536,$C45,[1]记账凭证簿!$E$1:$E$65536,LEFTB(L$3,2)) -> #VALUE! | M45: =IF(I45-J45+K45-L45>0,I45-J45+K45-L45,0) -> #VALUE! | N45: =IF(J45-I45+L45-K45>0,J45-I45+L45-K45,0) -> #VALUE! | O45: =SUMIFS([1]记账凭证簿!$L$1:$L$65536,[1]记账凭证簿!$J$1:$J$65536,$C45,[1]记账凭证簿!$E$1:$E$65536,LEFTB(O$3,2)) -> #VALUE! | P45: =SUMIFS([1]记账凭证簿!$M$1:$M$65536,[1]记账凭证簿!$J$1:$J$65536,$C45,[1]记账凭证簿!$E$1:$E$65536,LEFTB(P$3,2)) -> #VALUE! | Q45: =IF(M45-N45+O45-P45>0,M45-N45+O45-P45,0) -> #VALUE! | R45: =IF(N45-M45+P45-O45>0,N45-M45+P45-O45,0) -> #VALUE! | S45: =SUMIFS([1]记账凭证簿!$L$1:$L$65536,[1]记账凭证簿!$J$1:$J$65536,$C45,[1]记账凭证簿!$E$1:$E$65536,LEFTB(S$3,2)) -> #VALUE! | T45: =SUMIFS([1]记账凭证簿!$M$1:$M$65536,[1]记账凭证簿!$J$1:$J$65536,$C45,[1]记账凭证簿!$E$1:$E$65536,LEFTB(T$3,2)) -> #VALUE! | U45: =IF(Q45-R45+S45-T45>0,Q45-R45+S45-T45,0) -> #VALUE! | V45: =IF(R45-Q45+T45-S45>0,R45-Q45+T45-S45,0) -> #VALUE! | W45: =SUMIFS([1]记账凭证簿!$L$1:$L$65536,[1]记账凭证簿!$J$1:$J$65536,$C45,[1]记账凭证簿!$E$1:$E$65536,LEFTB(W$3,2)) -> #VALUE! | X45: =SUMIFS([1]记账凭证簿!$M$1:$M$65536,[1]记账凭证簿!$J$1:$J$65536,$C45,[1]记账凭证簿!$E$1:$E$65536,LEFTB(X$3,2)) -> #VALUE! | Y45: =IF(U45-V45+W45-X45>0,U45-V45+W45-X45,0) -> #VALUE! | Z45: =IF(V45-U45+X45-W45>0,V45-U45+X45-W45,0) -> #VALUE! | AA45: =SUMIFS([1]记账凭证簿!$L$1:$L$65536,[1]记账凭证簿!$J$1:$J$65536,$C45,[1]记账凭证簿!$E$1:$E$65536,LEFTB(AA$3,2)) -> #VALUE! | AB45: =SUMIFS([1]记账凭证簿!$M$1:$M$65536,[1]记账凭证簿!$J$1:$J$65536,$C45,[1]记账凭证簿!$E$1:$E$65536,LEFTB(AB$3,2)) -> #VALUE! | AC45: =IF(Y45-Z45+AA45-AB45>0,Y45-Z45+AA45-AB45,0) -> #VALUE! | AD45: =IF(Z45-Y45+AB45-AA45>0,Z45-Y45+AB45-AA45,0) -> #VALUE! | AE45: =SUMIFS([1]记账凭证簿!$L$1:$L$65536,[1]记账凭证簿!$J$1:$J$65536,$C45,[1]记账凭证簿!$E$1:$E$65536,LEFTB(AE$3,2)) -> #VALUE! | AF45: =SUMIFS([1]记账凭证簿!$M$1:$M$65536,[1]记账凭证簿!$J$1:$J$65536,$C45,[1]记账凭证簿!$E$1:$E$65536,LEFTB(AF$3,2)) -> #VALUE! | AG45: =IF(AC45-AD45+AE45-AF45>0,AC45-AD45+AE45-AF45,0) -> #VALUE! | AH45: =IF(AD45-AC45+AF45-AE45>0,AD45-AC45+AF45-AE45,0) -> #VALUE! | AI45: =SUMIFS([1]记账凭证簿!$L$1:$L$65536,[1]记账凭证簿!$J$1:$J$65536,$C45,[1]记账凭证簿!$E$1:$E$65536,LEFTB(AI$3,2)) -> #VALUE! | AJ45: =SUMIFS([1]记账凭证簿!$M$1:$M$65536,[1]记账凭证簿!$J$1:$J$65536,$C45,[1]记账凭证簿!$E$1:$E$65536,LEFTB(AJ$3,2)) -> #VALUE! | AK45: =IF(AG45-AH45+AI45-AJ45>0,AG45-AH45+AI45-AJ45,0) -> #VALUE! | AL45: =IF(AH45-AG45+AJ45-AI45>0,AH45-AG45+AJ45-AI45,0) -> #VALUE! | AM45: =SUMIFS([1]记账凭证簿!$L$1:$L$65536,[1]记账凭证簿!$J$1:$J$65536,$C45,[1]记账凭证簿!$E$1:$E$65536,LEFTB(AM$3,2)) -> #VALUE! | AN45: =SUMIFS([1]记账凭证簿!$M$1:$M$65536,[1]记账凭证簿!$J$1:$J$65536,$C45,[1]记账凭证簿!$E$1:$E$65536,LEFTB(AN$3,2)) -> #VALUE! | AO45: =IF(AK45-AL45+AM45-AN45>0,AK45-AL45+AM45-AN45,0) -> #VALUE! | AP45: =IF(AL45-AK45+AN45-AM45>0,AL45-AK45+AN45-AM45,0) -> #VALUE! | AQ45: =SUMIFS([1]记账凭证簿!$L$1:$L$65536,[1]记账凭证簿!$J$1:$J$65536,$C45,[1]记账凭证簿!$E$1:$E$65536,LEFTB(AQ$3,2)) -> #VALUE! | AR45: =SUMIFS([1]记账凭证簿!$M$1:$M$65536,[1]记账凭证簿!$J$1:$J$65536,$C45,[1]记账凭证簿!$E$1:$E$65536,LEFTB(AR$3,2)) -> #VALUE! | AS45: =IF(AO45-AP45+AQ45-AR45>0,AO45-AP45+AQ45-AR45,0) -> #VALUE! | AT45: =IF(AP45-AO45+AR45-AQ45>0,AP45-AO45+AR45-AQ45,0) -> #VALUE! | AU45: =SUMIFS([1]记账凭证簿!$L$1:$L$65536,[1]记账凭证簿!$J$1:$J$65536,$C45,[1]记账凭证簿!$E$1:$E$65536,LEFTB(AU$3,2)) -> #VALUE! | AV45: =SUMIFS([1]记账凭证簿!$M$1:$M$65536,[1]记账凭证簿!$J$1:$J$65536,$C45,[1]记账凭证簿!$E$1:$E$65536,LEFTB(AV$3,2)) -> #VALUE! | AW45: =IF(AS45-AT45+AU45-AV45>0,AS45-AT45+AU45-AV45,0) -> #VALUE! | AX45: =IF(AT45-AS45+AV45-AU45>0,AT45-AS45+AV45-AU45,0) -> #VALUE! | AY45: =SUMIFS([1]记账凭证簿!$L$1:$L$65536,[1]记账凭证簿!$J$1:$J$65536,$C45,[1]记账凭证簿!$E$1:$E$65536,LEFTB(AY$3,2)) -> #VALUE! | AZ45: =SUMIFS([1]记账凭证簿!$M$1:$M$65536,[1]记账凭证簿!$J$1:$J$65536,$C45,[1]记账凭证簿!$E$1:$E$65536,LEFTB(AZ$3,2)) -> #VALUE! | BA45: =IF(AW45-AX45+AY45-AZ45>0,AW45-AX45+AY45-AZ45,0) -> #VALUE! | BB45: =IF(AX45-AW45+AZ45-AY45>0,AX45-AW45+AZ45-AY45,0) -> #VALUE!
B46: 2901 | C46: 递延所得税负债 | E46: 0 | F46: 0 | G46: =SUMIFS([1]记账凭证簿!$L$1:$L$65536,[1]记账凭证簿!$J$1:$J$65536,$C46,[1]记账凭证簿!$E$1:$E$65536,LEFTB(G$3,2)) -> #VALUE! | H46: =SUMIFS([1]记账凭证簿!$M$1:$M$65536,[1]记账凭证簿!$J$1:$J$65536,$C46,[1]记账凭证簿!$E$1:$E$65536,LEFTB(H$3,2)) -> #VALUE! | I46: 0 | J46: 0 | K46: 0 | L46: 0 | M46: 0 | N46: 0 | O46: 0 | P46: 0 | Q46: 0 | R46: 0 | S46: 0 | T46: 0 | U46: 0 | V46: 0 | W46: 0 | X46: 0 | Y46: 0 | Z46: 0 | AA46: 0 | AB46: 0 | AC46: 0 | AD46: 0 | AE46: 0 | AF46: 0 | AG46: 0 | AH46: 0 | AI46: 0 | AJ46: 0 | AK46: 0 | AL46: 0 | AM46: 0 | AN46: 0 | AO46: 0 | AP46: 0 | AQ46: 0 | AR46: 0 | AS46: 0 | AT46: 0 | AU46: 0 | AV46: 0 | AW46: 0 | AX46: 0 | AY46: 0 | AZ46: 0 | BA46: 0 | BB46: 0
